Workbook
Name Constr: '24657'!$A$7
Name Constr: '24668'!$A$7
Name Constr: '24690'!#REF!
Name Constr: '24692'!#REF!
Name Constr: '24709'!#REF!
Name Constr: '24710'!$A$7
Name Constr: '24711'!$A$7
Name Constr: '24727'!$A$7
Name Constr: '24729'!$A$7
Name Constr: '24730'!$A$7
Name Constr: '24732'!$A$7
Name Constr: '24733'!$A$7
Name Constr: '24734'!$A$7
Name Constr: '24736'!$A$1
Name Constr: '24738'!$A$1
Name FOT: '24657'!$D$14
Name FOT: '24668'!$D$14
Name FOT: '24690'!$D$12
Name FOT: '24692'!$D$12
Name FOT: '24709'!$D$13
Name FOT: '24710'!$D$17
Name FOT: '24711'!$D$15
Name FOT: '24727'!$D$15
Name FOT: '24729'!$D$15
Name FOT: '24730'!$D$15
Name FOT: '24732'!$D$14
Name FOT: '24733'!$D$17
Name FOT: '24734'!$D$15
Name FOT: '24736'!$D$18
Name FOT: '24738'!$D$18
Name Ind: '24657'!$H$9
Name Ind: '24668'!$H$9
Name Ind: '24690'!#REF!
Name Ind: '24692'!#REF!
Name Ind: '24709'!#REF!
Name Ind: '24710'!#REF!
Name Ind: '24711'!$H$9
Name Ind: '24727'!$H$9
Name Ind: '24729'!$H$9
Name Ind: '24730'!$H$9
Name Ind: '24732'!$H$9
Name Ind: '24733'!$H$9
Name Ind: '24734'!$H$9
Name Ind: '24736'!$G$9
Name Ind: '24738'!$G$9
Name Obj: '24657'!#REF!
Name Obj: '24668'!#REF!
Name Obj: '24690'!$E$7
Name Obj: '24692'!$E$7
Name Obj: '24709'!$E$7
Name Obj: '24710'!$E$9
Name Obj: '24711'!#REF!
Name Obj: '24727'!#REF!
Name Obj: '24729'!#REF!
Name Obj: '24730'!#REF!
Name Obj: '24732'!#REF!
Name Obj: '24733'!#REF!
Name Obj: '24734'!#REF!
Name Obj: '24736'!#REF!
Name Obj: '24738'!#REF!

Sheet 24657
A1: СОГЛАСОВАНО: | E1: ФГУП "Комбинат "Электрохимприбор" | M1: УТВЕРЖДАЮ:
G2: (наименование стройки) | M2: Зам.генерального директора
A3: _________________ | N3: Е.В. Гордеев
A4: " _____ " ________________ 201_ г. | M4: __________________
G5: ЛОКАЛЬНЫЙ СМЕТНЫЙ РАСЧЕТ № 24657 | M5: "______ " __________201_ г.
G6: (локальная смета)
C8: на | D8: реконструкцию. Архитектурно-строительные решения. г. Лесной, ул.Кирова, 1а
E9: Гостиница "Лесная". Бильярдная (инв. № 8712564)
D12: Основание: проект № 24452-12-АС
D13: Сметная стоимость строительных работ _______________________________________________________________________________________________ | J13: ___________________________54,067 | L13: тыс. руб.
D14: Средства на оплату труда _______________________________________________________________________________________________ | J14: ___________________________4,875 | L14: тыс. руб.
D15: Сметная трудоемкость _______________________________________________________________________________________________ | J15: _______________________________________________________________________________________________351,92 | L15: чел.час
D16: Материалы ____________________________________________________________ | K16: 40,449 тыс.руб.
D17: Составлен(а) в базовых ценах 2001г. в редакции 2009г.
A19: № пп | B19: Обоснование | C19: Наименование | D19: Ед. изм. | E19: Кол. | F19: Стоимость единицы, руб. | J19: Общая стоимость, руб. | N19: Т/з осн. раб.на ед. | O19: Т/з осн. раб. Всего | P19: Т/з мех. на ед. | Q19: Т/з мех. Всего
F20: Всего | G20: В том числе | J20: Всего | K20: В том числе
G21: Осн.З/п | H21: Эк.Маш | I21: З/пМех | K21: Осн.З/п | L21: Эк.Маш | M21: З/пМех
A22: 1 | B22: 2 | C22: 3 | D22: 4 | E22: 5 | F22: 6 | G22: 7 | H22: 8 | I22: 9 | J22: 10 | K22: 11 | L22: 12 | M22: 13 | N22: 14 | O22: 15 | P22: 16 | Q22: 17
A23: Раздел 1. Разборка конструкций
A24: 1 | B24: ТЕР09-04-009-04 | C24: Разборка оконных блоков из алюминиевых многокамерных профилей с герметичными стеклопакетами КОЭФ. К ПОЗИЦИИ: Разборка конструкций ОЗП=0,7; ЭМ=0,7 к расх.; ЗПМ=0,7; МАТ=0 к расх.; ТЗ=0,7; ТЗМ=0,7 | D24: 100 м2 | E24: 0.126 | F24: 6489.06 | G24: 4282.42 | H24: 2206.64 | I24: 258.48 | J24: 818 | K24: 540 | L24: 278 | M24: 33 | N24: 306.54 | O24: 38.62 | P24: 12.94 | Q24: 1.63
A25: 2 | B25: ТЕРр57-2-1 | C25: Разборка покрытий полов из линолеума | D25: 100 м2 | E25: 0.375 | F25: 130.42 | G25: 125.18 | H25: 5.24 | I25: 2.03 | J25: 49 | K25: 47 | L25: 2 | M25: 1 | N25: 11.39 | O25: 4.27 | P25: 0.13 | Q25: 0.05
A26: 3 | B26: ТЕРр57-3-1 | C26: Разборка плинтусов деревянных и из пластмассовых материалов | D26: 100 м плинтуса | E26: 0.184 | F26: 41.43 | G26: 41.43 | J26: 8 | K26: 8 | N26: 3.77 | O26: 0.69
A27: 4 | B27: СЦП1-1-27-А | C27: Погрузочные работы при автомобильных перевозках: мусор строительный КОЭФ. К ПОЗИЦИИ: Коэффициент техн.часть п.3 ПЗ=1,025 (ОЗП=1,025; ЭМ=1,025 к расх.; ЗПМ=1,025; МАТ=1,025 к расх.; ТЗ=1,025; ТЗМ=1,025) | D27: т | E27: 1.48 | F27: 2.77 | G27: 2.77 | J27: 4 | K27: 4
A28: 5 | B28: СЦП3-3-40-1 | C28: Перевозка грузов (мусора) автомобилями-самосвалами (работающими вне карьеров): расстояние 40 км, класс груза I КОЭФ. К ПОЗИЦИИ: 17 При перевозке грузов к провозной плате (тарифам) применять поправочный коэффициент ПЗ=1,37 (ОЗП=1,37; ЭМ=1,37 к расх.; ЗПМ=1,37; МАТ=1,37 к расх.; ТЗ=1,37; ТЗМ=1,37) | D28: т | E28: 1.48 | F28: 52.85 | H28: 52.85 | J28: 78 | L28: 78
A29: Раздел 2. Общестроительные работы
A30: Потолок ГП-1
A31: 6 | B31: ТЕР10-05-011-01 | C31: Устройство подвесных потолков из гипсокартонных листов (ГКЛ) по системе «КНАУФ» двухуровневых (П 112) | D31: 100 м2 потолка | E31: 0.371 | F31: 7546.21 | G31: 1175.76 | H31: 18.95 | J31: 2800 | K31: 436 | L31: 7 | N31: 92 | O31: 34.13
A32: 7 | B32: ТСЦ-101-2508 | C32: Листы гипсокартонные ГКЛ 10 мм | D32: м2 | E32: 41.55 | F32: 31.58 | J32: 1312
A33: 8 | B33: ТСЦ-101-2589 | C33: Дюбель-гвоздь 6/39 мм | D33: шт. | E33: 82 | F33: 0.7 | J33: 57
A34: 9 | B34: ТСЦ-201-0797 | C34: Профиль направляющий ПН 28/27/0,6 | D34: м | E34: 42 | F34: 5 | J34: 210
A35: Перегородка П 1, облицовка Об-1
A36: 10 | B36: ТЕР10-05-001-02 | C36: Устройство перегородок из гипсокартонных листов (ГКЛ) по системе «КНАУФ» с одинарным металлическим каркасом и однослойной обшивкой с обеих сторон (С 111) с одним дверным проемом | D36: 100 м2 перегородок (за вычетом проемов) | E36: 0.052 | F36: 11854.4 | G36: 1316.34 | H36: 70.59 | J36: 616 | K36: 68 | L36: 4 | N36: 103 | O36: 5.36
A37: 11 | B37: ТСЦ-201-0808 | C37: Профиль стоечный ПС-6 100/50/0,6 | D37: м | E37: 27.9 | F37: 15.85 | J37: 442
A38: 12 | B38: ТСЦ-201-0796 | C38: Профиль направляющий ПН-6 100/40/0,6 | D38: м | E38: 16.5 | F38: 13.78 | J38: 227
A39: 13 | B39: ТСЦ-101-2582 | C39: Шуруп самонарезающий (LN) 3,5/9,5 мм | D39: шт. | E39: 20 | F39: 0.04 | J39: 1
A40: 14 | B40: ТСЦ-101-2583 | C40: Шуруп самонарезающий (TN) 3,5/25 мм | D40: шт. | E40: 130 | F40: 0.08 | J40: 10
A41: 15 | B41: Цена поставщика | C41: ДСП ламинированная, с распилом (цена: 350руб:1,18:5,56х1,02=54,41) | D41: м2 | E41: 1 | F41: 54.41 | J41: 54
A42: 16 | B42: ТЕР10-01-059-01 прим. | C42: Установка металлических стоек мебельных в перегородке | D42: 100 шт. изделий | E42: 0.02 | F42: 3440.78 | G42: 848.44 | H42: 339.37 | I42: 27.02 | J42: 69 | K42: 17 | L42: 7 | M42: 1 | N42: 75.15 | O42: 1.5 | P42: 1.73 | Q42: 0.03
A43: 17 | B43: Цена поставщика | C43: Труба мебельная d25 (цена: 100руб:1,18:5,56х1,02=15,55) | D43: м | E43: 4.5 | F43: 15.55 | J43: 70
A44: 18 | B44: ТЕР15-05-020-01 прим. | C44: Остекление перегородок триплексом | D44: м2 | E44: 6.7 | F44: 67.39 | G44: 9.98 | H44: 4.74 | I44: 0.18 | J44: 452 | K44: 67 | L44: 32 | M44: 1 | N44: 0.81 | O44: 5.43 | P44: 0.01 | Q44: 0.07
A45: 19 | B45: "СТРОЙТЕХСТЕКЛО" | C45: Триплекс (цена: 1751,40руб:1,18:5,56х1,02=272,29) | D45: м2 | E45: 6.7 | F45: 272.29 | J45: 1824
A46: 20 | B46: ТЕР15-07-016-01 | C46: Облицовка стен гипсокартонными листами на клее | D46: 100 м2 | E46: 0.425 | F46: 2947.13 | G46: 874.72 | H46: 12.49 | I46: 4.84 | J46: 1253 | K46: 372 | L46: 5 | M46: 2 | N46: 71 | O46: 30.18 | P46: 0.31 | Q46: 0.13
A47: 21 | B47: ТСЦ-101-2508 | C47: Листы гипсокартонные ГКЛ 9,5 мм | D47: м2 | E47: 9.2 | F47: 31.58 | J47: 291
A48: 22 | B48: ТСЦ-101-2509 | C48: Листы гипсокартонные ГКЛ 12,5 мм | D48: м2 | E48: 44.63 | F48: 35.15 | J48: 1569
A49: Проемы
A50: 23 | B50: ТЕР10-01-034-04 | C50: Установка в зданиях оконных блоков из ПВХ профилей поворотных (откидных, поворотно-откидных) с площадью проема более 2 м2 одностворчатых | D50: 100 м2 проемов | E50: 0.084 | F50: 13025.26 | G50: 1987.59 | H50: 552.31 | I50: 10.31 | J50: 1094 | K50: 167 | L50: 46 | M50: 1 | N50: 161.33 | O50: 13.55 | P50: 0.66 | Q50: 0.06
A51: 24 | B51: Цена поставщика | C51: Оконный блок из ПВХ, стеклопакет 32 мм двухкамерный (цена: 6741,1:5,56:1,18х1,02=1048,03) | D51: шт. | E51: 2 | F51: 1048.03 | J51: 2096
A52: 25 | B52: Цена поставщика | C52: Оконный блок из ПВХ, стеклопакет 32 мм двухкамерный (цена: 6770,43:5,56:1,18х1,02=1052,59) | D52: шт. | E52: 2 | F52: 1052.59 | J52: 2105
A53: 26 | B53: ТЕР10-01-034-06 | C53: Установка в зданиях оконных блоков из ПВХ профилей поворотных (откидных, поворотно-откидных) с площадью проема более 2 м2 с фрамугой | D53: 100 м2 проемов | E53: 0.042 | F53: 11246.07 | G53: 1795.27 | H53: 527.48 | I53: 10.31 | J53: 472 | K53: 75 | L53: 22 | N53: 145.72 | O53: 6.12 | P53: 0.66 | Q53: 0.03
A54: 27 | B54: Цена поставщика | C54: Оконный блок из ПВХ, стеклопакет 32 мм двухкамерный (цена: 6928,67:5,56:1,18х1,02=1077,19) | D54: шт. | E54: 1 | F54: 1077.19 | J54: 1077
A55: 28 | B55: Цена поставщика | C55: Оконный блок из ПВХ, стеклопакет 32 мм двухкамерный (цена: 6958:5,56:1,18х1,02=1081,75) | D55: шт. | E55: 1 | F55: 1081.75 | J55: 1082
A56: 29 | B56: ТЕР10-01-035-01 | C56: Установка подоконных досок из ПВХ в каменных стенах толщиной до 0,51 м | D56: 100 п. м | E56: 0.072 | F56: 4353.28 | G56: 254.49 | H56: 17.99 | I56: 0.62 | J56: 313 | K56: 18 | L56: 1 | N56: 21.19 | O56: 1.53 | P56: 0.04
A57: 30 | B57: Цена поставщика | C57: Подоконник из ПВХ, 300 мм (цена: 1326,12:5,56:1,18х1,02=206,17) | D57: шт. | E57: 2 | F57: 206.17 | J57: 412
A58: 31 | B58: ТЕР12-01-010-01 | C58: Устройство мелких покрытий (оконные отливы) из листовой оцинкованной стали с полимерным покрытием | D58: 100 м2 покрытия | E58: 0.03 | F58: 1546.39 | G58: 1354.13 | H58: 58.83 | I58: 3.64 | J58: 46 | K58: 41 | L58: 2 | N58: 112.75 | O58: 3.38 | P58: 0.2 | Q58: 0.01
A59: 32 | B59: ТСЦ-101-3190 | C59: Сталь оцинкованная в рулонах толщиной 0,5 мм, с полимерным покрытием | D59: т | E59: 0.017 | F59: 13072.65 | J59: 222
A60: 33 | B60: ТЕР10-01-039-03 | C60: Установка блоков в наружных и внутренних дверных проемах в перегородках, площадь проема до 3 м2 | D60: 100 м2 проемов | E60: 0.027 | F60: 3036.71 | G60: 1452.45 | H60: 425.76 | J60: 82 | K60: 39 | L60: 11 | N60: 115 | O60: 3.11
A61: 34 | B61: Цена поставщика | C61: Дверь "Софья" (полотно 600х2000) (цена: 11951:5,56:1,18*1,02=1858,01 ) | D61: шт. | E61: 2 | F61: 1858.01 | J61: 3716
A62: 35 | B62: Цена поставщика | C62: Коробка дверная (цена: 3573:5,56:1,18*1,02=555,49) | D62: шт. | E62: 1 | F62: 555.49 | J62: 555
A63: 36 | B63: Цена поставщика | C63: Петли для дверей (цена: 747:5,56:1,18*1,02=116,14) | D63: шт. | E63: 4 | F63: 116.14 | J63: 465
A64: 37 | B64: ТСЦ-101-0950 | C64: Замок врезной оцинкованный | D64: компл. | E64: 1 | F64: 81.32 | J64: 81
A65: 38 | B65: Цена поставщика | C65: Ручка на планке (цена: 450:5,56:1,18*1,02=69,96) | D65: шт. | E65: 2 | F65: 69.96 | J65: 140
A66: 39 | B66: Цена поставщика | C66: Засов врезной (цена: 82:5,56:1,18*1,02=12,75) | D66: шт. | E66: 2 | F66: 12.75 | J66: 26
A67: 40 | B67: ТЕР10-01-060-01 | C67: Установка и крепление наличников | D67: 100 м коробок блоков | E67: 0.11 | F67: 1111.95 | G67: 90.01 | H67: 4.37 | J67: 122 | K67: 10 | N67: 7.82 | O67: 0.86
A68: 41 | B68: Цена поставщика | C68: Наличник (цена: 685:5,56:1,18*1,02=106,50) | D68: шт. | E68: 6 | F68: 106.5 | J68: 639
A69: Отделочные работы
A70: 42 | B70: ТЕР15-04-027-06 | C70: Шпатлевка при высококачественной окраске по сборным конструкциям потолков, подготовленных под окраску | D70: 100 м2 | E70: 0.375 | F70: 566.5 | G70: 221.1 | H70: 4.77 | I70: 0.16 | J70: 212 | K70: 83 | L70: 2 | N70: 16.5 | O70: 6.19 | P70: 0.01
A71: 43 | B71: ТЕР15-04-027-05 | C71: Шпатлевка при высококачественной окраске по штукатурке и сборным конструкциям стен, подготовленных под окраску | D71: 100 м2 | E71: 0.467 | F71: 504.98 | G71: 160.67 | H71: 3.68 | I71: 0.16 | J71: 236 | K71: 75 | L71: 2 | N71: 11.99 | O71: 5.6 | P71: 0.01
A72: 44 | B72: ТСЦ-101-2438 | C72: Шпаклевка «Фугенфюллер», КНАУФ (из расчета 0,3 кг на 1 м2) | D72: кг | E72: 25.26 | F72: 4.6 | J72: 116
A73: 45 | B73: ТЕР15-04-005-10 | C73: Окраска поливинилацетатными водоэмульсионными составами высококачественная по сборным конструкциям потолков | D73: 100 м2 окрашиваемой поверхности | E73: 0.375 | F73: 1625.3 | G73: 757.17 | H73: 16.09 | I73: 0.31 | J73: 609 | K73: 284 | L73: 6 | N73: 55.88 | O73: 20.96 | P73: 0.02 | Q73: 0.01
A74: 46 | B74: ТСЦ-101-0335 | C74: Краски водно-дисперсионные акрилатные ВД-АК-111 | D74: т | E74: 0.026 | F74: 33000 | J74: 858
A75: 47 | B75: ТЕР15-04-048-08 прим. | C75: Отделка стен внутри помещений мелкозернистыми декоративными покрытиями из минеральных или полимерминеральных пастовых составов на латексной основе по подготовленной поверхности, состав с наполнителем из крупнозернистого минерала (размер зерна до 5 мм) | D75: 100 м2 | E75: 0.467 | F75: 12364.11 | G75: 932.36 | H75: 58.91 | I75: 1.09 | J75: 5774 | K75: 435 | L75: 28 | M75: 1 | N75: 63.04 | O75: 29.44 | P75: 0.07 | Q75: 0.03
A76: 48 | B76: ТЕР15-01-020-13 прим. | C76: Облицовка стен на клее из сухих смесей искусственным камнем | D76: 100 м2 | E76: 0.039 | F76: 4208.68 | G76: 2035.72 | H76: 42.41 | I76: 23.08 | J76: 164 | K76: 79 | L76: 2 | M76: 1 | N76: 157.32 | O76: 6.14 | P76: 1.65 | Q76: 0.06
A77: 49 | B77: Цена поставщика | C77: Искусственный камень "Хаос" (цена: 1493,33:5,56:1,18*1,02=232,17) | D77: м2 | E77: 3.9 | F77: 232.17 | J77: 905
A78: 50 | B78: ТЕРр61-7-1 | C78: Ремонт штукатурки откосов внутри здания по камню и бетону цементно-известковым раствором прямолинейных | D78: 100 м2 | E78: 0.1 | F78: 7777.57 | G78: 4838.05 | H78: 46.75 | I78: 18.12 | J78: 778 | K78: 484 | L78: 5 | M78: 2 | N78: 383.06 | O78: 38.31 | P78: 1.16 | Q78: 0.12
A79: 51 | B79: ТЕР15-04-027-05 | C79: Шпатлевка откосов при высококачественной окраске | D79: 100 м2 | E79: 0.1 | F79: 606.48 | G79: 160.67 | H79: 3.68 | I79: 0.16 | J79: 61 | K79: 16 | N79: 11.99 | O79: 1.2 | P79: 0.01
A80: 52 | B80: ТЕР15-04-005-07 | C80: Окраска поливинилацетатными водоэмульсионными составами высококачественная по штукатурке откосов | D80: 100 м2 | E80: 0.1 | F80: 2000.37 | G80: 931.56 | H80: 23.04 | I80: 0.47 | J80: 200 | K80: 93 | L80: 2 | N80: 68.75 | O80: 6.88 | P80: 0.03
A81: 53 | B81: ТСЦ-101-0335 | C81: Краски водно-дисперсионные акрилатные ВД-АК-111 | D81: т | E81: 0.0063 | F81: 33000 | J81: 208
A82: 54 | B82: ТСЦ-101-2167 прим. | C82: Подложка под ковровое покрытие из экструдированного пенополистирола, толщина 3 мм | D82: м3 | E82: 0.113 | F82: 1046.1 | J82: 118
A83: 55 | B83: ТЕР11-01-037-05 | C83: Устройство покрытий из готовых ковров насухо на комнату | D83: 100 м2 | E83: 0.375 | F83: 280.59 | G83: 211.9 | H83: 68.69 | I83: 5.47 | J83: 105 | K83: 79 | L83: 26 | M83: 2 | N83: 17.2 | O83: 6.45 | P83: 0.35 | Q83: 0.13
A84: 56 | B84: Цена поставщика | C84: Ковролин (цена: 1200:1,18:5,56х1,02=186,56) | D84: м2 | E84: 38.25 | F84: 186.56 | J84: 7136
A85: 57 | B85: ТЕР11-01-040-01 | C85: Устройство плинтусов поливинилхлоридных | D85: 100 м плинтуса | E85: 0.23 | F85: 626.51 | G85: 123.7 | H85: 3.28 | J85: 144 | K85: 28 | L85: 1 | N85: 8.99 | O85: 2.07
A86: Итого прямые затраты по смете в ценах 2001г. | J86: 44583 | K86: 3565 | L86: 569 | M86: 45 | O86: 271.97 | Q86: 2.36
A87: Итого прямые затраты по смете с учетом коэффициентов к итогам | J87: 45997 | K87: 4816 | L87: 732 | M87: 59 | O87: 351.92 | Q87: 2.97
A88: В том числе, справочно:
A89: Районный к-т 4,3% (Поз. 1-3, 6-14, 16, 23-30, 33, 35-41, 15, 17-22, 42-49, 51-53, 31-32, 34, 54-57, 50) | J89: 155 | K89: 153 | L89: 2 | M89: 2
A90: При ремонте и реконструкции зданий работы, аналогичные технологическим процессам в новом строительстве ОЗП=1,15; ЭМ=1,25; ЗПМ=1,25; ТЗ=1,15; ТЗМ=1,25 (Поз. 6-14, 16, 23-30, 33, 35-41, 15, 17-22, 42-49, 51-53, 31-32, 34, 54-57) | J90: 441 | K90: 388 | L90: 52 | M90: 2 | O90: 28.512 | Q90: 0.14
A91: Условия производства работ ОЗП=1,2; ЭМ=1,2; ЗПМ=1,2; ТЗ=1,2; ТЗМ=1,2 (Поз. 1, 6-14, 16, 23-30, 33, 35-41, 15, 17-22, 42-49, 51-53, 31-32, 34, 54-57) | J91: 818 | K91: 708 | L91: 108 | M91: 9 | O91: 51.442 | Q91: 0.466
A92: Накладные расходы | J92: 5059
A93: В том числе, справочно:
A94: 79% ФОТ (от 507) (Поз. 50) | J94: 401
A95: 80% ФОТ (от 58) (Поз. 2-3) | J95: 46
A96: 90% ФОТ (от 717) (Поз. 1) | J96: 645
A97: 100% ФОТ (от 4) (Поз. 4) | J97: 4
A98: 105% ФОТ (от 2172) (Поз. 15, 17-22, 42-49, 51-53) | J98: 2281
A99: 118% ФОТ (от 1199) (Поз. 6-14, 16, 23-30, 33, 35-41) | J99: 1415
A100: 120% ФОТ (от 59) (Поз. 31-32) | J100: 71
A101: 123% ФОТ (от 159) (Поз. 34, 54-57) | J101: 196
A102: Сметная прибыль | J102: 3011
A103: В том числе, справочно:
A104: 50% ФОТ (от 507) (Поз. 50) | J104: 254
...

Sheet 24690
A1: СОГЛАСОВАНО: | E1: ФГУП "Комбинат "Электрохимприбор" | M1: УТВЕРЖДАЮ:
G2: (наименование стройки) | M2: Зам. генерального директора
A3: _____________________________ | M3: Е.В.Гордеев
A4: " _____ " ________________ 201_г. | G4: ЛОКАЛЬНЫЙ СМЕТНЫЙ РАСЧЕТ № 24690
G5: (локальная смета) | M5: "______ " __________2012 г.
C7: на | D7: Реконструкция отопления. г.Лесной, ул.Кирова 1а, Гостиница "Лесная" Бильярдная (инв.№ 8712564)
H8: (наименование работ и затрат, наименование объекта)
D10: Основание: проект № 24463-12-ОВ
D11: Сметная стоимость строительных работ _______________________________________________________________________________________________ | J11: ___________________________3,272 | L11: тыс. руб.
D12: Средства на оплату труда _______________________________________________________________________________________________ | J12: ___________________________0,329 | L12: тыс. руб.
D13: Сметная трудоемкость _______________________________________________________________________________________________ | J13: _______________________________________________________________________________________________24,05 | L13: чел.час
D14: Материалы ___________________________________________________________ | J14: =J48/1000 -> 2.25 | L14: тыс.руб.
D15: Составлен(а) в базовых ценах 2001г. в редакции 2009г.
A17: № пп | B17: Обоснование | C17: Наименование | D17: Ед. изм. | E17: Кол. | F17: Стоимость единицы, руб. | J17: Общая стоимость, руб. | N17: Т/з осн. раб.на ед. | O17: Т/з осн. раб. Всего | P17: Т/з мех. на ед. | Q17: Т/з мех. Всего
F18: Всего | G18: В том числе | J18: Всего | K18: В том числе
G19: Осн.З/п | H19: Эк.Маш | I19: З/пМех | K19: Осн.З/п | L19: Эк.Маш | M19: З/пМех
A20: 1 | B20: 2 | C20: 3 | D20: 4 | E20: 5 | F20: 6 | G20: 7 | H20: 8 | I20: 9 | J20: 10 | K20: 11 | L20: 12 | M20: 13 | N20: 14 | O20: 15 | P20: 16 | Q20: 17
A21: Раздел 1. Разборка.
A22: 1 | B22: ТЕРр65-19-5 | C22: Демонтаж конвекторов | D22: 100 экм | E22: 0.08 | F22: 211.01 | G22: 202.95 | H22: 8.06 | I22: 3.12 | J22: 17 | K22: 16 | L22: 1 | N22: 18.3 | O22: 1.46 | P22: 0.2 | Q22: 0.02
A23: Раздел 2. Отопление.
A24: 2 | B24: ТЕР18-03-001-02 | C24: Установка радиаторов стальных | D24: 100 кВт | E24: 0.0327 | F24: 2426.28 | G24: 828.53 | H24: 270.15 | I24: 20.22 | J24: 79 | K24: 27 | L24: 9 | M24: 1 | N24: 65.6 | O24: 2.15 | P24: 1.28 | Q24: 0.04
A25: Уд | B25: 1. 301-0559 | C25: Радиаторы стальные панельные РСВ2-1, РСВ2-6 однорядные | D25: кВт | E25: 100 3,27 | F25: 179.38 | J25: 586.57
A26: 3 | B26: Цена поставщика. | C26: Радиатор "Термал 300" (Цена: 227,00:1,18:5,56*1,02=35,29) | D26: секций | E26: 30 | F26: 35.29 | J26: 1059
A27: 4 | B27: Цена поставщика. | C27: Заглушка ф=20 (Цена:12,23:1,18:5,56*1,02=1,90) | D27: шт | E27: 8 | F27: 1.9 | J27: 15
A28: 12 | B28: ТЕР16-05-001-01 прим. | C28: Установка клапанов на трубопроводах диаметром до 25 мм | D28: 1 шт. | E28: 4 | F28: 84.1 | G28: 18.79 | H28: 4.23 | J28: 336 | K28: 75 | L28: 17 | N28: 1.47 | O28: 5.88
A29: 5 | B29: ТСЦ-301-1670 прим. | C29: Клапан регулирующий прямой с ручкой, никилированная латунь, муфта-штуцер, Ру 10, Т 110 С, диаметром 15 мм | D29: шт. | E29: 4 | F29: 56.72 | J29: 227
A30: 6 | B30: ТЕР16-02-001-01 | C30: Прокладка трубопроводов отопления из стальных водогазопроводных неоцинкованных труб диаметром 15 мм | D30: 100 м | E30: 0.14 | F30: 3897.38 | G30: 446.74 | H30: 69.04 | I30: 2.73 | J30: 546 | K30: 63 | L30: 10 | N30: 32.97 | O30: 4.62 | P30: 0.15 | Q30: 0.02
A31: 7 | B31: ТЕР16-02-001-02 | C31: Прокладка трубопроводов отопления из стальных водогазопроводных неоцинкованных труб диаметром 20 мм | D31: 100 м | E31: 0.03 | F31: 4340.3 | G31: 446.74 | H31: 69.04 | I31: 2.73 | J31: 130 | K31: 13 | L31: 2 | N31: 32.97 | O31: 0.99 | P31: 0.15
A32: 8 | B32: ТСЦ-301-1224 | C32: Крепления для трубопроводов и радиаторов | D32: кг | E32: 3.4 | F32: 17.02 | J32: 58
A33: 9 | B33: ТЕР16-07-005-01 | C33: Гидравлическое испытание трубопроводов систем отопления, водопровода и горячего водоснабжения диаметром до 50 мм | D33: 100 м | E33: 0.17 | F33: 104.4 | G33: 82.16 | H33: 15.29 | J33: 18 | K33: 14 | L33: 3 | N33: 5.01 | O33: 0.85
A34: 10 | B34: ТЕР13-03-002-04 | C34: Огрунтовка металлических поверхностей за один раз грунтовкой ГФ-021 | D34: 100 м2 | E34: 0.019 | F34: 417.46 | G34: 79.65 | H34: 10.15 | I34: 0.16 | J34: 8 | K34: 2 | N34: 5.31 | O34: 0.1 | P34: 0.01
A35: 11 | B35: ТЕР15-04-030-04 | C35: Масляная окраска металлических труб диаметром менее 50 мм и т.п., количество окрасок 2 | D35: 100 м2 | E35: 0.019 | F35: 1384.09 | G35: 886.83 | H35: 3.68 | I35: 0.16 | J35: 26 | K35: 17 | N35: 71.06 | O35: 1.35 | P35: 0.01
A36: Итого прямые затраты по смете в ценах 2001г. | J36: 2519 | K36: 227 | L36: 42 | M36: 1 | O36: 17.4 | Q36: 0.08
A37: Итого прямые затраты по смете с учетом коэффициентов к итогам | J37: 2643 | K37: 328 | L37: 65 | M37: 1 | O37: 24.05 | Q37: 0.12
A38: В том числе, справочно:
A39: Районный к-т 4,3% (Поз. 1-4, 12, 5-7, 9, 11) | J39: 10 | K39: 10
A40: При ремонте и реконструкции зданий и сооружений работы, аналогичные технологическим процессам в новом строительстве ОЗП=1,15; ЭМ=1,25; ЗПМ=1,25; ТЗ=1,15; ТЗМ=1,25 (Поз. 2-4, 12, 5-7, 9, 11) | J40: 43 | K40: 33 | L40: 10 | O40: 2.376 | Q40: 0.015
A41: Испытание систем отопления. (п. 1.18.16 Тех.часть) ОЗП=1,03; ЭМ=1,03; ЗПМ=1,03; ТЗ=1,03; ТЗМ=1,03 (Поз. 2-4, 12, 5-7, 9) | J41: 9 | K41: 7 | L41: 2 | O41: 0.4998 | Q41: 0.0024
A42: Условия производства работ ОЗП=1,2; ЭМ=1,2; ЗПМ=1,2; ТЗ=1,2; ТЗМ=1,2 (Поз. 2-4, 12, 5-7, 9, 11) | J42: 62 | K42: 52 | L42: 11 | O42: 3.742 | Q42: 0.016
A43: Накладные расходы | J43: 406
A44: Сметная прибыль | J44: 223
A45: Итоги по смете:
A46: Итого | J46: 3272 | O46: 24.05 | Q46: 0.12
A47: В том числе:
A48: Материалы | J48: 2250
A49: Машины и механизмы | J49: =65-1 -> 64
A50: ФОТ | J50: 329
A51: Накладные расходы | J51: 406
A52: Сметная прибыль | J52: 223
A53: ВСЕГО по смете | J53: 3272 | O53: 24.05 | Q53: 0.12
B55: Примечание: материал от разборки, пригодный для дальнейшего использования, передается балансодержателю по акту.
B57: Составил ______________________ | I57: Проверил _____________________

Sheet 24733
A1: СОГЛАСОВАНО: | E1: ФГУП "Комбинат "Электрохимприбор" | M1: УТВЕРЖДАЮ:
G2: (наименование стройки) | M2: Зам. генерального директора
M3: Е.В.Гордеев
A4: _________________ | M4: _________________
A5: " _____ " ________________ 201_ г. | M5: "______ " __________201_ г.
G6: ЛОКАЛЬНЫЙ СМЕТНЫЙ РАСЧЕТ № 24733
G7: (локальная смета)
C9: на | D9: Реконструкцию силовых и осветительных сетей. г.Лесной, ул.Кирова, 1а. Гостиница "Лесная"
E10: Бильярдная. Инв. № 8712564.
H11: (наименование работ и затрат, наименование объекта)
D13: Основание: проект №24495-12-ЭМ
D14: Сметная стоимость _______________________________________________________________________________________________ | J14: ___________________________27,417 | L14: тыс. руб.
D15: строительных работ _______________________________________________________________________________________________ | J15: _______________________________________________________________________________________________1,405 | L15: тыс. руб.
D16: монтажных работ _______________________________________________________________________________________________ | J16: _______________________________________________________________________________________________26,012 | L16: тыс. руб.
D17: Средства на оплату труда _______________________________________________________________________________________________ | J17: ___________________________5,534 | L17: тыс. руб.
D18: Сметная трудоемкость _______________________________________________________________________________________________ | J18: _______________________________________________________________________________________________340,83 | L18: чел.час
D19: Составлен(а) в базовых ценах 2001г. в редакции 2009г.
A21: № пп | B21: Обоснование | C21: Наименование | D21: Ед. изм. | E21: Кол. | F21: Стоимость единицы, руб. | J21: Общая стоимость, руб. | N21: Т/з осн. раб.на ед. | O21: Т/з осн. раб. Всего | P21: Т/з мех. на ед. | Q21: Т/з мех. Всего
F22: Всего | G22: В том числе | J22: Всего | K22: В том числе
G23: Осн.З/п | H23: Эк.Маш | I23: З/пМех | K23: Осн.З/п | L23: Эк.Маш | M23: З/пМех
A24: 1 | B24: 2 | C24: 3 | D24: 4 | E24: 5 | F24: 6 | G24: 7 | H24: 8 | I24: 9 | J24: 10 | K24: 11 | L24: 12 | M24: 13 | N24: 14 | O24: 15 | P24: 16 | Q24: 17
A25: Раздел 1. Демонтажные работы
A26: 1 | B26: ТЕРр67-4-3 | C26: Демонтаж светильников с лампами накаливания | D26: 100 шт. | E26: 0.05 | F26: 70.67 | G26: 69.46 | H26: 1.21 | I26: 0.47 | J26: 4 | K26: 4 | N26: 6.32 | O26: 0.32 | P26: 0.03
A27: 2 | B27: ТЕРр67-4-1 | C27: Демонтаж выключателей, розеток | D27: 100 шт. | E27: 0.03 | F27: 64.18 | G27: 64.18 | J27: 2 | K27: 2 | N27: 5.84 | O27: 0.18
A28: 3 | B28: ТЕРм08-03-545-01 | C28: Демонтаж: ответвительная коробка скрытой проводки КОЭФ. К ПОЗИЦИИ: демонтаж ОЗП=0,3; ЭМ=0,3 к расх.; ЗПМ=0,3; МАТ=0 к расх.; ТЗ=0,3; ТЗМ=0,3 | D28: 1 шт. | E28: 1 | F28: 13.87 | G28: 13.16 | H28: 0.71 | J28: 14 | K28: 13 | L28: 1 | N28: 0.99 | O28: 0.99
A29: 4 | B29: ТЕРр67-3-1 | C29: Демонтаж кабеля | D29: 100 м | E29: 0.15 | F29: 106.34 | G29: 105.94 | H29: 0.4 | I29: 0.16 | J29: 16 | K29: 16 | N29: 9.64 | O29: 1.45 | P29: 0.01
A30: Раздел 2. Монтажные работы
A31: 5 | B31: ТЕРм08-03-526-01 | C31: Автомат одно-, двух-, трехполюсный, устанавливаемый в шкафу, на ток до 25 А | D31: 1 шт. | E31: 1 | F31: 174.77 | G31: 20.9 | H31: 1.28 | J31: 175 | K31: 21 | L31: 1 | N31: 1.56 | O31: 1.56
A32: 6 | B32: ТСЦ-509-0323 | C32: Выключатели автоматические ВА47-29 16А | D32: шт. | E32: 1 | F32: 33.29 | J32: 33
A33: 7 | B33: ТЕРм08-03-591-09 | C33: Розетка штепсельная утопленного типа при скрытой проводке | D33: 100 шт. | E33: 0.03 | F33: 696.25 | G33: 532.26 | H33: 11.69 | I33: 0.73 | J33: 21 | K33: 16 | N33: 38.1 | O33: 1.14 | P33: 0.04
A34: 8 | B34: Цена поставщика | C34: Розетка одноместная с з/к скрытой установки (в сборе) "UNICA" цвет: белый (Ц:95руб:1,18:5,56) | D34: шт. | E34: 3 | F34: 14.48 | J34: 43
A35: 9 | B35: Цена поставщика | C35: Рамка горизонтальная, 3 места "UNICA" цвет: белый (Ц:540руб:1,18:5,56) | D35: шт. | E35: 1 | F35: 82.31 | J35: 82
A36: 10 | B36: ТЕРм08-03-591-05 | C36: Выключатель двухклавишный утопленного типа при скрытой проводке | D36: 100 шт. | E36: 0.01 | F36: 511.12 | G36: 458.22 | H36: 11.69 | I36: 0.73 | J36: 5 | K36: 5 | N36: 32.8 | O36: 0.33 | P36: 0.04
A37: 11 | B37: Цена поставщика | C37: Выключатель двухклавишный (в сборе) "UNICA" цвет: белый с подсветкой (Ц:576руб:1,18:5,56) | D37: шт. | E37: 1 | F37: 87.79 | J37: 88
A38: 12 | B38: Цена поставщика | C38: Рамка горизонтальная, 2 места "UNICA" цвет: белый (Ц:114руб:1,18:5,56) | D38: шт. | E38: 1 | F38: 17.38 | J38: 17
A39: 13 | B39: ТЕРм08-03-591-02 | C39: Выключатель одноклавишный утопленного типа при скрытой проводке | D39: 100 шт. | E39: 0.01 | F39: 502.57 | G39: 449.83 | H39: 11.69 | I39: 0.73 | J39: 5 | K39: 4 | N39: 32.2 | O39: 0.32 | P39: 0.04
A40: 14 | B40: Цена поставщика | C40: Выключатель одноклавишный (в сборе) "UNICA" цвет: белый с подсветкой (Ц:265руб:1,18:5,56) | D40: шт. | E40: 1 | F40: 40.39 | J40: 40
A41: 15 | B41: Цена поставщика | C41: Коробка КМ41024 распаячная d80х40мм для полых стен (металлические лапки, с крышкой ) UKG01-080-040-000-M (Ц:15,44руб:1,18:5,56) | D41: шт. | E41: 3 | F41: 2.35 | J41: 7
A42: 16 | B42: Цена поставщика | C42: Коробка КМ40022 установочная d65х46мм для полых стен (с саморезами, пластиковые лапки) UKG10-065-040-000-P (Ц:8,11руб:1,18:5,56) | D42: шт. | E42: 6 | F42: 1.24 | J42: 7
A43: 17 | B43: Цена поставщика | C43: Коробка КМ41237 распаячная для о/п d75х40мм IP44 (RAL7035, 4 гермоввода) UKO11-075-040-000-K41-44 (Ц:21руб:1,18:5.56) | D43: шт. | E43: 13 | F43: 3.2 | J43: 42
A44: 18 | B44: ТЕРм08-03-593-19 | C44: Светильник в подвесных потолках | D44: 100 шт. | E44: 0.12 | F44: 9513.69 | G44: 1648.46 | H44: 1195.77 | I44: 506.43 | J44: 1142 | K44: 198 | L44: 143 | M44: 61 | N44: 118 | O44: 14.16 | P44: 32.36 | Q44: 3.88
A45: 19 | B45: Цена поставщика | C45: Светильник встраиваемый Eglo EINBAUSPOT 87374 (Ц:501руб:1,18:5,56) | D45: шт. | E45: 12 | F45: 76.36 | J45: 916
A46: 20 | B46: ТЕРм08-03-593-11 | C46: Светильник для подсветки картин с количеством ламп до 5 | D46: 1 шт. | E46: 3 | F46: 121.27 | G46: 16.9 | H46: 36.84 | I46: 15.65 | J46: 364 | K46: 51 | L46: 111 | M46: 47 | N46: 1.21 | O46: 3.63 | P46: 1 | Q46: 3
A47: 21 | B47: Цена поставщика | C47: Светильник (подсветка картин) LUSSOLE Luino LSQ-411-03 (Ц:4785руб:1,18:5,56) | D47: шт. | E47: 3 | F47: 729.33 | J47: 2188
A48: 22 | B48: ТСЦ-509-0742 прим. | C48: Лампы галогенные | D48: 10 шт. | E48: 2.1 | F48: 172.23 | J48: 362
A49: 23 | B49: ТЕРм08-03-593-11 | C49: Светильник для освещения бильярдного стола с количеством ламп до 5 | D49: 1 шт. | E49: 1 | F49: 121.27 | G49: 16.9 | H49: 36.84 | I49: 15.65 | J49: 121 | K49: 17 | L49: 37 | M49: 16 | N49: 1.21 | O49: 1.21 | P49: 1 | Q49: 1
A50: 24 | B50: Цена поставщика | C50: Светильник Evergreen 3-х ламповый (Ц:5800руб:1,18:5,56) | D50: шт. | E50: 1 | F50: 884.04 | J50: 884
A51: 25 | B51: ФЕРм08-02-390-01 | C51: Короба пластмассовые: шириной до 40 мм КОЭФ. К ПОЗИЦИИ: Приведение расценок ФЕР к территориальному уровню (Письмо УРЦЦС Ц-297 от 12.04.2011) ОЗП=1,41; ЭМ=1,242; ЗПМ=1,41; МАТ=1,052 | D51: 100 м | E51: 0.08 | F51: 311.4 | G51: 218.44 | H51: 38.75 | I51: 0.17 | J51: 25 | K51: 17 | L51: 3 | N51: 16.29 | O51: 1.3 | P51: 0.01
A52: 26 | B52: Цена поставщика | C52: Кабель-канал 60х40 "ЭЛЕКОР" CKK10-060-040-1-K01-018 (Ц:88,26руб:1,18:5,56) | D52: м | E52: 4 | F52: 13.45 | J52: 54
A53: 27 | B53: Цена поставщика | C53: Соединитель на стык КМС 60х40 "ЭЛЕКОР" CKK10D-S-060-040-K01 (Ц:37,93руб:1,18:5,56) | D53: шт | E53: 1 | F53: 5.78 | J53: 6
A54: 28 | B54: Цена поставщика | C54: Кабель-канал 15х10 "ЭЛЕКОР" CKK10-015-010-1-K01 Ц:12,32руб:1,18:5,56) | D54: м | E54: 4 | F54: 1.88 | J54: 8
A55: 29 | B55: Цена поставщика | C55: Соединитель на стык КМС 15х10 "ЭЛЕКОР" CKK10D-S-015-010-K01 (Ц:4,54руб:1,18:5,56) | D55: м | E55: 1 | F55: 0.69 | J55: 1
A56: 30 | B56: ТЕРм08-02-402-01 | C56: Кабель двух-четырехжильный по установленным конструкциям и лоткам с установкой ответвительных коробок в помещениях с нормальной средой сечением жилы до 10 мм2 1.8.3.ОП При производстве работ на высоте свыше расстояний, указанных в вводных указаниях к разделам сборника: при высоте свыше 2 до 8 м ОЗП=1,05; ТЗ=1,05 | D56: 100 м | E56: 0.15 | F56: 1141.75 | G56: 212.87 | H56: 704.04 | I56: 87.33 | J56: 171 | K56: 32 | L56: 106 | M56: 13 | N56: 16.07 | O56: 2.41 | P56: 5.28 | Q56: 0.79
A57: 31 | B57: ТЕРм08-02-409-04 | C57: Труба винипластовая по установленным конструкциям, по потолкам, диаметр до 50 мм 1.8.3.ОП При производстве работ на высоте свыше расстояний, указанных в вводных указаниях к разделам сборника: при высоте свыше 2 до 8 м ОЗП=1,05; ТЗ=1,05 | D57: 100 м | E57: 1.35 | F57: 2427.1 | G57: 379.82 | H57: 530.78 | I57: 185.61 | J57: 3277 | K57: 513 | L57: 717 | M57: 251 | N57: 28.67 | O57: 38.7 | P57: 11.83 | Q57: 15.97
A58: 32 | B58: ТСЦ-301-1380 | C58: Трубки защитные гофрированные | D58: м | E58: 135 | F58: 10.01 | J58: 1351
A59: 33 | B59: ТЕРм08-02-412-01 | C59: Затягивание провода в проложенные трубы и металлические рукава первого одножильного или многожильного в общей оплетке, суммарное сечение до 2,5 мм2 1.8.3.ОП При производстве работ на высоте свыше расстояний, указанных в вводных указаниях к разделам сборника: при высоте свыше 2 до 8 м ОЗП=1,05; ТЗ=1,05 | D59: 100 м | E59: 1.35 | F59: 661.77 | G59: 78.05 | H59: 2.92 | I59: 0.18 | J59: 893 | K59: 105 | L59: 4 | N59: 5.89 | O59: 7.95 | P59: 0.01 | Q59: 0.01
A60: 34 | B60: ТСЦ-501-8190 | C60: Кабель силовой с медными жилами с поливинилхлоридной изоляцией в поливинилхлоридной оболочке без защитного покрова ВВГ, напряжением 0,66 Кв, число жил 3 и сечением 1,5 мм2 | D60: 1000 м | E60: 0.0867 | F60: 6962.8 | J60: 604
A61: 35 | B61: ТСЦ-501-8191 | C61: Кабель силовой с медными жилами с поливинилхлоридной изоляцией в поливинилхлоридной оболочке без защитного покрова ВВГ, напряжением 0,66 Кв, число жил 3 и сечением 2,5 мм2 | D61: 1000 м | E61: 0.0357 | F61: 10382 | J61: 371
A62: 36 | B62: Цена поставщика | C62: Кабель антенный SAT-703 (Цена:30000руб:1,18:5.56) | D62: 1000 м | E62: 0.0306 | F62: 4572.61 | J62: 140
A63: 37 | B63: ТЕРм08-03-591-09 | C63: Розетка штепсельная утопленного типа при скрытой проводке | D63: 100 шт. | E63: 0.01 | F63: 696.25 | G63: 532.26 | H63: 11.69 | I63: 0.73 | J63: 7 | K63: 5 | N63: 38.1 | O63: 0.38 | P63: 0.04
A64: 38 | B64: Цена поставщика | C64: Розетка TV (в сборе) "UNICA" цвет: белый (Ц:685руб:1,18:5,56) | D64: шт. | E64: 1 | F64: 104.41 | J64: 104
A65: 39 | B65: ТЕР46-03-009-07 | C65: Пробивка в кирпичных стенах отверстий круглых диаметром до 50 мм при толщине стен до 38 см | D65: 100 шт. | E65: 0.02 | F65: 3944.42 | G65: 967.91 | H65: 2976.51 | I65: 329.74 | J65: 79 | K65: 19 | L65: 60 | M65: 7 | N65: 74.8 | O65: 1.5 | P65: 21.11 | Q65: 0.42
A66: 40 | B66: ТЕР46-03-009-01 | C66: Пробивка в кирпичных стенах гнезд размером до 130х130 мм | D66: 100 шт. | E66: 0.06 | F66: 2386.22 | G66: 468.56 | H66: 1917.66 | I66: 177.6 | J66: 143 | K66: 28 | L66: 115 | M66: 11 | N66: 36.21 | O66: 2.17 | P66: 11.37 | Q66: 0.68
A67: 41 | B67: ТЕР46-03-011-02 | C67: Пробивка в кирпичных стенах борозд площадью сечения до 50 см2 | D67: 100 м борозд | E67: 0.15 | F67: 1311.62 | G67: 313.15 | H67: 998.47 | I67: 92.47 | J67: 197 | K67: 47 | L67: 150 | M67: 14 | N67: 24.2 | O67: 3.63 | P67: 5.92 | Q67: 0.89
A68: 42 | B68: ТЕР46-03-017-05 | C68: Заделка отверстий, гнезд и борозд в стенах и перегородках бетонных площадью до 0,1 м2 | D68: 1 м3 заделки | E68: 0.2 | F68: 2078.32 | G68: 857.51 | H68: 44.07 | J68: 416 | K68: 172 | L68: 9 | N68: 75.22 | O68: 15.04
A69: 43 | B69: ТЕРм11-04-026-03 | C69: Разъемы штепсельные с разделкой и включением кабеля, диаметр оболочки до 6 мм | D69: 1 шт. | E69: 2 | F69: 18.1 | G69: 16.09 | J69: 36 | K69: 32 | N69: 1.03 | O69: 2.06
A70: 44 | B70: ТЕРм11-04-028-01 | C70: Включение в аппаратуру разъемов штепсельных, количество контактов в разъеме до 14 шт. | D70: 1 разъем | E70: 2 | F70: 2.98 | G70: 2.92 | J70: 6 | K70: 6 | N70: 0.22 | O70: 0.44
A71: 45 | B71: Цена поставщика | C71: Антенный разъем FAS-7 (Цена:125руб:1,18:5,56) | D71: шт | E71: 2 | F71: 19.05 | J71: 38
A72: 46 | B72: Цена поставщика | C72: Штекер под разъем (Цена:50руб:1,18:5,56) | D72: шт | E72: 2 | F72: 7.62 | J72: 15
A73: 47 | B73: ТЕРм10-05-001-14 | C73: Подключение домовой распределительной сети к магистральной линии с комплексом измерений для одного канала | D73: 1 подключение | E73: 1 | F73: 212.81 | G73: 208.64 | J73: 213 | K73: 209 | N73: 14.3 | O73: 14.3
A74: 48 | B74: ТЕРм10-05-001-15 | C74: Подключение домовой распределительной сети к магистральной линии с комплексом измерений для каждого последующего канала | D74: 1 подключение | E74: 13 | F74: 197.93 | G74: 194.05 | J74: 2573 | K74: 2523 | N74: 13.3 | O74: 172.9
A75: Итого прямые затраты по смете в ценах 2001г. | J75: 17306 | K75: 4055 | L75: 1457 | M75: 420 | O75: 288.07 | Q75: 26.64
A76: Итого прямые затраты по смете с учетом коэффициентов к итогам | J76: 18606 | K76: 5015 | L76: 1703 | M76: 519 | O76: 340.83 | Q76: 31.57
A77: В том числе, справочно:
A78: Районный к-т 4,3% (Поз. 39-42, 1-2, 4, 3, 5, 7, 10, 13, 18, 20, 23, 25, 30-31, 33, 37, 43-44, 47-48) | J78: 192 | K78: 174 | L78: 18 | M78: 18
A79: Заготовительно-складские расходы на материалы - согласно п.4.64 из МДС 81-35.2004 МАТ=1,02 (Поз. 8-9, 11-12, 14-17, 19, 21, 24, 26-29, 36, 38, 45-46) | J79: 94
A80: Условия производства работ ОЗП=1,2; ЭМ=1,2; ЗПМ=1,2; ТЗ=1,2; ТЗМ=1,2 (Поз. 3, 5, 7, 10, 13, 18, 20, 23, 25, 30-31, 33, 37, 43-44, 47-48) | J80: 1014 | K80: 786 | L80: 228 | M80: 81 | O80: 52.756 | Q80: 4.93
A81: Накладные расходы | J81: 5198
A82: В том числе, справочно:
A83: 85% ФОТ (от 23) (Поз. 1-2, 4) | J83: 20
A84: 92% ФОТ (от 3467) (Поз. 43-44, 47-48) | J84: 3190
A85: 95% ФОТ (от 1734) (Поз. 3, 5, 7, 10, 13, 18, 20, 23, 25, 30-31, 33, 37) | J85: 1647
A86: 110% ФОТ (от 310) (Поз. 39-42) | J86: 341
A87: Сметная прибыль | J87: 3613
A88: В том числе, справочно:
A89: 65% ФОТ (от 5224) (Поз. 1-2, 4, 3, 5, 7, 10, 13, 18, 20, 23, 25, 30-31, 33, 37, 43-44, 47-48) | J89: 3396
A90: 70% ФОТ (от 310) (Поз. 39-42) | J90: 217
A91: Итоги по смете:
A92: Итого Строительные работы | J92: 1405 | O92: 22.34 | Q92: 1.99
A93: Итого Монтажные работы | J93: 26012 | O93: 318.49 | Q93: 29.58
A94: Итого | J94: 27417 | O94: 340.83 | Q94: 31.57
A95: В том числе:
A96: Материалы | J96: 11888
A97: Машины и механизмы | J97: 1703
A98: ФОТ | J98: 5534
A99: Накладные расходы | J99: 5198
A100: Сметная прибыль | J100: 3613
A101: ВСЕГО по смете | J101: 27417 | O101: 340.83 | Q101: 31.57
B103: ПРИМЕЧАНИЕ: материал от разборки, пригодный для дальнейшего использования, передается балансодержателю по акту
B105: Составил ______________________ | I105: Проверил _____________________

Sheet 24734
A1: СОГЛАСОВАНО: | E1: ФГУП "Комбинат "Электрохимприбор" | M1: УТВЕРЖДАЮ:
G2: (наименование стройки) | M2: Зам. генерального директора
M3: Е.В.Гордеев
A4: _________________ | M4: _________________
A5: " _____ " ________________ 201_ г. | M5: "______ " __________201_ г.
G6: ЛОКАЛЬНЫЙ СМЕТНЫЙ РАСЧЕТ № 24734
G7: (локальная смета)
C9: на | D9: Реконструкцию пожарной сигнализации. г.Лесной, ул.Кирова, 1а. Гостиница "Лесная"
E10: Бильярдная. Инв. № 8712564.
H11: (наименование работ и затрат, наименование объекта)
D13: Основание: проект № 24502-12-ПС
D14: Сметная стоимость монтажных работ _______________________________________________________________________________________________ | J14: ___________________________1,476 | L14: тыс. руб.
D15: Средства на оплату труда _______________________________________________________________________________________________ | J15: ___________________________0,175 | L15: тыс. руб.
D16: Сметная трудоемкость _______________________________________________________________________________________________ | J16: _______________________________________________________________________________________________12,26 | L16: чел.час
D17: Составлен(а) в базовых ценах 2001г. в редакции 2009г.
A19: № пп | B19: Обоснование | C19: Наименование | D19: Ед. изм. | E19: Кол. | F19: Стоимость единицы, руб. | J19: Общая стоимость, руб. | N19: Т/з осн. раб.на ед. | O19: Т/з осн. раб. Всего | P19: Т/з мех. на ед. | Q19: Т/з мех. Всего
F20: Всего | G20: В том числе | J20: Всего | K20: В том числе
G21: Осн.З/п | H21: Эк.Маш | I21: З/пМех | K21: Осн.З/п | L21: Эк.Маш | M21: З/пМех
A22: 1 | B22: 2 | C22: 3 | D22: 4 | E22: 5 | F22: 6 | G22: 7 | H22: 8 | I22: 9 | J22: 10 | K22: 11 | L22: 12 | M22: 13 | N22: 14 | O22: 15 | P22: 16 | Q22: 17
A23: Раздел 1. Демонтажные работы
A24: 1 | B24: ТЕРм10-08-002-01 | C24: Демонтаж: извещатель ПС автоматический тепловой электро-контактный, магнитоконтактный в нормальном исполнении КОЭФ. К ПОЗИЦИИ: демонтаж ОЗП=0,3; ЭМ=0,3 к расх.; ЗПМ=0,3; МАТ=0 к расх.; ТЗ=0,3; ТЗМ=0,3 | D24: 1 шт. | E24: 2 | F24: 3.47 | G24: 3.42 | H24: 0.05 | J24: 7 | K24: 7 | N24: 0.25 | O24: 0.5
A25: 2 | B25: ТЕРм08-02-402-01 | C25: Демонтаж:кабель КОЭФ. К ПОЗИЦИИ: демонтаж ОЗП=0,3; ЭМ=0,3 к расх.; ЗПМ=0,3; МАТ=0 к расх.; ТЗ=0,3; ТЗМ=0,3 | D25: 100 м | E25: 0.1 | F25: 272.03 | G25: 60.82 | H25: 211.21 | I25: 26.2 | J25: 27 | K25: 6 | L25: 21 | M25: 3 | N25: 4.59 | O25: 0.46 | P25: 1.58 | Q25: 0.16
A26: Раздел 2. Монтажные работы
A27: 3 | B27: Цена поставщика | C27: ИП 212 - 45 Серия "Марко" для подвесного потолка (Ц:255,31руб :1,18:5,56) | D27: шт | E27: 3 | F27: 38.91 | J27: 117
A28: 4 | B28: ТЕРм10-08-002-02 | C28: Извещатель ПС автоматический дымовой, фотоэлектрический, радиоизотопный, световой в нормальном исполнении | D28: 1 шт. | E28: 2 | F28: 28.38 | G28: 22.76 | H28: 0.46 | J28: 57 | K28: 46 | L28: 1 | N28: 1.68 | O28: 3.36
A29: 5 | B29: ТЕРм08-02-413-01 | C29: Провод (кабель), количество проводов в резинобитумной трубке до 2, сечение провода до 6 мм2 | D29: 100 м трубок | E29: 0.3 | F29: 1497.34 | G29: 267.65 | H29: 64.3 | I29: 4 | J29: 449 | K29: 80 | L29: 19 | M29: 1 | N29: 20.2 | O29: 6.06 | P29: 0.22 | Q29: 0.07
A30: 6 | B30: Цена поставщика | C30: Кабель КПСЭнг-FRLS 1x2x0,5 (Ц:43490руб :1,18:5,56) | D30: 1000м | E30: 0.0306 | F30: 6628.76 | J30: 203
A31: 7 | B31: ТСЦ-301-1380 | C31: Трубки защитные гофрированные | D31: м | E31: 30 | F31: 10.01 | J31: 300
A32: 8 | B32: Цена поставщика | C32: Коробка распределительная DKC SDMN для кабель-канала высота 10-22, 00677 (Ц:81руб:1,18:5,56) | D32: шт. | E32: 1 | F32: 12.35 | J32: 12
A33: Итого прямые затраты по смете в ценах 2001г. | J33: 1172 | K33: 139 | L33: 41 | M33: 4 | O33: 10.38 | Q33: 0.23
A34: Итого прямые затраты по смете с учетом коэффициентов к итогам | J34: 1208 | K34: 171 | L34: 45 | M34: 4 | O34: 12.26 | Q34: 0.24
A35: В том числе, справочно:
A36: Районный к-т 4,3% (Поз. 4-5) | J36: 5 | K36: 5
A37: Условия производства работ ОЗП=1,2; ЭМ=1,2; ЗПМ=1,2; ТЗ=1,2; ТЗМ=1,2 (Поз. 4-5) | J37: 31 | K37: 26 | L37: 4 | O37: 1.884 | Q37: 0.014
A38: Накладные расходы | J38: 157
A39: В том числе, справочно:
A40: 80% ФОТ (от 65) (Поз. 1, 4) | J40: 52
A41: 95% ФОТ (от 110) (Поз. 2, 5) | J41: 105
A42: Сметная прибыль | J42: 111
A43: В том числе, справочно:
A44: 60% ФОТ (от 65) (Поз. 1, 4) | J44: 39
A45: 65% ФОТ (от 110) (Поз. 2, 5) | J45: 72
A46: Итоги по смете:
A47: Итого | J47: 1476 | O47: 12.26 | Q47: 0.24
A48: В том числе:
A49: Материалы | J49: 992
A50: Машины и механизмы | J50: 45
A51: ФОТ | J51: 175
A52: Накладные расходы | J52: 157
A53: Сметная прибыль | J53: 111
A54: ВСЕГО по смете | J54: 1476 | O54: 12.26 | Q54: 0.24
B56: ПРИМЕЧАНИЕ: материал от разборки, пригодный для дальнейшего использования, передается балансодержателю по акту
B58: Составил ______________________ | I58: Проверил _____________________

Sheet 24727
A1: СОГЛАСОВАНО: | E1: ФГУП "Комбинат "Электрохимприбор" | M1: УТВЕРЖДАЮ:
G2: (наименование стройки) | M2: Зам. генерального директора
M3: Е.В.Гордеев
A4: _________________ | M4: _________________
A5: " _____ " ________________ 201_ г. | M5: "______ " __________201_ г.
G6: ЛОКАЛЬНЫЙ СМЕТНЫЙ РАСЧЕТ № 24727
G7: (локальная смета)
C9: на | D9: Реконструкцию водопровода и канализации. г.Лесной, ул.Кирова, 1а. Гостиница "Лесная"
E10: Гостиничный номер 4 этажа. Инв. № 8712564.
H11: (наименование работ и затрат, наименование объекта)
D13: Основание: Проект № 24489-12-ВК
D14: Сметная стоимость строительных работ _______________________________________________________________________________________________ | J14: ___________________________18,381 | L14: тыс. руб.
D15: Средства на оплату труда _______________________________________________________________________________________________ | J15: ___________________________1,858 | L15: тыс. руб.
D16: Сметная трудоемкость _______________________________________________________________________________________________ | J16: _______________________________________________________________________________________________132,47 | L16: чел.час
D17: Составлен(а) в базовых ценах 2001г. в редакции 2009г.
A19: № пп | B19: Обоснование | C19: Наименование | D19: Ед. изм. | E19: Кол. | F19: Стоимость единицы, руб. | J19: Общая стоимость, руб. | N19: Т/з осн. раб.на ед. | O19: Т/з осн. раб. Всего | P19: Т/з мех. на ед. | Q19: Т/з мех. Всего
F20: Всего | G20: В том числе | J20: Всего | K20: В том числе
G21: Осн.З/п | H21: Эк.Маш | I21: З/пМех | K21: Осн.З/п | L21: Эк.Маш | M21: З/пМех
A22: 1 | B22: 2 | C22: 3 | D22: 4 | E22: 5 | F22: 6 | G22: 7 | H22: 8 | I22: 9 | J22: 10 | K22: 11 | L22: 12 | M22: 13 | N22: 14 | O22: 15 | P22: 16 | Q22: 17
A23: Раздел 1. Разборка.
A24: 1 | B24: ТЕРр65-1-1 | C24: Разборка трубопроводов из водога-зопроводных труб диаметром до 32 мм | D24: 100 м | E24: 0.05 | F24: 483.12 | G24: 405.87 | H24: 8.12 | I24: 1.56 | J24: 24 | K24: 20 | N24: 34.66 | O24: 1.73 | P24: 0.1 | Q24: 0.01
A25: 2 | B25: ТЕРр65-2-2 | C25: Разборка трубопроводов из чугунных канализационных труб диаметром 100 мм | D25: 100 м | E25: 0.02 | F25: 1028.82 | G25: 1015.92 | H25: 12.9 | I25: 5 | J25: 21 | K25: 21 | N25: 85.3 | O25: 1.71 | P25: 0.32 | Q25: 0.01
A26: 3 | B26: ТЕРр65-2-1 | C26: Разборка трубопроводов из чугунных канализационных труб диаметром 50 мм | D26: 100 м | E26: 0.05 | F26: 825.86 | G26: 819.41 | H26: 6.45 | I26: 2.5 | J26: 41 | K26: 41 | N26: 68.8 | O26: 3.44 | P26: 0.16 | Q26: 0.01
A27: 4 | B27: ТЕРр65-4-2 | C27: Разборка унитазов и писсуаров | D27: 100 шт. | E27: 0.01 | F27: 778.41 | G27: 766.72 | H27: 11.69 | I27: 4.53 | J27: 8 | K27: 8 | N27: 63.84 | O27: 0.64 | P27: 0.29
A28: 5 | B28: ТЕРр65-3-7 | C28: Снятие смесителя без душевой сетки | D28: 101 шт. | E28: 0.02 | F28: 443.71 | G28: 440.89 | H28: 2.82 | I28: 1.09 | J28: 9 | K28: 9 | N28: 36.71 | O28: 0.73 | P28: 0.07
A29: 6 | B29: ТЕРр65-3-6 | C29: Снятие смесителя с душевой сеткой | D29: 102 шт. | E29: 0.01 | F29: 696.26 | G29: 691.42 | H29: 4.84 | I29: 1.87 | J29: 7 | K29: 7 | N29: 57.57 | O29: 0.58 | P29: 0.12
A30: 7 | B30: ТЕРр65-4-1 | C30: Разборка умывальников и раковин | D30: 103 шт. | E30: 0.01 | F30: 626.59 | G30: 616.11 | H30: 10.48 | I30: 4.06 | J30: 6 | K30: 6 | N30: 51.3 | O30: 0.51 | P30: 0.26
A31: 8 | B31: ТЕРр65-4-3 | C31: Разборка моек | D31: 104 шт. | E31: 0.01 | F31: 1264.07 | G31: 1232.23 | H31: 31.84 | I31: 12.34 | J31: 13 | K31: 13 | N31: 102.6 | O31: 1.03 | P31: 0.79 | Q31: 0.01
A32: 9 | B32: ТЕР17-01-001-18 прим. | C32: Разборка поддонов душевых КОЭФ. К ПОЗИЦИИ: Разборка ОЗП=0,4; ЭМ=0,4 к расх.; ЗПМ=0,4; МАТ=0 к расх.; ТЗ=0,4; ТЗМ=0,4 | D32: 10 компл. | E32: 0.1 | F32: 89.8 | G32: 59.02 | H32: 30.78 | I32: 1.44 | J32: 9 | K32: 6 | L32: 3 | N32: 4.36 | O32: 0.44 | P32: 0.09 | Q32: 0.01
A33: Раздел 2. Водопровод.
A34: 10 | B34: ТЕР16-02-002-03 | C34: Прокладка трубопроводов водоснабжения из стальных водогазопроводных оцинкованных труб диаметром 25 мм | D34: 100 м трубопровода | E34: 0.02 | F34: 6208.42 | G34: 502.3 | H34: 79.16 | I34: 2.73 | J34: 124 | K34: 10 | L34: 2 | N34: 37.07 | O34: 0.74 | P34: 0.15
A35: 11 | B35: ТЕР16-02-002-01 | C35: Прокладка трубопроводов водоснабжения из стальных водогазопроводных оцинкованных труб диаметром 15 мм | D35: 100 м | E35: 0.015 | F35: 5020.27 | G35: 502.3 | H35: 79.16 | I35: 2.73 | J35: 75 | K35: 8 | L35: 1 | N35: 37.07 | O35: 0.56 | P35: 0.15
A36: 12 | B36: ТЕР16-03-002-01 | C36: Прокладка трубопроводов водоснабжения из многослойных металл-полимерных труб диаметром 15 мм | D36: 100 м | E36: 0.2 | F36: 6136.29 | G36: 1541.12 | H36: 66.7 | I36: 1.27 | J36: 1227 | K36: 308 | L36: 13 | N36: 112 | O36: 22.4 | P36: 0.07 | Q36: 0.01
A37: 13 | B37: ТСЦ-302-1381 прим. | C37: Фасонные и соединительные части к многослойным металлополимерным трубам | D37: шт. | E37: 24 | F37: 50.98 | J37: 1224
A38: 14 | B38: ТСЦ-302-1461 | C38: Фиксатор пластмассовый ординарный для металлополимерных труб размером 1/2" | D38: шт. | E38: 40 | F38: 3.17 | J38: 127
A39: 15 | B39: ТСЦ-302-1485 прим. | C39: Кран шаровой PPRC Ду 15 | D39: шт. | E39: 8 | F39: 129.12 | J39: 1033
A40: 16 | B40: ТСЦ-302-1136 | C40: Вентили проходные муфтовые 15KЧ18Р для воды, давлением 1,6 МПа (16 кгс/см2), диаметром 25 мм | D40: шт. | E40: 1 | F40: 43.84 | J40: 44
A41: 17 | B41: ТЕР18-06-007-01 | C41: Установка фильтров диаметром до 25 мм | D41: 10 фильтров | E41: 0.2 | F41: 5347.8 | G41: 108.39 | H41: 64.42 | I41: 0.18 | J41: 1070 | K41: 22 | L41: 13 | N41: 8.18 | O41: 1.64 | P41: 0.01
A42: 18 | B42: ТЕРр65-6-10 прим. | C42: Установка гибких подводок | D42: 100 шт. | E42: 0.06 | F42: 4008.14 | G42: 669.67 | H42: 7.47 | I42: 0.78 | J42: 240 | K42: 40 | N42: 52.4 | O42: 3.14 | P42: 0.05
A43: 19 | B43: ТЕР20-02-003-09 прим. | C43: Установка лючков ПВХ размером 300х600 мм | D43: 1 решетка | E43: 1 | F43: 112.5 | G43: 14.78 | H43: 2.94 | J43: 113 | K43: 15 | L43: 3 | N43: 1.17 | O43: 1.17
A44: 20 | B44: ТЕР16-07-003-03 | C44: Врезка в действующие внутренние сети трубопроводов отопления и водоснабжения диаметром 25 мм | D44: 1 врезка | E44: 1 | F44: 127.66 | G44: 62.31 | H44: 5.56 | J44: 128 | K44: 62 | L44: 6 | N44: 4.46 | O44: 4.46
A45: 21 | B45: ТЕР16-07-003-01 | C45: Врезка в действующие внутренние сети трубопроводов отопления и водоснабжения диаметром 15 мм | D45: 1 врезка | E45: 3 | F45: 104.6 | G45: 62.31 | H45: 5.56 | J45: 314 | K45: 187 | L45: 17 | N45: 4.46 | O45: 13.38
A46: 22 | B46: ТЕР16-07-005-01 | C46: Гидравлическое испытание трубопроводов систем отопления, водопровода и горячего водоснабжения диаметром до 50 мм | D46: 100 м | E46: 0.235 | F46: 104.4 | G46: 82.16 | H46: 15.29 | J46: 25 | K46: 19 | L46: 4 | N46: 5.01 | O46: 1.18
A47: 23 | B47: ТЕР15-04-030-04 | C47: Масляная окраска металлических поверхностей труб диаметром менее 50 мм и т.п., количество окрасок 2 | D47: 100 м2 | E47: 0.02 | F47: 1384.09 | G47: 886.83 | H47: 3.68 | I47: 0.16 | J47: 28 | K47: 18 | N47: 71.06 | O47: 1.42 | P47: 0.01
A48: Раздел 3. Канализация.
A49: 24 | B49: ТЕР16-04-001-02 | C49: Прокладка трубопроводов канализации из полиэтиленовых труб высокой плотности диаметром 100 мм | D49: 100 м | E49: 0.045 | F49: 8610.79 | G49: 860.55 | H49: 36.81 | I49: 1.09 | J49: 387 | K49: 39 | L49: 2 | N49: 61.6 | O49: 2.77 | P49: 0.06
A50: 25 | B50: ТЕР16-04-001-01 | C50: Прокладка трубопроводов канализации из полиэтиленовых труб высокой плотности диаметром 50 мм | D50: 100 м | E50: 0.03 | F50: 5197.98 | G50: 897.43 | H50: 15.84 | I50: 0.36 | J50: 156 | K50: 27 | N50: 64.24 | O50: 1.93 | P50: 0.02
A51: 26 | B51: ТСЦ-301-1224 | C51: Крепления для трубопроводов: кронштейны, планки, хомуты | D51: кг | E51: 1.3 | F51: 17.02 | J51: 22
A52: 27 | B52: ТЕР16-07-004-02 | C52: Врезка в действующие внутренние сети трубопроводов канализации диаметром 100 мм | D52: 1 врезка | E52: 1 | F52: 199.38 | G52: 107.37 | H52: 1.09 | J52: 199 | K52: 107 | L52: 1 | N52: 8.94 | O52: 8.94
A53: Раздел 4. Установка приборов
A54: для гостиничного номера
A55: 28 | B55: ТЕР17-01-001-14 | C55: Установка умывальников одиночных с подводкой холодной и горячей воды | D55: 10 компл. | E55: 0.1 | F55: 407.19 | G55: 293.36 | H55: 29.83 | I55: 2.03 | J55: 41 | K55: 29 | L55: 3 | N55: 21.65 | O55: 2.17 | P55: 0.13 | Q55: 0.01
A56: 29 | B56: Цена поставщика. | C56: Умывальник с пьедесталом. (Цена: 3480,00:1,18:5,56х1,02) | D56: компл. | E56: 1 | F56: 541.03 | J56: 541
A57: 30 | B57: Цена поставщика. | C57: Смеситель для умывальника настольный. (Цена: 5500,00:1,18:5,56х1,02) | D57: шт | E57: 1 | F57: 855.08 | J57: 855
A58: 31 | B58: Цена поставщика | C58: Сифон для раковины (Цена:90,30:1,18:5,56х1,02) | D58: шт. | E58: 1 | F58: 14.04 | J58: 14
A59: 32 | B59: ТЕР17-01-003-01 | C59: Установка унитазов с бачком непосредственно присоединенным | D59: 10 компл. | E59: 0.1 | F59: 648.15 | G59: 330.18 | H59: 56.04 | I59: 5 | J59: 65 | K59: 33 | L59: 6 | M59: 1 | N59: 24.64 | O59: 2.46 | P59: 0.32 | Q59: 0.03
A60: 33 | B60: Цена поставщика | C60: Унитаз-компакт про-во Испания (Ц:4711руб:1,18:5,56х1,02) | D60: компл. | E60: 1 | F60: 732.41 | J60: 732
A61: 34 | B61: ТЕР17-01-002-02 | C61: Установка полотенцесушителей из латунных хромированных труб | D61: 10 шт. | E61: 0.1 | F61: 7614.93 | G61: 336.04 | H61: 12.06 | J61: 761 | K61: 34 | L61: 1 | N61: 24.8 | O61: 2.48
A62: 35 | B62: ТЕР17-01-001-20 | C62: Установка кабин душевых со стальными поддонами | D62: 10 компл. | E62: 0.1 | F62: 1021.68 | G62: 828.72 | H62: 102.26 | I62: 10.41 | J62: 102 | K62: 83 | L62: 10 | M62: 1 | N62: 61.16 | O62: 6.12 | P62: 0.61 | Q62: 0.06
A63: 36 | B63: Цена поставщика. | C63: Душевая кабина SEREHA SE-42100M (Ц:11430руб:1,18:5,56х1,02) | D63: компл. | E63: 1 | F63: 1777.01 | J63: 1777
A64: для комнаты уборочного инвентаря
A65: 37 | B65: ТЕР17-01-001-14 | C65: Установка умывальников одиночных с подводкой холодной и горячей воды | D65: 10 компл. | E65: 0.1 | F65: 407.19 | G65: 293.36 | H65: 29.83 | I65: 2.03 | J65: 41 | K65: 29 | L65: 3 | N65: 21.65 | O65: 2.17 | P65: 0.13 | Q65: 0.01
A66: 38 | B66: ТСЦ-301-0696 | C66: Умывальники полуфарфоровые и фарфоровые с смесителем с нижней камерой смешивания, кронштейнами, сифоном бутылочным латунным и выпуском, трапециевидные со встроенными установочными поверхностями без спинки, размером 550х420х150 мм | D66: компл. | E66: 1 | F66: 280.12 | J66: 280
A67: 39 | B67: ТЕР17-01-002-03 | C67: Установка смесителей | D67: 10 шт. | E67: 0.1 | F67: 112.27 | G67: 94.85 | H67: 0.29 | J67: 11 | K67: 9 | N67: 7 | O67: 0.7
A68: 40 | B68: ТСЦ-301-0619 | C68: Смесители общие для ванн и умывальников с душевой сеткой на гибком шланге, с кнопочным переключателем СМ-ВУ-ШЛР с цельнолитым корпусом | D68: компл. | E68: 1 | F68: 249.9 | J68: 250
A69: 41 | B69: ТЕР17-01-003-01 | C69: Установка унитазов с бачком непосредственно присоединенным | D69: 10 компл. | E69: 0.1 | F69: 5639.05 | G69: 330.18 | H69: 56.04 | I69: 5 | J69: 564 | K69: 33 | L69: 6 | M69: 1 | N69: 24.64 | O69: 2.46 | P69: 0.32 | Q69: 0.03
A70: 42 | B70: ТЕР17-01-002-01 | C70: Установка полотенцесушителей из водогазопроводных труб | D70: 10 шт. | E70: 0.1 | F70: 2771.21 | G70: 82.66 | H70: 11.49 | J70: 277 | K70: 8 | L70: 1 | N70: 6.1 | O70: 0.61
A71: 43 | B71: ТЕР17-01-001-20 | C71: Установка кабин душевых со стальными поддонами | D71: 10 компл. | E71: 0.1 | F71: 1021.68 | G71: 828.72 | H71: 102.26 | I71: 10.41 | J71: 102 | K71: 83 | L71: 10 | M71: 1 | N71: 61.16 | O71: 6.12 | P71: 0.61 | Q71: 0.06
A72: 44 | B72: Цена поставщика. | C72: Душевой уголок с низким поддоном SEREHA EW-42200M (Ц:6120руб:1,18:5,56х1,02) | D72: компл. | E72: 1 | F72: 951.47 | J72: 951
A73: Итого прямые затраты по смете в ценах 2001г. | J73: 14038 | K73: 1334 | L73: 105 | M73: 4 | O73: 99.83 | Q73: 0.26
A74: Итого прямые затраты по смете с учетом коэффициентов к итогам | J74: 14608 | K74: 1852 | L74: 157 | M74: 6 | O74: 132.47 | Q74: 0.36
A75: В том числе, справочно:
A76: Районный к-т 4,3% (Поз. 1-8, 10-12, 17, 19-22, 24-25, 27-28, 32, 34-35, 37, 39, 41-43, 18, 23) | J76: 57 | K76: 57
A77: При ремонте и реконструкции зданий и сооружений работы, аналогичные технологическим процессам в новом строительстве ОЗП=1,15; ЭМ=1,25; ЗПМ=1,25; ТЗ=1,15; ТЗМ=1,25 (Поз. 10-12, 17, 19-22, 24-25, 27-28, 32, 34-35, 37, 39, 41-43, 23) | J77: 208 | K77: 182 | L77: 26 | M77: 1 | O77: 12.882 | Q77: 0.0525
A78: Условия производства работ ОЗП=1,2; ЭМ=1,2; ЗПМ=1,2; ТЗ=1,2; ТЗМ=1,2 (Поз. 10-12, 17, 19-22, 24-25, 27-28, 32, 34-35, 37, 39, 41-43, 23) | J78: 305 | K78: 279 | L78: 26 | M78: 1 | O78: 19.752 | Q78: 0.052
A79: Накладные расходы | J79: 2291
A80: Сметная прибыль | J80: 1482
A81: Итоги по смете:
A82: Итого | J82: 18381 | O82: 132.47 | Q82: 0.36
A83: В том числе:
A84: Материалы | J84: 12599
A85: Машины и механизмы | J85: 157
A86: ФОТ | J86: 1858
A87: Накладные расходы | J87: 2291
A88: Сметная прибыль | J88: 1482
A89: ВСЕГО по смете | J89: 18381 | O89: 132.47 | Q89: 0.36
B91: Составил ______________________ | I91: Проверил _____________________

Sheet 24729
A1: СОГЛАСОВАНО: | E1: ФГУП "Комбинат "Электрохимприбор" | M1: УТВЕРЖДАЮ:
G2: (наименование стройки) | M2: Зам. генерального директора
M3: Е.В.Гордеев
A4: _________________ | M4: _________________
A5: " _____ " ________________ 201_ г. | M5: "______ " __________201_ г.
G6: ЛОКАЛЬНЫЙ СМЕТНЫЙ РАСЧЕТ № 24729
G7: (локальная смета)
C9: на | D9: Реконструкцию отопления. г.Лесной, ул.Кирова, 1а. Гостиница "Лесная"
E10: Гостиничный номер 4 этажа. Инв. № 8712564.
H11: (наименование работ и затрат, наименование объекта)
D13: Основание: Проект № 24490-12-ОВ
D14: Сметная стоимость строительных работ _______________________________________________________________________________________________ | J14: ___________________________15,147 | L14: тыс. руб.
D15: Средства на оплату труда _______________________________________________________________________________________________ | J15: ___________________________0,868 | L15: тыс. руб.
D16: Сметная трудоемкость _______________________________________________________________________________________________ | J16: _______________________________________________________________________________________________64,38 | L16: чел.час
D17: Составлен(а) в базовых ценах 2001г. в редакции 2009г.
A19: № пп | B19: Обоснование | C19: Наименование | D19: Ед. изм. | E19: Кол. | F19: Стоимость единицы, руб. | J19: Общая стоимость, руб. | N19: Т/з осн. раб.на ед. | O19: Т/з осн. раб. Всего | P19: Т/з мех. на ед. | Q19: Т/з мех. Всего
F20: Всего | G20: В том числе | J20: Всего | K20: В том числе
G21: Осн.З/п | H21: Эк.Маш | I21: З/пМех | K21: Осн.З/п | L21: Эк.Маш | M21: З/пМех
A22: 1 | B22: 2 | C22: 3 | D22: 4 | E22: 5 | F22: 6 | G22: 7 | H22: 8 | I22: 9 | J22: 10 | K22: 11 | L22: 12 | M22: 13 | N22: 14 | O22: 15 | P22: 16 | Q22: 17
A23: Раздел 1. Разборка конструкций
A24: 1 | B24: ТЕРр65-19-1 | C24: Демонтаж радиаторов весом до 80 кг | D24: 100 шт. | E24: 0.09 | F24: 1310.17 | G24: 1219.9 | H24: 90.27 | I24: 34.99 | J24: 118 | K24: 110 | L24: 8 | M24: 3 | N24: 110 | O24: 9.9 | P24: 2.24 | Q24: 0.2
A25: 2 | B25: ТЕРр65-13-1 | C25: Демонтаж воздухосборников | D25: 100 шт. | E25: 0.02 | F25: 589.69 | G25: 589.69 | J25: 12 | K25: 12 | N25: 49.1 | O25: 0.98
A26: 3 | B26: ТЕРр65-14-1 | C26: Разборка трубопроводов из водогазопроводных труб в зданиях и сооружениях на резьбе диаметром до 32 мм | D26: 100 м трубопровода | E26: 0.35 | F26: 453.98 | G26: 453.98 | J26: 159 | K26: 159 | N26: 37.8 | O26: 13.23
A27: Раздел 2. Отопление
A28: 4 | B28: ТЕР18-03-001-02 | C28: Установка радиаторов стальных | D28: 100 кВт радиаторов | E28: 0.08517 | F28: 2426.28 | G28: 828.53 | H28: 270.15 | I28: 20.22 | J28: 207 | K28: 71 | L28: 23 | M28: 2 | N28: 65.6 | O28: 5.59 | P28: 1.28 | Q28: 0.11
A29: 5 | B29: ТСЦ-301-1245 | C29: Радиаторы алюминивые, количество секций 1, мощность 155 Вт | D29: шт. | E29: 51 | F29: 175.66 | J29: 8959
A30: 6 | B30: ТСЦ-301-1308 | C30: Пробки радиаторные | D30: шт. | E30: 8 | F30: 19.04 | J30: 152
A31: 7 | B31: ТЕР18-07-001-05 | C31: Установка кранов воздушных | D31: 1 компл. | E31: 8 | F31: 2.68 | G31: 1.73 | J31: 21 | K31: 14 | N31: 0.12 | O31: 0.96
A32: 8 | B32: ТСЦ-301-1313 | C32: Кран радиаторный прямой, верхний | D32: шт. | E32: 8 | F32: 127.09 | J32: 1017
A33: 9 | B33: ТЕР16-02-001-01 | C33: Прокладка трубопроводов отопления из стальных водогазопроводных неоцинкованных труб диаметром 15 мм | D33: 100 м трубопровода | E33: 0.17 | F33: 3897.38 | G33: 446.74 | H33: 69.04 | I33: 2.73 | J33: 663 | K33: 76 | L33: 12 | N33: 32.97 | O33: 5.6 | P33: 0.15 | Q33: 0.03
A34: 10 | B34: ТЕР16-02-001-02 | C34: Прокладка трубопроводов отопления из стальных водогазопроводных неоцинкованных труб диаметром 20 мм | D34: 100 м трубопровода | E34: 0.075 | F34: 4340.3 | G34: 446.74 | H34: 69.04 | I34: 2.73 | J34: 326 | K34: 34 | L34: 5 | N34: 32.97 | O34: 2.47 | P34: 0.15 | Q34: 0.01
A35: 11 | B35: ТЕР16-02-001-04 | C35: Прокладка трубопроводов отопления из стальных водогазопроводных неоцинкованных труб диаметром 32 мм | D35: 100 м трубопровода | E35: 0.12 | F35: 5528.68 | G35: 446.74 | H35: 69.04 | I35: 2.73 | J35: 663 | K35: 54 | L35: 8 | N35: 32.97 | O35: 3.96 | P35: 0.15 | Q35: 0.02
A36: 12 | B36: ТСЦ-301-1224 | C36: Крепления для трубопроводов: кронштейны, планки, хомуты | D36: кг | E36: 1.2 | F36: 17.02 | J36: 20
A37: 13 | B37: ТСЦ-302-1341 | C37: Вентили проходные муфтовые 15кч18п для воды давлением 1,6 МПа (16 кгс/см2), диаметром 15 мм | D37: шт. | E37: 1 | F37: 26.18 | J37: 26
A38: 14 | B38: ТСЦ-302-1831 | C38: Кран шаровой муфтовый 11Б27П1, диаметром 15 мм | D38: шт. | E38: 2 | F38: 25.14 | J38: 50
A39: 15 | B39: ТСЦ-302-1832 | C39: Кран шаровой муфтовый 11Б27П1, диаметром 20 мм | D39: шт. | E39: 1 | F39: 39.32 | J39: 39
A40: 16 | B40: ТСЦ-302-1834 | C40: Кран шаровой муфтовый 11Б27П1, диаметром 32 мм | D40: шт. | E40: 1 | F40: 117.5 | J40: 118
A41: 17 | B41: ТЕР18-06-003-03 | C41: Установка воздухосборников наружным диаметром 108 мм | D41: 1 шт. | E41: 2 | F41: 171.76 | G41: 16.21 | H41: 9.06 | I41: 0.18 | J41: 344 | K41: 32 | L41: 18 | N41: 1.21 | O41: 2.42 | P41: 0.01 | Q41: 0.02
A42: 18 | B42: ТЕР16-07-005-01 | C42: Гидравлическое испытание трубопроводов систем отопления, водопровода и горячего водоснабжения диаметром до 50 мм | D42: 100 м трубопровода | E42: 0.365 | F42: 104.4 | G42: 82.16 | H42: 15.29 | J42: 38 | K42: 30 | L42: 6 | N42: 5.01 | O42: 1.83
A43: 19 | B43: ТЕР15-04-030-04 | C43: Масляная окраска металлических поверхностей труб диаметром менее 50 мм и т.п., количество окрасок 2 | D43: 100 м2 | E43: 0.05 | F43: 1384.09 | G43: 886.83 | H43: 3.68 | I43: 0.16 | J43: 69 | K43: 44 | N43: 71.06 | O43: 3.55 | P43: 0.01
A44: 20 | B44: ТЕР26-01-017-01 | C44: Изоляция трубопроводов изделиями из вспененного полиэтилена («Термофлекс») трубками | D44: 10 м | E44: 0.6 | F44: 259.25 | G44: 49.17 | H44: 28.25 | J44: 156 | K44: 30 | L44: 17 | N44: 3.52 | O44: 2.11
A45: 21 | B45: ТСЦ-104-0279 | C45: Трубки из вспененного полиэтилена, внутренний диаметр до 54 мм, толщина 13 мм | D45: м | E45: 6.6 | F45: 33.87 | J45: 224
A46: Итого прямые затраты по смете в ценах 2001г. | J46: 13381 | K46: 666 | L46: 97 | M46: 5 | O46: 52.6 | Q46: 0.39
A47: Итого прямые затраты по смете с учетом коэффициентов к итогам | J47: 13624 | K47: 861 | L47: 145 | M47: 7 | O47: 64.38 | Q47: 0.5
A48: В том числе, справочно:
A49: Районный к-т 4,3% (Поз. 1-21) | J49: 28 | K49: 29
A50: При ремонте и реконструкции зданий и сооружений работы, аналогичные технологическим процессам в новом строительстве ОЗП=1,15; ЭМ=1,25; ЗПМ=1,25; ТЗ=1,15; ТЗМ=1,25 (Поз. 4-21) | J50: 83 | K50: 60 | L50: 22 | O50: 4.2735 | Q50: 0.0475
A51: На испытание систем отопления с проверкой равномерности прогрева отопительных приборов 3% (тех.часть п.1.18.16) ОЗП=1,03; ЭМ=1,03; ЗПМ=1,03; ТЗ=1,03; ТЗМ=1,03 (Поз. 4-18) | J51: 14 | K51: 11 | L51: 3 | O51: 0.7875 | Q51: 0.0072
A52: Условия производства работ ОЗП=1,2; ЭМ=1,2; ЗПМ=1,2; ТЗ=1,2; ТЗМ=1,2 (Поз. 4-21) | J52: 118 | K52: 95 | L52: 23 | M52: 1 | O52: 6.71 | Q52: 0.05
A53: Накладные расходы | J53: 924
A54: Сметная прибыль | J54: 599
A55: Итоги по смете:
A56: Итого | J56: 15147 | O56: 64.38 | Q56: 0.5
A57: В том числе:
A58: Материалы | J58: 12618
A59: Машины и механизмы | J59: 145
A60: ФОТ | J60: 868
A61: Накладные расходы | J61: 924
A62: Сметная прибыль | J62: 599
A63: ВСЕГО по смете | J63: 15147 | O63: 64.38 | Q63: 0.5
B65: Составил ______________________ | I65: Проверил _____________________

Sheet 24730
A1: СОГЛАСОВАНО: | E1: ФГУП "Комбинат "Электрохимприбор" | M1: УТВЕРЖДАЮ:
G2: (наименование стройки) | M2: Зам. генерального директора
M3: Е.В.Гордеев
A4: _________________ | M4: _________________
A5: " _____ " ________________ 201_ г. | M5: "______ " __________201_ г.
G6: ЛОКАЛЬНЫЙ СМЕТНЫЙ РАСЧЕТ № 24730
G7: (локальная смета)
C9: на | D9: Реконструкцию вентиляции. г.Лесной, ул.Кирова, 1а. Гостиница "Лесная"
E10: Гостиничный номер 4 этажа. Инв. № 8712564.
H11: (наименование работ и затрат, наименование объекта)
D13: Основание: Проект № 24499-12-ОВ
D14: Сметная стоимость строительных работ _______________________________________________________________________________________________ | J14: ___________________________4,191 | L14: тыс. руб.
D15: Средства на оплату труда _______________________________________________________________________________________________ | J15: ___________________________0,257 | L15: тыс. руб.
D16: Сметная трудоемкость _______________________________________________________________________________________________ | J16: _______________________________________________________________________________________________20,12 | L16: чел.час
D17: Составлен(а) в базовых ценах 2001г. в редакции 2009г.
A19: № пп | B19: Обоснование | C19: Наименование | D19: Ед. изм. | E19: Кол. | F19: Стоимость единицы, руб. | J19: Общая стоимость, руб. | N19: Т/з осн. раб.на ед. | O19: Т/з осн. раб. Всего | P19: Т/з мех. на ед. | Q19: Т/з мех. Всего
F20: Всего | G20: В том числе | J20: Всего | K20: В том числе
G21: Осн.З/п | H21: Эк.Маш | I21: З/пМех | K21: Осн.З/п | L21: Эк.Маш | M21: З/пМех
A22: 1 | B22: 2 | C22: 3 | D22: 4 | E22: 5 | F22: 6 | G22: 7 | H22: 8 | I22: 9 | J22: 10 | K22: 11 | L22: 12 | M22: 13 | N22: 14 | O22: 15 | P22: 16 | Q22: 17
A23: Раздел 1. Вентиляция
A24: 1 | B24: ТЕР20-03-001-01 | C24: Установка вентиляторов массой до 0,05 т | D24: 1 вентилятор | E24: 1 | F24: 100.35 | G24: 78.55 | H24: 6.66 | I24: 0.18 | J24: 100 | K24: 79 | L24: 7 | N24: 6.54 | O24: 6.54 | P24: 0.01 | Q24: 0.01
A25: 2 | B25: Цена поставщика | C25: Вентилятор канальный KV 100 XL (Цена:6127,75руб :1,18:5,56х1,02) | D25: комп-кт | E25: 1 | F25: 952.67 | J25: 953
A26: 3 | B26: Цена поставщика | C26: Быстросъемная муфта FK 100 (Цена:125,06руб :1,18:5,56х1,02) | D26: комп-кт | E26: 1 | F26: 19.44 | J26: 19
A27: 4 | B27: Цена поставщика | C27: Жалюзи VK 15*3 (Цена:1458.99руб :1,18:5,56х1,02) | D27: комп-кт | E27: 1 | F27: 226.83 | J27: 227
A28: 5 | B28: Цена поставщика | C28: Трансформатор RE 1.5 (Цена:5210,68руб :1,18:5,56х1,02) | D28: комп-кт | E28: 1 | F28: 810.1 | J28: 810
A29: 6 | B29: ТЕР20-02-003-04 | C29: Установка решеток жалюзийных стальных штампованных | D29: 1 решетка | E29: 2 | F29: 20.76 | G29: 14.78 | H29: 2.94 | J29: 42 | K29: 30 | L29: 6 | N29: 1.17 | O29: 2.34
A30: 7 | B30: Цена поставщика | C30: Решетки АЛН 150х200мм (Ц:484руб:1,18:5,56х1,02) | D30: шт | E30: 2 | F30: 75.25 | J30: 151
A31: 8 | B31: ТЕР20-01-001-01 | C31: Прокладка воздуховодов из листовой, оцинкованной стали и алюминия класса Н (нормальные) толщиной 0,5 мм, диаметром до 200 мм | D31: 100 м2 | E31: 0.019 | F31: 2810.67 | G31: 2068.04 | H31: 170.31 | I31: 9.46 | J31: 53 | K31: 39 | L31: 3 | N31: 167.86 | O31: 3.19 | P31: 0.52 | Q31: 0.01
A32: 9 | B32: ТЕР20-01-001-01 | C32: Прокладка перехода из листовой, оцинкованной стали толщиной 0,5 мм, диам.100 х диам. 125 мм, L=300 мм | D32: 100 м2 | E32: 0.0035 | F32: 2810.67 | G32: 2068.04 | H32: 170.31 | I32: 9.46 | J32: 10 | K32: 7 | L32: 1 | N32: 167.86 | O32: 0.59 | P32: 0.52
A33: 10 | B33: ТСЦ-301-1786 | C33: Воздуховоды из оцинкованной стали толщиной 0,5 мм, диаметром до 200 мм | D33: м2 | E33: 2.25 | F33: 347.48 | J33: 782
A34: 11 | B34: ТЕР20-01-001-03 | C34: Прокладка воздуховодов из листовой, оцинкованной стали и алюминия класса Н (нормальные) толщиной 0,5 мм, периметром 800, 1000 мм | D34: 100 м2 | E34: 0.008 | F34: 2601.53 | G34: 1893.46 | H34: 136.2 | I34: 7.46 | J34: 21 | K34: 15 | L34: 1 | N34: 153.69 | O34: 1.23 | P34: 0.41
A35: 12 | B35: ТСЦ-301-1787 | C35: Воздуховоды из оцинкованной стали толщиной 0,5 мм, периметром до 600 мм | D35: м2 | E35: 0.8 | F35: 249.07 | J35: 199
A36: 13 | B36: ТСЦ-300-9240-00003 | C36: Крепления для воздуховодов: подвески СТД 6228, СТД 6229 | D36: кг | E36: 0.8 | F36: 12.91 | J36: 10
A37: 14 | B37: ТСЦ-301-0477 | C37: Крепления для воздуховодов | D37: т | E37: 0.00093 | F37: 12914.61 | J37: 12
A38: 15 | B38: ТСЦ-301-3096 | C38: Шиберы в обечайке из тонколистовой оцинкованной и сортовой стали прямоугольные периметром до 600 мм | D38: шт. | E38: 2 | F38: 80.93 | J38: 162
A39: Итого прямые затраты по смете в ценах 2001г. | J39: 3551 | K39: 170 | L39: 18 | O39: 13.89 | Q39: 0.02
A40: Итого прямые затраты по смете с учетом коэффициентов к итогам | J40: 3649 | K40: 257 | L40: 29 | O40: 20.12 | Q40: 0.04
A41: В том числе, справочно:
A42: Районный к-т 4,3% (Поз. 1, 6, 8-9, 11) | J42: 7 | K42: 7
A43: При ремонте и реконструкции зданий и сооружений работы, аналогичные технологическим процессам в новом строительстве ОЗП=1,15; ЭМ=1,25; ЗПМ=1,25; ТЗ=1,15; ТЗМ=1,25 (Поз. 1, 6, 8-9, 11) | J43: 32 | K43: 27 | L43: 4 | O43: 2.0835 | Q43: 0.005
A44: На испытание систем вентиляции и кондиционирования воздуха 5% (тех.часть п.20.19 ОП) ОЗП=1,05; ЭМ=1,05; ЗПМ=1,05; ТЗ=1,05; ТЗМ=1,05 (Поз. 1, 6, 8-9, 11) | J44: 11 | K44: 10 | L44: 1 | O44: 0.7985 | Q44: 0.0015
A45: Условия производства работ ОЗП=1,2; ЭМ=1,2; ЗПМ=1,2; ТЗ=1,2; ТЗМ=1,2 (Поз. 1, 6, 8-9, 11) | J45: 48 | K45: 43 | L45: 5 | O45: 3.354 | Q45: 0.006
A46: Накладные расходы | J46: 329
A47: Сметная прибыль | J47: 213
A48: Итоги по смете:
A49: Итого | J49: 4191 | O49: 20.12 | Q49: 0.04
A50: В том числе:
A51: Материалы | J51: 3363
A52: Машины и механизмы | J52: 29
A53: ФОТ | J53: 257
A54: Накладные расходы | J54: 329
A55: Сметная прибыль | J55: 213
A56: ВСЕГО по смете | J56: 4191 | O56: 20.12 | Q56: 0.04
B59: Составил ______________________ | I59: Проверил _____________________

Sheet 24732
A1: СОГЛАСОВАНО: | E1: ФГУП "Комбинат "Электрохимприбор" | M1: УТВЕРЖДАЮ:
G2: (наименование стройки) | M2: Зам.генерального директора
A3: _________________ | N3: Е.В. Гордеев
A4: " _____ " ________________ 201_ г. | M4: __________________
G5: ЛОКАЛЬНЫЙ СМЕТНЫЙ РАСЧЕТ № 24732 | M5: "______ " __________201_ г.
G6: (локальная смета)
C8: на | D8: реконструкцию. Архитектурно-строительные решения. г. Лесной, ул.Кирова, 1а
E9: Гостиница "Лесная". Гостиничный номер. 4 этаж (инв. № 8712564)
D12: Основание: проект № 24508-12-АС
D13: Сметная стоимость строительных работ _______________________________________________________________________________________________ | J13: ___________________________163,505 | L13: тыс. руб.
D14: Средства на оплату труда _______________________________________________________________________________________________ | J14: ___________________________15,716 | L14: тыс. руб.
D15: Сметная трудоемкость _______________________________________________________________________________________________ | J15: _______________________________________________________________________________________________1156,22 | L15: чел.час
D16: Материалы ____________________________________________________________ | K16: 119,711 тыс.руб.
D17: Составлен(а) в базовых ценах 2001г. в редакции 2009г.
A19: № пп | B19: Обоснование | C19: Наименование | D19: Ед. изм. | E19: Кол. | F19: Стоимость единицы, руб. | J19: Общая стоимость, руб. | N19: Т/з осн. раб.на ед. | O19: Т/з осн. раб. Всего | P19: Т/з мех. на ед. | Q19: Т/з мех. Всего
F20: Всего | G20: В том числе | J20: Всего | K20: В том числе
G21: Осн.З/п | H21: Эк.Маш | I21: З/пМех | K21: Осн.З/п | L21: Эк.Маш | M21: З/пМех
A22: 1 | B22: 2 | C22: 3 | D22: 4 | E22: 5 | F22: 6 | G22: 7 | H22: 8 | I22: 9 | J22: 10 | K22: 11 | L22: 12 | M22: 13 | N22: 14 | O22: 15 | P22: 16 | Q22: 17
A23: Раздел 1. Разборка конструкций
A24: 1 | B24: ТЕР46-04-012-03 | C24: Разборка деревянных заполнений проемов дверных | D24: 100 м2 | E24: 0.12 | F24: 1496.49 | G24: 1184.57 | H24: 311.92 | I24: 120.9 | J24: 180 | K24: 143 | L24: 37 | M24: 15 | N24: 103.91 | O24: 12.47 | P24: 7.74 | Q24: 0.93
A25: 2 | B25: ТЕРр55-5-1 | C25: Разборка кирпичных перегородок | D25: 100 м2 | E25: 0.461 | F25: 2694.87 | G25: 1695.81 | H25: 999.06 | I25: 91.06 | J25: 1242 | K25: 782 | L25: 460 | M25: 42 | N25: 141.2 | O25: 65.09 | P25: 6.72 | Q25: 3.1
A26: 3 | B26: ТЕР46-04-012-01 | C26: Разборка деревянных заполнений проемов оконных с подоконными досками | D26: 100 м2 | E26: 0.084 | F26: 2461.28 | G26: 2149.36 | H26: 311.92 | I26: 120.9 | J26: 207 | K26: 181 | L26: 26 | M26: 10 | N26: 188.54 | O26: 15.84 | P26: 7.74 | Q26: 0.65
A27: 4 | B27: ТЕРр63-7-5 | C27: Разборка облицовки стен из керамических глазурованных плиток | D27: 100 м2 | E27: 0.147 | F27: 1081.91 | G27: 823.99 | H27: 257.92 | I27: 27.68 | J27: 159 | K27: 121 | L27: 38 | M27: 4 | N27: 74.3 | O27: 10.92 | P27: 1.99 | Q27: 0.29
A28: 5 | B28: ТЕРр57-2-3 | C28: Разборка покрытий полов из керамических плиток | D28: 100 м2 | E28: 0.046 | F28: 897.17 | G28: 839.14 | H28: 58.03 | I28: 22.49 | J28: 41 | K28: 39 | L28: 2 | M28: 1 | N28: 69.87 | O28: 3.21 | P28: 1.44 | Q28: 0.07
A29: 6 | B29: ТЕРр57-2-4 | C29: Разборка цементной стяжки | D29: 100 м2 | E29: 0.046 | F29: 4262.51 | G29: 1335.51 | H29: 2927 | I29: 288.33 | J29: 196 | K29: 61 | L29: 135 | M29: 13 | N29: 111.2 | O29: 5.12 | P29: 21 | Q29: 0.97
A30: 7 | B30: ТЕРр57-3-1 | C30: Разборка плинтусов деревянных и из пластмассовых материалов | D30: 100 м плинтуса | E30: 0.867 | F30: 41.43 | G30: 41.43 | J30: 36 | K30: 36 | N30: 3.77 | O30: 3.27
A31: 8 | B31: ТЕРр57-2-1 | C31: Разборка покрытий полов из линолеума | D31: 100 м2 | E31: 0.887 | F31: 130.42 | G31: 125.18 | H31: 5.24 | I31: 2.03 | J31: 116 | K31: 111 | L31: 5 | M31: 2 | N31: 11.39 | O31: 10.1 | P31: 0.13 | Q31: 0.12
A32: 9 | B32: ТЕРр63-12-1 | C32: Снятие плит подвесного потолка Армстронг с обратной укладкой их в подвесную конструкцию КОЭФ. К ПОЗИЦИИ: Новый коэффициент ОЗП=0,8; ЭМ=0,8 к расх.; ЗПМ=0,8; ТЗ=0,8; ТЗМ=0,8 | D32: 100 м2 | E32: 0.198 | F32: 5283.06 | G32: 413.16 | H32: 23.27 | I32: 2.25 | J32: 1046 | K32: 82 | L32: 5 | N32: 33.54 | O32: 6.64 | P32: 0.14 | Q32: 0.03
A33: 10 | B33: ТЕР46-03-009-02 | C33: Пробивка в кирпичных стенах гнезд размером до 260х260 мм | D33: 100 шт. | E33: 0.03 | F33: 3359.59 | G33: 689.7 | H33: 2669.89 | I33: 247.26 | J33: 101 | K33: 21 | L33: 80 | M33: 7 | N33: 53.3 | O33: 1.6 | P33: 15.83 | Q33: 0.47
A34: 11 | B34: ТЕРр56-10-1 | C34: Снятие дверных полотен пожарных ящиков | D34: 100 м2 | E34: 0.02 | F34: 405.97 | G34: 405.97 | J34: 8 | K34: 8 | N34: 36.28 | O34: 0.73
A35: 12 | B35: СЦП1-1-27-А | C35: Погрузочные работы при автомобильных перевозках: мусор строительный КОЭФ. К ПОЗИЦИИ: Коэффициент техн.часть п.3 ПЗ=1,025 (ОЗП=1,025; ЭМ=1,025 к расх.; ЗПМ=1,025; МАТ=1,025 к расх.; ТЗ=1,025; ТЗМ=1,025) | D35: т | E35: 13.76 | F35: 2.77 | G35: 2.77 | J35: 38 | K35: 38
A36: 13 | B36: СЦП3-3-40-1 | C36: Перевозка грузов (мусора) автомобилями-самосвалами (работающими вне карьеров): расстояние 40 км, класс груза I КОЭФ. К ПОЗИЦИИ: При перевозке грузов к провозной плате (тарифам) применять поправочный коэффициент ПЗ=1,37 (ОЗП=1,37; ЭМ=1,37 к расх.; ЗПМ=1,37; МАТ=1,37 к расх.; ТЗ=1,37; ТЗМ=1,37) | D36: т | E36: 13.76 | F36: 52.85 | H36: 52.85 | J36: 727 | L36: 727
A37: Раздел 2. Стены, перегородки. Установка конструкций из гипсокартона
A38: Облицовка стен гипсокартонными листами (С 623)
A39: 14 | B39: ТЕР10-05-008-03 | C39: Облицовка стен по системе «КНАУФ» по одинарному металлическому каркасу из потолочного профиля гипсокартонными листами (С 623) одним слоем с дверным проемом | D39: 100 м2 стен /за вычетом проемов | E39: 0.93 | F39: 2491.85 | G39: 1035.18 | H39: 46.17 | J39: 2317 | K39: 963 | L39: 43 | N39: 81 | O39: 75.33
A40: 15 | B40: ТСЦ-101-2509 | C40: Листы гипсокартонные ГКЛ 12,5 мм | D40: м2 | E40: 186 | F40: 35.15 | J40: 6538
A41: 16 | B41: ТСЦ-201-0802 | C41: Профиль потолочный ПП 60/27/0,6 | D41: м | E41: 186 | F41: 9.2 | J41: 1711
A42: 17 | B42: ТСЦ-201-0797 | C42: Профиль направляющий ПН 28/27/0,6 | D42: м | E42: 65.1 | F42: 5 | J42: 326
A43: 18 | B43: ТСЦ-101-2582 | C43: Шуруп самонарезающий (LN) 3,5/9,5 мм | D43: шт. | E43: 139 | F43: 0.04 | J43: 6
A44: 19 | B44: ТСЦ-101-2583 | C44: Шуруп самонарезающий (TN) 3,5/25 мм | D44: шт. | E44: 651 | F44: 0.08 | J44: 52
A45: 20 | B45: ТСЦ-101-2584 | C45: Шуруп самонарезающий (TN) 3,5/35 мм | D45: шт. | E45: 1395 | F45: 0.11 | J45: 153
A46: 21 | B46: ТСЦ-101-2438 | C46: Шпаклевка «Фугенфюллер», КНАУФ | D46: кг | E46: 70 | F46: 4.6 | J46: 322
A47: Перегородка (С112)
A48: 22 | B48: ТЕР10-05-002-02 | C48: Устройство перегородок из гипсокартонных листов (ГКЛ) по системе «КНАУФ» с одинарным металлическим каркасом и двухслойной обшивкой с обеих сторон (С 112) | D48: 100 м2 перегородок /за вычетом проемов | E48: 0.3877 | F48: 8259.86 | G48: 1738.08 | H48: 30.3 | J48: 3202 | K48: 674 | L48: 12 | N48: 136 | O48: 52.73
A49: 23 | B49: ТСЦ-101-2509 | C49: Листы гипсокартонные ГКЛ 12,5 мм | D49: м2 | E49: 144.3 | F49: 35.15 | J49: 5072
A50: 24 | B50: ТСЦ-101-2512 | C50: Листы гипсокартонные ГКЛВ 12,5 мм (влагостойкие) | D50: м2 | E50: 10.8 | F50: 45.02 | J50: 486
A51: 25 | B51: ТСЦ-101-2584 | C51: Шуруп самонарезающий (TN) 3,5/35 мм | D51: шт. | E51: 1163 | F51: 0.11 | J51: 128
A52: 26 | B52: ТСЦ-104-0319 прим. | C52: Плиты теплоизоляционные из стекловолокна | D52: м3 | E52: 2.6 | F52: 530.88 | J52: 1380
A53: Потолок (П-113)
A54: 27 | B54: ТЕР10-05-011-02 | C54: Устройство подвесных потолков из гипсокартонных листов (ГКЛ) по системе «КНАУФ» одноуровневых (П 113) | D54: 100 м2 потолка | E54: 0.1694 | F54: 6925.99 | G54: 1239.66 | H54: 34.51 | J54: 1173 | K54: 210 | L54: 6 | N54: 97 | O54: 16.43
A55: 28 | B55: ТСЦ-101-2508 | C55: Листы гипсокартонные ГКЛ 9,5 мм | D55: м2 | E55: 18.8 | F55: 31.58 | J55: 594
A56: 29 | B56: ТСЦ-101-2582 | C56: Шуруп самонарезающий (LN) 3,5/9,5 мм | D56: шт. | E56: 24 | F56: 0.04 | J56: 1
A57: 30 | B57: ТСЦ-101-2583 | C57: Шуруп самонарезающий (TN) 3,5/25 мм | D57: шт. | E57: 390 | F57: 0.08 | J57: 31
A58: 31 | B58: ТСЦ-201-0797 | C58: Профиль направляющий ПН 28/27/0,6 | D58: м | E58: 27.5 | F58: 5 | J58: 138
A59: Короб (П 19)
A60: 32 | B60: ТЕР10-05-001-01 прим. | C60: Устройство короба из гипсокартонных листов (ГКЛ) по системе «КНАУФ» с одинарным металлическим каркасом и однослойной обшивкой | D60: 100 м2 перегородок | E60: 0.054 | F60: 2784.65 | G60: 1252.44 | H60: 51.19 | J60: 150 | K60: 68 | L60: 3 | N60: 98 | O60: 5.29
A61: 33 | B61: ТСЦ-101-2508 | C61: Листы гипсокартонные ГКЛ 9,5 мм | D61: м2 | E61: 8.4 | F61: 31.58 | J61: 265
A62: 34 | B62: ТСЦ-201-0796 | C62: Профиль направляющий ПН-6 100/40/0,6 | D62: м | E62: 24 | F62: 13.78 | J62: 331
A63: 35 | B63: ТСЦ-201-0808 | C63: Профиль стоечный ПС-6 100/50/0,6 | D63: м | E63: 9 | F63: 15.85 | J63: 143
A64: 36 | B64: ТСЦ-201-0797 | C64: Профиль направляющий ПН 28/27/0,6 | D64: м | E64: 24 | F64: 5 | J64: 120
A65: 37 | B65: ТСЦ-201-0802 | C65: Профиль потолочный ПП 60/27/0,6 | D65: м | E65: 2.4 | F65: 9.2 | J65: 22
A66: 38 | B66: ТСЦ-101-2590 | C66: Дюбель с шурупом 6/35 мм | D66: шт. | E66: 14 | F66: 0.94 | J66: 13
A67: 39 | B67: ТСЦ-101-2582 | C67: Шуруп самонарезающий (LN) 3,5/9,5 мм | D67: шт. | E67: 80 | F67: 0.04 | J67: 3
A68: 40 | B68: ТСЦ-101-2583 | C68: Шуруп самонарезающий (TN) 3,5/25 мм | D68: шт. | E68: 70 | F68: 0.08 | J68: 6
A69: 41 | B69: ТСЦ-101-2438 | C69: Шпаклевка «Фугенфюллер», КНАУФ | D69: кг | E69: 7.4 | F69: 4.6 | J69: 34
A70: Короб для труб (С 62)
A71: 42 | B71: ТЕР10-05-008-01 прим. | C71: Облицовка стен по системе «КНАУФ» по одинарному металлическому каркасу гипсокартонными листами одним слоем | D71: 100 м2 стен /за вычетом проемов | E71: 0.014 | F71: 6540.67 | G71: 1060.74 | H71: 37.96 | J71: 92 | K71: 15 | L71: 1 | N71: 83 | O71: 1.16
A72: 43 | B72: ТСЦ-201-0797 | C72: Профиль направляющий ПН 28/27/0,6 | D72: м | E72: 6 | F72: 5 | J72: 30
A73: 44 | B73: ТСЦ-201-0802 | C73: Профиль потолочный ПП 60/27/0,6 | D73: м | E73: 5 | F73: 9.2 | J73: 46
A74: 45 | B74: ТСЦ-101-2438 | C74: Шпаклевка «Фугенфюллер», КНАУФ | D74: кг | E74: 1 | F74: 4.6 | J74: 5
A75: Разные работы
A76: 46 | B76: ТЕРр69-2-1 | C76: Сверление отверстий в кирпичных стенах электроперфоратором диаметром до 20 мм, толщина стен 0,5 кирпича (под ерши) | D76: 100 отверстий | E76: 0.72 | F76: 83.02 | G76: 65.93 | H76: 17.09 | J76: 60 | K76: 48 | L76: 12 | N76: 5.49 | O76: 3.95
A77: 47 | B77: ТЕР07-01-044-01 прим. | C77: Установка ершей в готовые гнезда с заделкой для крепления пристраиваемых конструкций ограждения к существующей стене | D77: т | E77: 0.009 | F77: 3906.63 | G77: 2444.6 | H77: 572.31 | J77: 35 | K77: 22 | L77: 5 | N77: 170 | O77: 1.53
A78: 48 | B78: ТСЦ-204-0020 | C78: Горячекатаная арматурная сталь периодического профиля класса А-III, диаметром 8 мм | D78: т | E78: 0.009 | F78: 5156.3 | J78: 46
A79: 49 | B79: ТЕР46-02-007-01 | C79: Кладка отдельных участков кирпичных стен и заделка проемов в кирпичных стенах при объеме кладки в одном месте до 5 м3 | D79: 1 м3 | E79: 1.117 | F79: 729.34 | G79: 168.39 | H79: 2.31 | J79: 815 | K79: 188 | L79: 3 | N79: 14.63 | O79: 16.34
A80: 50 | B80: Цена поставщика | C80: Раздвижная система из 4-х полотен с установкой (цена: 80000руб:1,18:5,56=12437,51) | D80: компл. | E80: 1 | F80: 12437.51 | J80: 12438
A81: 51 | B81: ТЕР20-02-002-01 | C81: Установка ревизионных люков площадью в свету до 0,5 м2 | D81: 1 шт. | E81: 2 | F81: 24.67 | G81: 18.44 | H81: 2.94 | J81: 49 | K81: 37 | L81: 6 | N81: 1.46 | O81: 2.92
A82: 52 | B82: Цена поставщика | C82: Люк ревизионный 20х20см (цена: 280:5,56:1,18х1,02=43,53) | D82: шт. | E82: 2 | F82: 43.53 | J82: 87
A83: Раздел 3. Проемы
A84: Установка дверных блоков
A85: 53 | B85: ТЕР10-01-034-04 | C85: Установка в жилых и общественных зданиях оконных блоков из ПВХ профилей поворотных (откидных, поворотно-откидных) с площадью проема более 2 м2 одностворчатых | D85: 100 м2 проемов | E85: 0.084 | F85: 12561.26 | G85: 1987.59 | H85: 552.31 | I85: 10.31 | J85: 1055 | K85: 167 | L85: 46 | M85: 1 | N85: 161.33 | O85: 13.55 | P85: 0.66 | Q85: 0.06
A86: 54 | B86: Цена поставщика | C86: Оконный блок ПВХ 3-хкамерный (цена: 7177:5,56х1,02=1316,64) | D86: шт. | E86: 2 | F86: 1316.64 | J86: 2633
A87: 55 | B87: Цена поставщика | C87: Оконный блок ПВХ 3-хкамерный с балконнойи дверью (цена: 14639:5,56х1,02=2685,57) | D87: шт. | E87: 1 | F87: 2685.57 | J87: 2686
A88: 56 | B88: ТЕР10-01-035-01 | C88: Установка подоконных досок из ПВХ в каменных стенах толщиной до 0,51 м | D88: 100 п. м | E88: 0.048 | F88: 4121.28 | G88: 254.49 | H88: 17.99 | I88: 0.62 | J88: 198 | K88: 12 | L88: 1 | N88: 21.19 | O88: 1.02 | P88: 0.04
A89: 57 | B89: Цена поставщика | C89: Подоконник ПВХ (цена: 554:5,56х1,02=101,63) | D89: шт. | E89: 3 | F89: 101.63 | J89: 305
A90: 58 | B90: ТЕР10-01-039-01 | C90: Установка блоков в наружных и внутренних дверных проемах в каменных стенах, площадь проема до 3 м2 | D90: 100 м2 проемов | E90: 0.042 | F90: 5941.74 | G90: 1349.38 | H90: 2984.53 | I90: 206.57 | J90: 250 | K90: 57 | L90: 125 | M90: 9 | N90: 104.28 | O90: 4.38 | P90: 11.35 | Q90: 0.48
A91: 59 | B91: ТЕР10-01-060-01 | C91: Установка и крепление наличников | D91: 100 м | E91: 0.104 | F91: 101.71 | G91: 90.01 | H91: 4.37 | J91: 11 | K91: 9 | N91: 7.82 | O91: 0.81
A92: 60 | B92: ТЕР10-01-039-03 | C92: Установка блоков в наружных и внутренних дверных проемах в перегородках, площадь проема до 3 м2 | D92: 100 м2 проемов | E92: 0.078 | F92: 33572.01 | G92: 1452.45 | H92: 425.76 | J92: 2619 | K92: 113 | L92: 33 | N92: 115 | O92: 8.97
A93: 61 | B93: Цена поставщика | C93: Дверь "Софья" (полотно 700х2000, 800х2000, 900х2000) (цена: 15236:5,56:1,18х1,02=2368,72) | D93: шт. | E93: 7 | F93: 2368.72 | J93: 16581
A94: 62 | B94: Цена поставщика | C94: Коробка дверная (цена: 2516:5,56:1,18х1,02=391,16) | D94: шт. | E94: 7 | F94: 391.16 | J94: 2738
A95: 63 | B95: Цена поставщика | C95: Наличник (цена: 545:5,56:1,18х1,02=84,73) | D95: шт. | E95: 30 | F95: 84.73 | J95: 2542
A96: 64 | B96: Цена поставщика | C96: Петли для дверей (цена: 747:5,56:1,18х1,02=116,14) | D96: шт. | E96: 14 | F96: 116.14 | J96: 1626
A97: 65 | B97: ТСЦ-101-0952 прим. | C97: Замок врезной с ручкой | D97: компл. | E97: 7 | F97: 96.14 | J97: 673
A98: 66 | B98: Цена поставщика | C98: Ручка на планке (цена: 550:5,56:1,18х1,02=85,51) | D98: шт. | E98: 7 | F98: 85.51 | J98: 599
A99: Раздел 4. Отделочные работы
A100: Потолки и стены
A101: 67 | B101: ТЕР15-01-047-15 | C101: Восстановление подвесных потолков типа <Армстронг> б/у по каркасу из оцинкованного профиля КОЭФ. К ПОЗИЦИИ: МАТ=0 к расх. | D101: 100 м2 | E101: 0.198 | F101: 1903.53 | G101: 1357.6 | H101: 545.93 | I101: 11.87 | J101: 377 | K101: 269 | L101: 108 | M101: 2 | N101: 102.46 | O101: 20.29 | P101: 0.76 | Q101: 0.15
A102: 68 | B102: ТСЦ-101-2414 | C102: Панели потолочные с комплектующими «Армстронг» (запасные плитки в случае повреждения существующих в количестве 10 шт.) | D102: м2 | E102: 3.6 | F102: 70.6 | J102: 254
A103: 69 | B103: ТЕРр61-2-7 | C103: Ремонт штукатурки внутренних стен по камню и бетону цементно-известковым раствором, площадью после пробивки отверстий | D103: 100 м2 | E103: 0.007 | F103: 4324.05 | G103: 2849.81 | H103: 27 | I103: 10.47 | J103: 30 | K103: 20 | N103: 228.35 | O103: 1.6 | P103: 0.67
A104: 70 | B104: ТЕР15-02-016-03 | C104: Штукатурка поверхностей внутри здания цементно-известковым или цементным раствором по камню и бетону улучшенная стен | D104: 100 м2 | E104: 0.06 | F104: 2722.42 | G104: 1137.38 | H104: 182.31 | I104: 78.56 | J104: 163 | K104: 68 | L104: 11 | M104: 5 | N104: 85.84 | O104: 5.15 | P104: 6.29 | Q104: 0.38
...

Sheet 24736
A1: СОГЛАСОВАНО: | E1: ФГУП "Комбинат "Электрохимприбор" | M1: УТВЕРЖДАЮ:
G2: (наименование стройки) | M2: Зам. генерального директора
M3: Е.В.Гордеев
A4: _________________ | M4: _________________
A5: " _____ " ________________ 201_ г. | M5: "______ " __________201_ г.
G6: ЛОКАЛЬНЫЙ СМЕТНЫЙ РАСЧЕТ № 24736
G7: (локальная смета)
C9: на | D9: Реконструкцию силовых и осветительных сетей. г.Лесной, ул.Кирова, 1а. Гостиница "Лесная"
E10: Гостиничный номер 4 этажа. Инв. № 8712564.
H11: (наименование работ и затрат, наименование объекта)
D13: Основание: проект №24516-12-ЭМ
D14: Сметная стоимость _______________________________________________________________________________________________ | J14: ___________________________49,502 | L14: тыс. руб.
D15: строительных работ _______________________________________________________________________________________________ | J15: _______________________________________________________________________________________________2,726 | L15: тыс. руб.
D16: монтажных работ _______________________________________________________________________________________________ | J16: _______________________________________________________________________________________________46,269 | L16: тыс. руб.
D17: оборудования _______________________________________________________________________________________________ | J17: _______________________________________________________________________________________________0,507 | L17: тыс. руб.
D18: Средства на оплату труда _______________________________________________________________________________________________ | J18: ___________________________9,191 | L18: тыс. руб.
D19: Сметная трудоемкость _______________________________________________________________________________________________ | J19: _______________________________________________________________________________________________558,26 | L19: чел.час
D20: Составлен(а) в базовых ценах 2001г. в редакции 2009г.
A22: № пп | B22: Обоснова-ние | C22: Наименование | D22: Ед. изм. | E22: Кол. | F22: Стоимость единицы, руб. | J22: Общая стоимость, руб. | O22: Т/з осн. раб.на ед. | P22: Т/з осн. раб. Всего | Q22: Общая масса обору-дования, т
F23: Всего | G23: В том числе | J23: Обору-дование | K23: Всего | L23: В том числе
G24: Осн.З/п | H24: Эк.Маш | I24: З/пМех | L24: Осн.З/п | M24: Эк.Маш | N24: З/пМех
A25: 1 | B25: 2 | C25: 3 | D25: 4 | E25: 5 | F25: 6 | G25: 7 | H25: 8 | I25: 9 | J25: 10 | K25: 11 | L25: 12 | M25: 13 | N25: 14 | O25: 15 | P25: 16 | Q25: 17
A26: Раздел 1. Демонтажные работы
A27: 1 | B27: ТЕРр67-4-3 | C27: Демонтаж светильников с лампами накаливания | D27: 100 шт. | E27: 0.1 | F27: 70.67 | G27: 69.46 | H27: 1.21 | I27: 0.47 | K27: 7 | L27: 7 | O27: 6.32 | P27: 0.63
A28: 2 | B28: ТЕРр67-4-1 | C28: Демонтаж выключателей, розеток | D28: 100 шт. | E28: 0.11 | F28: 64.18 | G28: 64.18 | K28: 7 | L28: 7 | O28: 5.84 | P28: 0.64
A29: 3 | B29: ТЕРм08-03-545-01 | C29: Демонтаж: ответвительная коробка скрытой проводки КОЭФ. К ПОЗИЦИИ: демонтаж ОЗП=0,3; ЭМ=0,3 к расх.; ЗПМ=0,3; МАТ=0 к расх.; ТЗ=0,3; ТЗМ=0,3 | D29: 1 шт. | E29: 5 | F29: 13.87 | G29: 13.16 | H29: 0.71 | K29: 69 | L29: 66 | M29: 3 | O29: 0.99 | P29: 4.95
A30: 4 | B30: ТЕРр67-3-1 | C30: Демонтаж кабеля | D30: 100 м | E30: 0.25 | F30: 106.34 | G30: 105.94 | H30: 0.4 | I30: 0.16 | K30: 27 | L30: 27 | O30: 9.64 | P30: 2.41
A31: Раздел 2. Монтажные работы
A32: 5 | B32: ТЕРм08-03-526-01 | C32: Автомат одно-, двух-, трехполюсный, устанавливаемый в шкафу, на ток до 25 А | D32: 1 шт. | E32: 2 | F32: 174.77 | G32: 20.9 | H32: 1.28 | K32: 350 | L32: 42 | M32: 3 | O32: 1.56 | P32: 3.12
A33: 6 | B33: ТСЦ-509-0323 прим. | C33: Выключатели автоматические ВА47-29 16А, 25А | D33: шт. | E33: 2 | F33: 33.29 | K33: 67
A34: 7 | B34: ТЕРм08-03-591-09 | C34: Розетка штепсельная утопленного типа при скрытой проводке | D34: 100 шт. | E34: 0.1 | F34: 696.25 | G34: 532.26 | H34: 11.69 | I34: 0.73 | K34: 70 | L34: 53 | M34: 1 | O34: 38.1 | P34: 3.81
A35: 8 | B35: Цена поставщика | C35: Розетка одноместная с з/к скрытой установки (в сборе) "UNICA" цвет: белый (Ц:95руб:1,18:5,56) | D35: шт. | E35: 10 | F35: 14.48 | K35: 145
A36: 9 | B36: Цена поставщика | C36: Рамка горизонтальная, 4 места "UNICA" цвет: белый (Ц:218руб:1,18:5,56) | D36: шт. | E36: 1 | F36: 33.23 | K36: 33
A37: 10 | B37: Цена поставщика | C37: Рамка горизонтальная, 2 места "UNICA" цвет: белый (Ц:114руб:1,18:5,56) | D37: шт. | E37: 2 | F37: 17.38 | K37: 35
A38: 11 | B38: ТЕРм08-03-591-10 | C38: Розетка штепсельная полугерметическая и герметическая | D38: 100 шт. | E38: 1 | F38: 1651.95 | G38: 1063.12 | H38: 76.69 | I38: 2.18 | K38: 1652 | L38: 1063 | M38: 77 | N38: 2 | O38: 76.1 | P38: 76.1
A39: 12 | B39: Цена поставщика | C39: Розетка одноместная с з/к скрытой установки (в сборе) со шторками "UNICA" цвет: белый (Ц:162руб:1,18:5,56) | D39: шт. | E39: 1 | F39: 24.69 | K39: 25
A40: 13 | B40: ТЕРм08-03-591-05 | C40: Выключатель двухклавишный утопленного типа при скрытой проводке | D40: 100 шт. | E40: 0.01 | F40: 511.12 | G40: 458.22 | H40: 11.69 | I40: 0.73 | K40: 5 | L40: 5 | O40: 32.8 | P40: 0.33
A41: 14 | B41: Цена поставщика | C41: Выключатель двухклавишный (в сборе) "UNICA" цвет: белый с подсветкой (Ц:576руб:1,18:5,56) | D41: шт. | E41: 1 | F41: 87.79 | K41: 88
A42: 15 | B42: ТЕРм08-03-591-02 | C42: Выключатель одноклавишный утопленного типа при скрытой проводке | D42: 100 шт. | E42: 0.08 | F42: 502.57 | G42: 449.83 | H42: 11.69 | I42: 0.73 | K42: 40 | L42: 36 | M42: 1 | O42: 32.2 | P42: 2.58
A43: 16 | B43: Цена поставщика | C43: Выключатель одноклавишный (в сборе) "UNICA" цвет: белый с подсветкой (Ц:265руб:1,18:5,56) | D43: шт. | E43: 8 | F43: 40.39 | K43: 323
A44: 17 | B44: Цена поставщика | C44: Коробка КМ41004 распаячная для тв.стен d80x40мм (с крышкой) UKT01-080-040-000 (Ц:11,87руб:1,18:5,56) | D44: шт. | E44: 3 | F44: 1.81 | K44: 5
A45: 18 | B45: Цена поставщика | C45: Коробка КМ41024 распаячная d80х40мм для полых стен (металлические лапки, с крышкой ) UKG01-080-040-000-M (Ц:15,44руб:1,18:5,56) | D45: шт. | E45: 10 | F45: 2.35 | K45: 24
A46: 19 | B46: Цена поставщика | C46: Коробка КМ40002 установочная для тв.стен d65x40мм (с саморезами) UKT10-065-040-000 (Ц:5,10руб:1,18:5,56) | D46: шт. | E46: 12 | F46: 0.78 | K46: 9
A47: 20 | B47: Цена поставщика | C47: Коробка КМ40021 установочная d65х40мм для полых стен (с саморезами, металлические лапки) UKG10-065-040-000-М (Ц:12,63руб:1,18:5,56) | D47: шт. | E47: 10 | F47: 1.93 | K47: 19
A48: 21 | B48: Цена поставщика | C48: Коробка КМ41237 распаячная для о/п d75х40мм IP44 (RAL7035, 4 гермоввода) UKO11-075-040-000-K41-44 (Ц:21руб:1,18:5.56) | D48: шт. | E48: 4 | F48: 3.2 | K48: 13
A49: 22 | B49: ТЕРм08-03-594-02 | C49: Светильник отдельно устанавливаемый на штырях с количеством ламп в светильнике 2 | D49: 100 шт. | E49: 0.01 | F49: 6855.13 | G49: 1620.52 | H49: 2228.22 | I49: 710.91 | K49: 69 | L49: 16 | M49: 22 | N49: 7 | O49: 116 | P49: 1.16
A50: 23 | B50: Цена поставщика | C50: Светильник AOT.PRS 236 (Ц:1559руб:1,18:5,56) | D50: шт. | E50: 1 | F50: 237.62 | K50: 238
A51: 24 | B51: ТЕРм08-03-594-01 | C51: Светильник отдельно устанавливаемый на штырях с количеством ламп в светильнике 1 | D51: 100 шт. | E51: 0.04 | F51: 5754.44 | G51: 1229.36 | H51: 1526.51 | I51: 520.21 | K51: 230 | L51: 49 | M51: 61 | N51: 21 | O51: 88 | P51: 3.52
A52: 25 | B52: Цена поставщика | C52: Светильник C360 1х32 (Ц:1599,21руб:1,18:5,56) | D52: шт. | E52: 4 | F52: 243.75 | K52: 975
A53: 26 | B53: ТЕРм08-03-593-19 | C53: Светильник в подвесных потолках | D53: 100 шт. | E53: 0.03 | F53: 9513.69 | G53: 1648.46 | H53: 1195.77 | I53: 506.43 | K53: 285 | L53: 49 | M53: 36 | N53: 15 | O53: 118 | P53: 3.54
A54: 27 | B54: Цена поставщика | C54: Светильник Arte F5444PL-3CC (Ц:1734руб:1,18:5,56) | D54: шт. | E54: 3 | F54: 264.3 | K54: 793
A55: 28 | B55: ТСЦ-509-0696 | C55: Лампы люминесцентные | D55: 10 шт. | E55: 0.6 | F55: 113.9 | K55: 68
A56: 29 | B56: ТЕРм08-03-593-19 | C56: Светильник в подвесных потолках | D56: 100 шт. | E56: 0.05 | F56: 9513.69 | G56: 1648.46 | H56: 1195.77 | I56: 506.43 | K56: 476 | L56: 82 | M56: 60 | N56: 25 | O56: 118 | P56: 5.9
A57: 30 | B57: Цена поставщика | C57: Светильник встраиваемый Massive 59940/11/10 (Ц:1136руб:1,18:5,56) | D57: шт. | E57: 5 | F57: 173.15 | K57: 866
A58: 31 | B58: ТЕРм08-03-593-13 | C58: Люстры и подвесы с количеством ламп до 30 | D58: 1 шт. | E58: 2 | F58: 508.1 | G58: 68.45 | H58: 273.27 | I58: 74.22 | K58: 1016 | L58: 137 | M58: 547 | N58: 148 | O58: 4.9 | P58: 9.8
A59: 32 | B59: Цена поставщика | C59: Люстра Ornella 70401/25C (Ц:7496руб:1,18:5,56) | D59: шт. | E59: 1 | F59: 1142.54 | K59: 1143
A60: 33 | B60: Цена поставщика | C60: Люстра Ornella 70401/13C (Ц:4397руб:1,18:5,56) | D60: шт. | E60: 1 | F60: 670.19 | K60: 670
A61: 34 | B61: ТЕРм08-03-593-19 | C61: Светильник в подвесных потолках | D61: 100 шт. | E61: 0.06 | F61: 9513.69 | G61: 1648.46 | H61: 1195.77 | I61: 506.43 | K61: 571 | L61: 99 | M61: 72 | N61: 30 | O61: 118 | P61: 7.08
A62: 35 | B62: Цена поставщика | C62: Светильник Novotech 369226 (Ц:438руб:1,18:5,56) | D62: шт. | E62: 6 | F62: 66.76 | K62: 401
A63: 36 | B63: ТСЦ-509-0742 прим. | C63: Лампы галогенные | D63: 10 шт. | E63: 5.8 | F63: 172.23 | K63: 999
A64: 37 | B64: ТЕРм08-02-409-04 | C64: Труба винипластовая по установленным конструкциям, по потолкам, диаметр до 50 мм КОЭФ. К ПОЗИЦИИ: 1.8.3.ОП При производстве работ на высоте свыше расстояний, указанных в вводных указаниях к разделам сборника: при высоте свыше 2 до 8 м ОЗП=1,05; ТЗ=1,05 | D64: 100 м | E64: 3.05 | F64: 2427.1 | G64: 379.82 | H64: 530.78 | I64: 185.61 | K64: 7403 | L64: 1158 | M64: 1619 | N64: 566 | O64: 28.67 | P64: 87.44
A65: 38 | B65: ТСЦ-301-1380 | C65: Трубки защитные гофрированные | D65: м | E65: 305 | F65: 10.01 | K65: 3053
A66: 39 | B66: ТЕРм08-02-412-01 | C66: Затягивание провода в проложенные трубы и металлические рукава первого одножильного или многожильного в общей оплетке, суммарное сечение до 2,5 мм2 КОЭФ. К ПОЗИЦИИ: 1.8.3.ОП При производстве работ на высоте свыше расстояний, указанных в вводных указаниях к разделам сборника: при высоте свыше 2 до 8 м ОЗП=1,05; ТЗ=1,05 | D66: 100 м | E66: 3.3 | F66: 661.77 | G66: 78.05 | H66: 2.92 | I66: 0.18 | K66: 2184 | L66: 258 | M66: 10 | N66: 1 | O66: 5.89 | P66: 19.44
A67: 40 | B67: ТСЦ-501-8190 | C67: Кабель силовой с медными жилами с поливинилхлоридной изоляцией в поливинилхлоридной оболочке без защитного покрова ВВГ, напряжением 0,66 Кв, число жил 3 и сечением 1,5 мм2 | D67: 1000 м | E67: 0.1734 | F67: 6962.8 | K67: 1207
A68: 41 | B68: ТСЦ-501-8191 | C68: Кабель силовой с медными жилами с поливинилхлоридной изоляцией в поливинилхлоридной оболочке без защитного покрова ВВГ, напряжением 0,66 Кв, число жил 3 и сечением 2,5 мм2 | D68: 1000 м | E68: 0.0612 | F68: 10382 | K68: 635
A69: 42 | B69: Цена поставщика | C69: Кабель антенный SAT-703 (Цена:30000руб:1,18:5.56) | D69: 1000 м | E69: 0.0255 | F69: 4572.61 | K69: 117
A70: 43 | B70: Цена поставщика | C70: Кабель КСПВ 2х0,5 (Ц:3070руб :1,18:5,56) | D70: 1000м | E70: 0.0255 | F70: 467.93 | K70: 12
A71: 44 | B71: ТСЦ-502-0497 | C71: Провода силовые для электрических установок на напряжение до 450 В с медной жилой марки ПВ1, сечением 2,5 мм2 | D71: 1000 м | E71: 0.01 | F71: 2230 | K71: 22
A72: 45 | B72: ТСЦ-502-0499 | C72: Провода силовые для электрических установок на напряжение до 450 В с медной жилой марки ПВ1, сечением 4 мм2 | D72: 1000 м | E72: 0.0357 | F72: 3390 | K72: 121
A73: 46 | B73: ТСЦ-502-0364 прим. | C73: Провода термостойкие с медной жилой марки ПАЛ, сечением 1,5 мм2 | D73: 1000 м | E73: 0.0153 | F73: 5561.01 | K73: 85
A74: 47 | B74: ТЕРм08-03-591-09 | C74: Розетка штепсельная утопленного типа при скрытой проводке | D74: 100 шт. | E74: 0.01 | F74: 696.25 | G74: 532.26 | H74: 11.69 | I74: 0.73 | K74: 7 | L74: 5 | O74: 38.1 | P74: 0.38
A75: 48 | B75: Цена поставщика | C75: Розетка TV (в сборе) "UNICA" цвет: белый (Ц:685руб:1,18:5,56) | D75: шт. | E75: 1 | F75: 104.41 | K75: 104
A76: 49 | B76: ТЕРм08-03-591-08 | C76: Розетка штепсельная неутопленного типа при открытой проводке (телефонная) | D76: 100 шт. | E76: 0.01 | F76: 813.8 | G76: 603.5 | H76: 29.99 | I76: 0.73 | K76: 8 | L76: 6 | O76: 43.2 | P76: 0.43
A77: 50 | B77: Цена поставщика | C77: Розетка телефонная (в сборе) "UNICA" цвет: белый (Ц:660руб:1,18:5,56) | D77: шт. | E77: 1 | F77: 100.6 | K77: 101
A78: 51 | B78: ТЕРм10-02-030-01 | C78: Аппарат телефонный системы ЦБ или АТС настольный | D78: 1 шт. | E78: 1 | F78: 110.22 | G78: 97.56 | K78: 110 | L78: 98 | O78: 7.2 | P78: 7.2
A79: 52 | B79: Цена поставщика | C79: Телефон KX-TCD460RU DEST (Ц:2401руб:1,18:4.19) | D79: шт. | E79: 1 | J79: 486 | K79: 486
A80: 53 | B80: ТЕР46-03-009-07 | C80: Пробивка в кирпичных стенах отверстий круглых диаметром до 50 мм при толщине стен до 38 см | D80: 100 шт. | E80: 0.05 | F80: 3944.42 | G80: 967.91 | H80: 2976.51 | I80: 329.74 | K80: 197 | L80: 48 | M80: 149 | N80: 16 | O80: 74.8 | P80: 3.74
A81: 54 | B81: ТЕР46-03-009-01 | C81: Пробивка в кирпичных стенах гнезд размером до 130х130 мм | D81: 100 шт. | E81: 0.21 | F81: 2386.22 | G81: 468.56 | H81: 1917.66 | I81: 177.6 | K81: 501 | L81: 98 | M81: 403 | N81: 37 | O81: 36.21 | P81: 7.6
A82: 55 | B82: ТЕР46-03-011-02 | C82: Пробивка в кирпичных стенах борозд площадью сечения до 50 см2 | D82: 100 м борозд | E82: 0.25 | F82: 1311.62 | G82: 313.15 | H82: 998.47 | I82: 92.47 | K82: 328 | L82: 78 | M82: 250 | N82: 23 | O82: 24.2 | P82: 6.05
A83: 56 | B83: ТЕР46-03-017-05 | C83: Заделка отверстий, гнезд и борозд в стенах и перегородках бетонных площадью до 0,1 м2 | D83: 1 м3 заделки | E83: 0.3 | F83: 2078.32 | G83: 857.51 | H83: 44.07 | K83: 623 | L83: 257 | M83: 13 | O83: 75.22 | P83: 22.57
A84: 57 | B84: ТЕРм11-04-026-03 | C84: Разъемы штепсельные с разделкой и включением кабеля, диаметр оболочки до 6 мм | D84: 1 шт. | E84: 2 | F84: 18.1 | G84: 16.09 | K84: 36 | L84: 32 | O84: 1.03 | P84: 2.06
A85: 58 | B85: ТЕРм11-04-028-01 | C85: Включение в аппаратуру разъемов штепсельных, количество контактов в разъеме до 14 шт. | D85: 1 разъем | E85: 2 | F85: 2.98 | G85: 2.92 | K85: 6 | L85: 6 | O85: 0.22 | P85: 0.44
A86: 59 | B86: Цена поставщика | C86: Антенный разъем FAS-7 (Цена:125руб:1,18:5,56) | D86: шт | E86: 2 | F86: 19.05 | K86: 38
A87: 60 | B87: Цена поставщика | C87: Штекер под разъем (Цена:50руб:1,18:5,56) | D87: шт | E87: 2 | F87: 7.62 | K87: 15
A88: 61 | B88: ТЕРм10-05-001-14 | C88: Подключение домовой распределительной сети к магистральной линии с комплексом измерений для одного канала | D88: 1 подключение | E88: 1 | F88: 212.81 | G88: 208.64 | K88: 213 | L88: 209 | O88: 14.3 | P88: 14.3
A89: 62 | B89: ТЕРм10-05-001-15 | C89: Подключение домовой распределительной сети к магистральной линии с комплексом измерений для каждого последующего канала | D89: 1 подключение | E89: 13 | F89: 197.93 | G89: 194.05 | K89: 2573 | L89: 2523 | O89: 13.3 | P89: 172.9
A90: 63 | B90: ТЕРм08-03-573-04 | C90: Шкаф (ШДУП) управления навесной, высота, ширина и глубина до 600х600х350 мм | D90: 1 шт. | E90: 1 | F90: 99.26 | G90: 33.11 | H90: 62.05 | I90: 4.71 | K90: 99 | L90: 33 | M90: 62 | N90: 5 | O90: 2.37 | P90: 2.37
A91: 64 | B91: ТСЦ-504-0278 прим. | C91: Ящики ШДУП | D91: шт. | E91: 1 | F91: 157.73 | K91: 158
A92: Итого прямые затраты по смете в ценах 2001г. | K92: 32255 | L92: 6547 | M92: 3389 | N92: 896 | P92: 472.49
A93: Итого прямые затраты по смете с учетом коэффициентов к итогам | K93: 34811 | L93: 8086 | M93: 3949 | N93: 1105 | P93: 558.26
A94: В том числе, справочно:
A95: Районный к-т 4,3% (Поз. 53-56, 1-2, 4, 3, 5, 7, 11, 13, 15, 22, 24, 26, 29, 31, 34, 37, 39, 47, 49, 63, 51, 57-58, 61-62) | K95: 320 | L95: 282 | M95: 39 | N95: 39
A96: Заготовительно-складские расходы на материалы - согласно п.4.64 из МДС 81-35.2004 МАТ=1,02 (Поз. 53-56, 5, 7, 11, 13, 15, 22, 24, 26, 29, 31, 34, 37, 39, 47, 49, 63, 6, 28, 36, 38, 40-41, 44-46, 64, 8-10, 12, 14, 16-21, 23, 25, 27, 30, 32-33, 35, 42-43, 48, 50, 59-60, 57-58, 61-62) | K96: 436
A97: Условия производства работ ОЗП=1,2; ЭМ=1,2; ЗПМ=1,2; ТЗ=1,2; ТЗМ=1,2 (Поз. 3, 5, 7, 11, 13, 15, 22, 24, 26, 29, 31, 34, 37, 39, 47, 49, 63, 51, 57-58, 61-62) | K97: 1779 | L97: 1257 | M97: 522 | N97: 171 | P97: 85.77
A98: Транспортные расходы на оборудование - согласно п.4.60 из МДС 81-35.2004 ПЗ=1,03 (ОЗП=1,03; ЭМ=1,03; МАТ=1,03) (Поз. 52) | K98: 15
A99: Заготовительно-складские расходы на оборудование - согласно п.4.64 из МДС 81-35.2004 ПЗ=1,012 (ОЗП=1,012; ЭМ=1,012; МАТ=1,012) (Поз. 52) | K99: 6
A100: Накладные расходы | K100: 8693
A101: В том числе, справочно:
A102: 80% ФОТ (от 122) (Поз. 51) | K102: 98
A103: 85% ФОТ (от 43) (Поз. 1-2, 4) | K103: 37
...

Sheet 24738
A1: СОГЛАСОВАНО: | E1: ФГУП "Комбинат "Электрохимприбор" | M1: УТВЕРЖДАЮ:
G2: (наименование стройки) | M2: Зам. генерального директора
M3: Е.В.Гордеев
A4: _________________ | M4: _________________
A5: " _____ " ________________ 201_ г. | M5: "______ " __________201_ г.
G6: ЛОКАЛЬНЫЙ СМЕТНЫЙ РАСЧЕТ № 24738
G7: (локальная смета)
C9: на | D9: Реконструкцию пожарной сигнализации. г.Лесной, ул.Кирова, 1а. Гостиница "Лесная"
D10: Гостиничный номер 4 этажа. Инв. № 8712564.
G11: (наименование работ и затрат, наименование объекта)
D13: Основание: проект № 24503-12-ПС
D14: Сметная стоимость _______________________________________________________________________________________________ | J14: ___________________________19,458 | L14: тыс. руб.
D15: монтажных работ _______________________________________________________________________________________________ | J15: _______________________________________________________________________________________________6,606 | L15: тыс. руб.
D16: прочих (ПНР "вхолостую") _______________________________________________________________________________________________ | J16: _______________________________________________________________________________________________4,053 | L16: тыс. руб.
D17: оборудования _______________________________________________________________________________________________ | J17: _______________________________________________________________________________________________8,799 | L17: тыс. руб.
D18: Средства на оплату труда _______________________________________________________________________________________________ | J18: ___________________________4,295 | L18: тыс. руб.
D19: Сметная трудоемкость _______________________________________________________________________________________________ | J19: _______________________________________________________________________________________________264,13 | L19: чел.час
D20: Составлен(а) в базовых ценах 2001г. в редакции 2009г.
A22: № пп | B22: Обоснова-ние | C22: Наименование | D22: Ед. изм. | E22: Кол. | F22: Стоимость единицы, руб. | J22: Общая стоимость, руб. | O22: Т/з осн. раб.на ед. | P22: Т/з осн. раб. Всего | Q22: Общая масса обору-дования, т
F23: Всего | G23: В том числе | J23: Обору-дование | K23: Всего | L23: В том числе
G24: Осн.З/п | H24: Эк.Маш | I24: З/пМех | L24: Осн.З/п | M24: Эк.Маш | N24: З/пМех
A25: 1 | B25: 2 | C25: 3 | D25: 4 | E25: 5 | F25: 6 | G25: 7 | H25: 8 | I25: 9 | J25: 10 | K25: 11 | L25: 12 | M25: 13 | N25: 14 | O25: 15 | P25: 16 | Q25: 17
A26: Раздел 1. Демонтажные работы
A27: 1 | B27: ТЕРм10-08-002-01 | C27: Демонтаж: извещатель ПС автоматический тепловой электро-контактный, магнитоконтактный в нормальном исполнении КОЭФ. К ПОЗИЦИИ: демонтаж ОЗП=0,3; ЭМ=0,3 к расх.; ЗПМ=0,3; МАТ=0 к расх.; ТЗ=0,3; ТЗМ=0,3 | D27: 1 шт. | E27: 13 | F27: 3.47 | G27: 3.42 | H27: 0.05 | K27: 45 | L27: 44 | M27: 1 | O27: 0.25 | P27: 3.25
A28: 2 | B28: ТЕРм08-02-402-01 | C28: Демонтаж:кабель КОЭФ. К ПОЗИЦИИ: демонтаж ОЗП=0,3; ЭМ=0,3 к расх.; ЗПМ=0,3; МАТ=0 к расх.; ТЗ=0,3; ТЗМ=0,3 | D28: 100 м | E28: 0.2 | F28: 272.03 | G28: 60.82 | H28: 211.21 | I28: 26.2 | K28: 54 | L28: 12 | M28: 42 | N28: 5 | O28: 4.59 | P28: 0.92
A29: Раздел 2. Монтажные работы
A30: 3 | B30: Цена поставщика | C30: ИП 21210-3 "Аврора-ДР" (Ц:2233,60руб :1,18:4,19) | D30: шт | E30: 14 | J30: 6325 | K30: 6325
A31: 4 | B31: ТЕРм10-08-003-01 | C31: Монтаж: извещатель пожарный радиоканальный "Аврора" | D31: 1 шт. | E31: 12 | F31: 118.78 | G31: 108.98 | H31: 0.37 | K31: 1425 | L31: 1308 | M31: 4 | O31: 7.92 | P31: 95.04
A32: 5 | B32: Цена поставщика | C32: ППК РРОП2 (Ц:4516,89руб :1,18:4,19) | D32: шт | E32: 1 | J32: 914 | K32: 914
A33: 6 | B33: ТЕРм10-08-001-01 | C33: Приборы ПС приемно-контрольные, пусковые, концентратор блок базовый на 10 лучей | D33: 1 шт. | E33: 1 | F33: 117.52 | G33: 102.02 | H33: 0.46 | K33: 118 | L33: 102 | O33: 7.2 | P33: 7.2
A34: 7 | B34: Цена поставщика | C34: Извещатель речевой радиоканальный "Орфей-Р" (Ц:3410руб :1,18:4,19) | D34: шт | E34: 1 | J34: 690 | K34: 690
A35: 8 | B35: ТЕРм10-08-003-01 | C35: Монтаж: извещатель речевой радиоканальный "Орфей-Р" | D35: 1 шт. | E35: 1 | F35: 118.78 | G35: 108.98 | H35: 0.37 | K35: 119 | L35: 109 | O35: 7.92 | P35: 7.92
A36: 9 | B36: Цена поставщика | C36: Источник питания СКАТ1200М (Ц:2535руб:1,18:4,19) | D36: 1 шт. | E36: 1 | J36: 513 | K36: 513
A37: 10 | B37: ТЕРм10-02-016-06 | C37: Монтаж: преобразователь или блок питания | D37: 1 шт. | E37: 1 | F37: 256.7 | G37: 157.76 | H37: 33.83 | I37: 6.87 | K37: 257 | L37: 158 | M37: 34 | N37: 7 | O37: 10.1 | P37: 10.1
A38: 11 | B38: Цена поставщика | C38: АКБ 12в 12,0 А/ч (Ц:1090руб:1,18:5.56) | D38: шт | E38: 1 | F38: 166.14 | K38: 166
A39: 12 | B39: ТЕРм08-02-402-01 | C39: Кабель двух-четырехжильный по установленным конструкциям и лоткам с установкой ответвительных коробок в помещениях с нормальной средой сечением жилы до 10 мм2 | D39: 100 м | E39: 0.3 | F39: 1131.61 | G39: 202.73 | H39: 704.04 | I39: 87.33 | K39: 339 | L39: 61 | M39: 211 | N39: 26 | O39: 15.3 | P39: 4.59
A40: 13 | B40: ТСЦ-501-8183 | C40: Кабель силовой с медными жилами с поливинилхлоридной изоляцией в поливинилхлоридной оболочке без защитного покрова ВВГ, напряжением 0,66 Кв, число жил 2 и сечением 1,5 мм2 | D40: 1000 м | E40: 0.005 | F40: 4439.3 | K40: 22
A41: 14 | B41: Цена поставщика | C41: Кабель КПСЭнг-FRLS 1x2x0,5 (Ц:43490руб :1,18:5,56) | D41: 1000м | E41: 0.0255 | F41: 6628.76 | K41: 169
A42: 15 | B42: Цена поставщика | C42: Коробка распределительная DKC SDMN для кабель-канала высота 10-22, 00677 (Ц:81руб:1,18:5,56) | D42: шт. | E42: 3 | F42: 12.35 | K42: 37
A43: 16 | B43: Цена поставщика | C43: Кабель-канал DKC 15/1x17 TMC IN-Liner L=2м,, 00303 (Ц:23руб:1,18:5,56) | D43: шт. | E43: 7 | F43: 3.51 | K43: 25
A44: 17 | B44: ФЕРм08-02-390-01 | C44: Короба пластмассовые: шириной до 40 мм КОЭФ. К ПОЗИЦИИ: Приведение расценок ФЕР к территориальному уровню (Письмо УРЦЦС Ц-297 от 12.04.2011) ОЗП=1,41; ЭМ=1,242; ЗПМ=1,41; МАТ=1,052 | D44: 100 м | E44: 0.14 | F44: 311.4 | G44: 218.44 | H44: 38.75 | I44: 0.17 | K44: 44 | L44: 31 | M44: 5 | O44: 16.29 | P44: 2.28
A45: Раздел 3. Пусконаладочные работы (в холостую 80%)
A46: 18 | B46: ТЕРп01-10-001-01 | C46: Сбор и реализация сигналов информации устройств защиты, автоматики электрических и технологических режимов КОЭФ. К ПОЗИЦИИ: 0.10 При выполнении пусконаладочных работ на высоте от 2 до 8м ОЗП=1,1; ТЗ=1,1 | D46: 1 сигнал | E46: 15 | F46: 27.19 | G46: 27.19 | K46: 408 | L46: 408 | O46: 1.65 | P46: 24.75
A47: 19 | B47: ТЕРп01-10-010-01 | C47: Схема контроля изоляции электрической сети с помощью электроизмерительных приборов | D47: 1 схема | E47: 2 | F47: 95.38 | G47: 95.38 | K47: 191 | L47: 191 | O47: 6 | P47: 12
A48: 20 | B48: ТЕРп01-04-075-01 | C48: Высокочастотный канал одного полукомплекта защиты или аппаратуры противоаварийной автоматики на линии без ответвлений | D48: 1 полукомплект | E48: 1 | F48: 1461.28 | G48: 1461.28 | K48: 1461 | L48: 1461 | O48: 80 | P48: 80
A49: Итого прямые затраты по смете в ценах 2001г. | K49: 13322 | L49: 3885 | M49: 297 | N49: 38 | P49: 248.05
A50: Итого прямые затраты по смете с учетом коэффициентов к итогам | K50: 14104 | L50: 4250 | M50: 349 | N50: 45 | P50: 264.13
A51: В том числе, справочно:
A52: Районный к-т 4,3% (Поз. 1, 4, 6, 8, 10, 2, 12, 17-20) | K52: 169 | L52: 167 | M52: 2 | N52: 2
A53: Заготовительно-складские расходы на материалы - согласно п.4.64 из МДС 81-35.2004 МАТ=1,02 (Поз. 11, 14-16) | K53: 8
A54: Условия производства работ ОЗП=1,2; ЭМ=1,2; ЗПМ=1,2; ТЗ=1,2; ТЗМ=1,2 (Поз. 4, 6, 8, 10, 12, 17) | K54: 420 | L54: 369 | M54: 51 | N54: 7 | P54: 25.426
A55: Транспортные расходы на оборудование - согласно п.4.60 из МДС 81-35.2004 ПЗ=1,03 (ОЗП=1,03; ЭМ=1,03; МАТ=1,03) (Поз. 3, 5, 7, 9) | K55: 253
A56: Заготовительно-складские расходы на оборудование - согласно п.4.64 из МДС 81-35.2004 ПЗ=1,012 (ОЗП=1,012; ЭМ=1,012; МАТ=1,012) (Поз. 3, 5, 7, 9) | K56: 104
A57: 3. ПНР на действующих предприятиях в зданиях при наличии в зоне производства работ загромождающих помещения предметов ОЗП=1,15; ТЗ=1,15 (Поз. 18-20) | K57: 322 | L57: 322 | P57: 17.5125
A58: Пусконаладочные работы (в холостую 80%) ПЗ=0,8 (ОЗП=0,8; ЭМ=0,8; ЗПМ=0,8; МАТ=0,8; ТЗ=0,8; ТЗМ=0,8) (Поз. 18-20) | K58: -494 | L58: -494 | P58: -26.852
A59: Накладные расходы | K59: 3164
A60: В том числе, справочно:
A61: 65% ФОТ (от 1977) (Поз. 18-20) | K61: 1285
A62: 80% ФОТ (от 2153) (Поз. 1, 4, 6, 8, 10) | K62: 1722
A63: 95% ФОТ (от 165) (Поз. 2, 12, 17) | K63: 157
A64: Сметная прибыль | K64: 2190
A65: В том числе, справочно:
A66: 40% ФОТ (от 1977) (Поз. 18-20) | K66: 791
A67: 60% ФОТ (от 2153) (Поз. 1, 4, 6, 8, 10) | K67: 1292
A68: 65% ФОТ (от 165) (Поз. 2, 12, 17) | K68: 107
A69: Итоги по смете:
A70: Итого Монтажные работы | K70: 6606 | P70: 156.72
A71: Итого Оборудование | K71: 8799
A72: Итого Прочие затраты | K72: 4053 | P72: 107.41
A73: Итого | K73: 19458 | P73: 264.13
A74: В том числе:
A75: Материалы | K75: 706
A76: Машины и механизмы | K76: 349
A77: ФОТ | K77: 4295
A78: Оборудование | K78: 8799
A79: Накладные расходы | K79: 3164
A80: Сметная прибыль | K80: 2190
A81: ВСЕГО по смете | K81: 19458 | P81: 264.13
B83: ПРИМЕЧАНИЕ: материал от разборки, пригодный для дальнейшего использования, передается балансодержателю по акту
B85: Составил ______________________ | I85: Проверил _____________________

Sheet 24668
A1: СОГЛАСОВАНО: | E1: ФГУП "Комбинат "Электрохимприбор" | M1: УТВЕРЖДАЮ:
G2: (наименование стройки) | M2: Зам.генерального директора
A3: _________________ | N3: Е.В. Гордеев
A4: " _____ " ________________ 201 г. | M4: __________________
G5: ЛОКАЛЬНЫЙ СМЕТНЫЙ РАСЧЕТ № 24668 | M5: "______ " __________201 г.
G6: (локальная смета)
C8: на | D8: реконструкцию. Архитектурно-строительные решения. г. Лесной, ул.Кирова, 1а
E9: Гостиница "Лесная". Комната переговоров (инв. № 8712564)
D12: Основание: проект № 24464-12-АС
D13: Сметная стоимость строительных работ _______________________________________________________________________________________________ | J13: ___________________________28,285 | L13: тыс. руб.
D14: Средства на оплату труда _______________________________________________________________________________________________ | J14: ___________________________2,059 | L14: тыс. руб.
D15: Сметная трудоемкость _______________________________________________________________________________________________ | J15: _______________________________________________________________________________________________153,83 | L15: чел.час
D16: Материалы ____________________________________________________________ | K16: 19,516 тыс.руб.
D17: Составлен(а) в базовых ценах 2001г. в редакции 2009г.
A19: № пп | B19: Обоснование | C19: Наименование | D19: Ед. изм. | E19: Кол. | F19: Стоимость единицы, руб. | J19: Общая стоимость, руб. | N19: Т/з осн. раб.на ед. | O19: Т/з осн. раб. Всего | P19: Т/з мех. на ед. | Q19: Т/з мех. Всего
F20: Всего | G20: В том числе | J20: Всего | K20: В том числе
G21: Осн.З/п | H21: Эк.Маш | I21: З/пМех | K21: Осн.З/п | L21: Эк.Маш | M21: З/пМех
A22: 1 | B22: 2 | C22: 3 | D22: 4 | E22: 5 | F22: 6 | G22: 7 | H22: 8 | I22: 9 | J22: 10 | K22: 11 | L22: 12 | M22: 13 | N22: 14 | O22: 15 | P22: 16 | Q22: 17
A23: Раздел 1. Разборка конструкций
A24: 1 | B24: ТЕР46-04-012-03 | C24: Разборка деревянных заполнений проемов дверных | D24: 100 м2 | E24: 0.02 | F24: 1496.49 | G24: 1184.57 | H24: 311.92 | I24: 120.9 | J24: 30 | K24: 24 | L24: 6 | M24: 2 | N24: 103.91 | O24: 2.08 | P24: 7.74 | Q24: 0.15
A25: 2 | B25: ТЕРр63-5-1 | C25: Снятие обоев | D25: 100 м2 поверхности | E25: 0.392 | F25: 114.3 | G25: 114.3 | J25: 45 | K25: 45 | N25: 10.4 | O25: 4.08
A26: 3 | B26: ТЕРр63-7-5 | C26: Разборка облицовки стен из керамических глазурованных плиток | D26: 100 м2 | E26: 0.08 | F26: 1081.91 | G26: 823.99 | H26: 257.92 | I26: 27.68 | J26: 87 | K26: 66 | L26: 21 | M26: 2 | N26: 74.3 | O26: 5.94 | P26: 1.99 | Q26: 0.16
A27: 4 | B27: ТЕРр63-10-1 прим. | C27: Разборка облицовки из ДСП (обшивки труб) | D27: 100 м2 облицовки | E27: 0.015 | F27: 97.02 | G27: 88.96 | H27: 8.06 | I27: 3.12 | J27: 1 | K27: 1 | N27: 7.31 | O27: 0.11 | P27: 0.2
A28: 5 | B28: ТЕРр57-3-1 | C28: Разборка плинтусов деревянных и из пластмассовых материалов | D28: 100 м плинтуса | E28: 0.18 | F28: 41.43 | G28: 41.43 | J28: 7 | K28: 7 | N28: 3.77 | O28: 0.68
A29: 6 | B29: ТЕРр57-2-1 | C29: Разборка покрытий полов из линолеума | D29: 100 м2 | E29: 0.202 | F29: 130.42 | G29: 125.18 | H29: 5.24 | I29: 2.03 | J29: 26 | K29: 25 | L29: 1 | N29: 11.39 | O29: 2.3 | P29: 0.13 | Q29: 0.03
A30: 7 | B30: СЦП1-1-27-А | C30: Погрузочные работы при автомобильных перевозках: мусор строительный КОЭФ. К ПОЗИЦИИ: Коэффициент техн.часть п.3 ПЗ=1,025 (ОЗП=1,025; ЭМ=1,025 к расх.; ЗПМ=1,025; МАТ=1,025 к расх.; ТЗ=1,025; ТЗМ=1,025) | D30: т | E30: 0.62 | F30: 2.77 | G30: 2.77 | J30: 2 | K30: 2
A31: 8 | B31: СЦП3-3-40-1 | C31: Перевозка грузов (мусора) автомобилями-самосвалами (работающими вне карьеров): расстояние 40 км, класс груза I КОЭФ. К ПОЗИЦИИ: 17 При перевозке грузов к провозной плате (тарифам) применять поправочный коэффициент ПЗ=1,37 (ОЗП=1,37; ЭМ=1,37 к расх.; ЗПМ=1,37; МАТ=1,37 к расх.; ТЗ=1,37; ТЗМ=1,37) | D31: т | E31: 0.62 | F31: 52.85 | H31: 52.85 | J31: 33 | L31: 33
A32: Раздел 2. Общестроительные работы
A33: Потолок ГП-1
A34: 9 | B34: ТЕР10-05-011-01 | C34: Устройство подвесных потолков из гипсокартонных листов (ГКЛ) по системе «КНАУФ» двухуровневых (П 112) | D34: 100 м2 потолка | E34: 0.202 | F34: 3397.55 | G34: 1175.76 | H34: 18.95 | J34: 686 | K34: 238 | L34: 4 | N34: 92 | O34: 18.58
A35: 10 | B35: ТСЦ-201-0802 | C35: Профиль потолочный ПП 60/27/0,6 | D35: м | E35: 36.7 | F35: 9.2 | J35: 338
A36: 11 | B36: ТСЦ-201-0797 | C36: Профиль направляющий ПН 28/27/0,6 | D36: м | E36: 72 | F36: 5 | J36: 360
A37: 12 | B37: ТСЦ-201-0811 | C37: Профиль угловой ПУ 31/31 для защиты углов | D37: м | E37: 24 | F37: 4.5 | J37: 108
A38: 13 | B38: ТСЦ-201-0816 | C38: Подвес с зажимом для ПП-профиля 60*27 мм | D38: шт. | E38: 16 | F38: 2.5 | J38: 40
A39: 14 | B39: ТСЦ-101-2583 | C39: Шуруп самонарезающий (TN) 3,5/25 мм | D39: шт. | E39: 552 | F39: 0.08 | J39: 44
A40: 15 | B40: ТСЦ-101-2589 | C40: Дюбель-гвоздь 6/39 мм | D40: шт. | E40: 46 | F40: 0.7 | J40: 32
A41: 16 | B41: ТСЦ-101-3285 | C41: Листы гипсокартонные стандартные, толщиной 10 мм | D41: м2 | E41: 23.8 | F41: 30.39 | J41: 723
A42: Облицовка Об-1
A43: 17 | B43: ТЕР10-05-009-02 | C43: Облицовка стен по системе «КНАУФ» по одинарному металлическому каркасу из ПН и ПС профилей гипсокартонными листами в один слой (С 625) | D43: 100 м2 стен | E43: 0.06 | F43: 2282.5 | G43: 856.26 | H43: 21.26 | J43: 137 | K43: 51 | L43: 1 | N43: 67 | O43: 4.02
A44: 18 | B44: ТСЦ-201-0805 | C44: Профиль стоечный ПС-2 50/50/0,6 | D44: м | E44: 48 | F44: 11.77 | J44: 565
A45: 19 | B45: ТСЦ-201-0802 | C45: Профиль направляющий ПП 60/27/0,6 | D45: м | E45: 8 | F45: 9.2 | J45: 74
A46: 20 | B46: ТСЦ-201-0811 | C46: Профиль угловой ПУ 31/31 для защиты углов | D46: м | E46: 24 | F46: 4.5 | J46: 108
A47: 21 | B47: ТСЦ-101-2582 | C47: Шуруп самонарезающий (LN) 3,5/9,5 мм | D47: шт. | E47: 60 | F47: 0.04 | J47: 2
A48: 22 | B48: ТСЦ-101-2583 | C48: Шуруп самонарезающий (TN) 3,5/25 мм | D48: шт. | E48: 280 | F48: 0.08 | J48: 22
A49: 23 | B49: ТСЦ-101-2590 | C49: Дюбель с шурупом 6/35 мм | D49: шт. | E49: 40 | F49: 0.94 | J49: 38
A50: 24 | B50: ТСЦ-101-2509 | C50: Листы гипсокартонные ГКЛ 12,5 мм | D50: м2 | E50: 9.3 | F50: 35.15 | J50: 327
A51: Дверной блок
A52: 25 | B52: ТЕР10-01-039-01 | C52: Установка блоков в наружных и внутренних дверных проемах в каменных стенах, площадь проема до 3 м2 | D52: 100 м2 проемов | E52: 0.021 | F52: 5941.74 | G52: 1349.38 | H52: 2984.53 | I52: 206.57 | J52: 125 | K52: 28 | L52: 63 | M52: 4 | N52: 104.28 | O52: 2.19 | P52: 11.35 | Q52: 0.24
A53: 26 | B53: Цена поставщика | C53: Дверь "Софья" (полотно 900х2000) (цена: 15237:5,56:1,18*1,02=2368,88) | D53: шт. | E53: 1 | F53: 2368.88 | J53: 2369
A54: 27 | B54: Цена поставщика | C54: Коробка дверная (цена: 3573:5,56:1,18*1,02=555,49) | D54: шт. | E54: 1 | F54: 555.49 | J54: 555
A55: 28 | B55: Цена поставщика | C55: Добор, 17см (цена: 1306:5,56:1,18*1,02=203,04) | D55: шт. | E55: 2.5 | F55: 203.04 | J55: 508
A56: 29 | B56: Цена поставщика | C56: Петли для дверей (цена: 747:5,56:1,18*1,02=116,14) | D56: шт. | E56: 2 | F56: 116.14 | J56: 232
A57: 30 | B57: ТСЦ-101-0950 | C57: Замок врезной оцинкованный | D57: компл. | E57: 1 | F57: 81.32 | J57: 81
A58: 31 | B58: Цена поставщика | C58: Ручка на планке (цена: 550:5,56:1,18*1,02=85,51) | D58: шт. | E58: 1 | F58: 85.51 | J58: 86
A59: 32 | B59: ТЕР10-01-060-01 | C59: Установка и крепление наличников | D59: 100 м | E59: 0.052 | F59: 1111.95 | G59: 90.01 | H59: 4.37 | J59: 58 | K59: 5 | N59: 7.82 | O59: 0.41
A60: 33 | B60: Цена поставщика | C60: Наличник (цена: 685:5,56:1,18*1,02=106,50) | D60: шт. | E60: 3 | F60: 106.5 | J60: 320
A61: Отделочные работы
A62: 34 | B62: ТЕР15-04-027-06 | C62: Шпатлевка при высококачественной окраске по штукатурке и сборным конструкциям потолков, подготовленных под окраску | D62: 100 м2 окрашиваемой поверхности | E62: 0.238 | F62: 566.5 | G62: 221.1 | H62: 4.77 | I62: 0.16 | J62: 135 | K62: 53 | L62: 1 | N62: 16.5 | O62: 3.93 | P62: 0.01
A63: 35 | B63: ТЕР15-04-027-05 | C63: Шпатлевка при высококачественной окраске по штукатурке и сборным конструкциям стен, подготовленных под окраску | D63: 100 м2 окрашиваемой поверхности | E63: 0.472 | F63: 504.98 | G63: 160.67 | H63: 3.68 | I63: 0.16 | J63: 238 | K63: 76 | L63: 2 | N63: 11.99 | O63: 5.66 | P63: 0.01
A64: 36 | B64: ТСЦ-101-2438 | C64: Шпаклевка «Фугенфюллер», КНАУФ (из расчета 0,3 кг на 1 м2) | D64: кг | E64: 21.3 | F64: 4.6 | J64: 98
A65: 37 | B65: ТЕРр61-2-7 | C65: Ремонт штукатурки внутренних стен по камню и бетону цементно-известковым раствором, площадью отдельных мест до 1 м2 толщиной слоя до 20 мм | D65: 100 м2 отремонтированной поверхности | E65: 0.027 | F65: 4324.05 | G65: 2849.81 | H65: 27 | I65: 10.47 | J65: 117 | K65: 77 | L65: 1 | N65: 228.35 | O65: 6.17 | P65: 0.67 | Q65: 0.02
A66: 38 | B66: ТЕРр61-26-1 | C66: Перетирка штукатурки внутренних помещений | D66: 100 м2 поверхности | E66: 0.24 | F66: 368.03 | G66: 341.61 | H66: 4.03 | I66: 1.56 | J66: 88 | K66: 82 | L66: 1 | N66: 28.07 | O66: 6.74 | P66: 0.1 | Q66: 0.02
A67: 39 | B67: ТЕРр61-7-1 | C67: Ремонт штукатурки откосов внутри здания по камню и бетону цементно-известковым раствором прямолинейных | D67: 100 м2 | E67: 0.032 | F67: 7777.57 | G67: 4838.05 | H67: 46.75 | I67: 18.12 | J67: 249 | K67: 155 | L67: 1 | M67: 1 | N67: 383.06 | O67: 12.26 | P67: 1.16 | Q67: 0.04
A68: 40 | B68: ТЕР15-04-006-01 | C68: Покрытие поверхностей грунтовкой глубокого проникновения за 1 раз потолков | D68: 100 м2 покрытия | E68: 0.238 | F68: 111.45 | G68: 109.76 | H68: 1.49 | I68: 0.16 | J68: 27 | K68: 26 | N68: 8.1 | O68: 1.93 | P68: 0.01
A69: 41 | B69: ТЕР15-04-006-03 | C69: Покрытие поверхностей грунтовкой глубокого проникновения за 1 раз стен | D69: 100 м2 покрытия | E69: 0.472 | F69: 90.44 | G69: 88.75 | H69: 1.49 | I69: 0.16 | J69: 43 | K69: 42 | L69: 1 | N69: 6.55 | O69: 3.09 | P69: 0.01
A70: 42 | B70: ТСЦ-101-2787 | C70: Грунтовка акриловая глубокого проникновения (из расчета 150г на 1м2) | D70: кг | E70: 10.7 | F70: 30.48 | J70: 326
A71: 43 | B71: ТЕР15-06-001-07 | C71: Оклейка обоями на флизелиновой основе потолков | D71: 100 м2 поверхности | E71: 0.128 | F71: 1068.6 | G71: 221.14 | H71: 1.49 | I71: 0.16 | J71: 137 | K71: 28 | N71: 16.32 | O71: 2.09 | P71: 0.01
A72: 44 | B72: ТЕР15-04-005-10 | C72: Окраска поливинилацетатными водоэмульсионными составами высококачественная по сборным конструкциям потолков | D72: 100 м2 окрашиваемой поверхности | E72: 0.128 | F72: 1625.3 | G72: 757.17 | H72: 16.09 | I72: 0.31 | J72: 208 | K72: 97 | L72: 2 | N72: 55.88 | O72: 7.15 | P72: 0.02
A73: 45 | B73: ТСЦ-101-0335 | C73: Краски водно-дисперсионные акрилатные ВД-АК-111 | D73: т | E73: 0.0088 | F73: 33000 | J73: 290
A74: 46 | B74: ТЕР15-06-001-02 | C74: Оклейка обоями на виниловой основе стен по монолитной штукатурке и бетону тиснеными и плотными | D74: 100 м2 оклеиваемой поверхности | E74: 0.379 | F74: 770.4 | G74: 600.02 | H74: 1.49 | I74: 0.16 | J74: 292 | K74: 227 | L74: 1 | N74: 46.95 | O74: 17.79 | P74: 0.01
A75: 47 | B75: Цена поставщика | C75: Обои на виниловой основе (цена: 300:5,56:1,18*1,02=46,64) | D75: м2 | E75: 43.59 | F75: 46.64 | J75: 2033
A76: 48 | B76: ТЕР15-06-001-05 | C76: Оклейка обоями на виниловой основе поверхностей из ГКЛ тиснеными и плотными | D76: 100 м2 оклеиваемой поверхности | E76: 0.203 | F76: 486.59 | G76: 418.42 | H76: 1.49 | I76: 0.16 | J76: 99 | K76: 85 | N76: 32.74 | O76: 6.65 | P76: 0.01
A77: 49 | B77: Цена поставщика | C77: Обои на виниловой основе (цена: 300:5,56:1,18*1,02=46,64) | D77: м2 | E77: 23.35 | F77: 46.64 | J77: 1089
A78: 50 | B78: ТСЦ-101-2167 | C78: Подложка под ламинат из экструдированного пенополистирола, толщина 3 мм | D78: м3 | E78: 0.1 | F78: 1046.1 | J78: 105
A79: 51 | B79: ТЕР11-01-034-01 прим. | C79: Устройство покрытий из ламината КОЭФ. К ПОЗИЦИИ: МАТ=0 к расх. | D79: 100 м2 покрытия | E79: 0.202 | F79: 609.52 | G79: 466.27 | H79: 143.25 | I79: 7.34 | J79: 123 | K79: 94 | L79: 29 | M79: 1 | N79: 35.19 | O79: 7.11 | P79: 0.47 | Q79: 0.09
A80: 52 | B80: Цена поставщика | C80: Ламинат Avangard PRAKTIK (цена: 629:5,56:1,18*1,02=97,79) | D80: м2 | E80: 20.2 | F80: 97.79 | J80: 1975
A81: 53 | B81: ТЕР11-01-040-01 | C81: Устройство плинтусов поливинилхлоридных | D81: 100 м плинтуса | E81: 0.18 | F81: 626.51 | G81: 123.7 | H81: 3.28 | J81: 113 | K81: 22 | L81: 1 | N81: 8.99 | O81: 1.62
A82: Встроенная мебель
A83: 54 | B83: Цена поставщика | C83: Стол 2200х1100 (ЛДСП т. 32 мм. ПВХ 2 мм. ноги хром матовый/орех) с установкой (цена: 20458:5,56:1,18*1,02=3180,58) | D83: шт. | E83: 1 | F83: 3180.58 | J83: 3181
A84: 55 | B84: Цена поставщика | C84: Мини-бар (ЛДСП т. 16;22:32 мм. ПВХ 2 мм) с установкой (цена: 18899:5,56:1,18*1,02=2938,21) | D84: шт. | E84: 1 | F84: 2938.21 | J84: 2938
A85: 56 | B85: Цена поставщика | C85: Встроенная мебель с установкой, моечная тумба (с раковиной) (цена: 15106:5,56:1,18*1,02=2348,51) | D85: шт. | E85: 1 | F85: 2348.51 | J85: 2349
A86: Итого прямые затраты по смете в ценах 2001г. | J86: 24422 | K86: 1556 | L86: 169 | M86: 10 | O86: 122.58 | Q86: 0.75
A87: Итого прямые затраты по смете с учетом коэффициентов к итогам | J87: 24967 | K87: 2047 | L87: 223 | M87: 12 | O87: 153.83 | Q87: 0.91
A88: В том числе, справочно:
A89: Районный к-т 4,3% (Поз. 1-6, 9-25, 27-33, 52, 26, 42, 50-51, 53-56, 34-36, 40-41, 43-49, 37-39) | J89: 67 | K89: 67
A90: При ремонте и реконструкции зданий работы, аналогичные технологическим процессам в новом строительстве ОЗП=1,15; ЭМ=1,25; ЗПМ=1,25; ТЗ=1,15; ТЗМ=1,25 (Поз. 9-25, 27-33, 52, 26, 42, 50-51, 53-56, 34-36, 40-41, 43-49) | J90: 194 | K90: 168 | L90: 26 | M90: 1 | O90: 12.333 | Q90: 0.0825
A91: Условия производства работ ОЗП=1,2; ЭМ=1,2; ЗПМ=1,2; ТЗ=1,2; ТЗМ=1,2 (Поз. 9-25, 27-33, 52, 26, 42, 50-51, 53-56, 34-36, 40-41, 43-49) | J91: 284 | K91: 257 | L91: 26 | M91: 1 | O91: 18.91 | Q91: 0.082
A92: Накладные расходы | J92: 2128
A93: В том числе, справочно:
A94: 77% ФОТ (от 119) (Поз. 2-4) | J94: 92
A95: 79% ФОТ (от 329) (Поз. 37-39) | J95: 260
A96: 80% ФОТ (от 33) (Поз. 5-6) | J96: 26
A97: 100% ФОТ (от 2) (Поз. 7) | J97: 2
A98: 105% ФОТ (от 912) (Поз. 34-36, 40-41, 43-49) | J98: 958
A99: 110% ФОТ (от 27) (Поз. 1) | J99: 30
A100: 118% ФОТ (от 469) (Поз. 9-25, 27-33, 52) | J100: 553
A101: 123% ФОТ (от 168) (Поз. 26, 42, 50-51, 53-56) | J101: 207
A102: Сметная прибыль | J102: 1190
A103: В том числе, справочно:
A104: 50% ФОТ (от 448) (Поз. 2-4, 37-39) | J104: 225
...

Sheet 24692
A1: СОГЛАСОВАНО: | E1: ФГУП "Комбинат "Электрохимприбор" | M1: УТВЕРЖДАЮ:
G2: (наименование стройки) | M2: Зам. генерального директора
A3: _____________________________ | M3: Е.В.Гордеев
A4: " _____ " ________________ 201_г. | G4: ЛОКАЛЬНЫЙ СМЕТНЫЙ РАСЧЕТ № 24692
G5: (локальная смета) | M5: "______ " __________201_ г.
C7: на | D7: Реконструкцию отопления. Г Лесной, ул Кирова 1а, Гостиница "Лесная"
E8: Комната переговоров (инв.№ 8712564)
D10: Основание: проект № 24469-12-ОВ
D11: Сметная стоимость строительных работ _______________________________________________________________________________________________ | J11: ___________________________1,044 | L11: тыс. руб.
D12: Средства на оплату труда _______________________________________________________________________________________________ | J12: ___________________________0,104 | L12: тыс. руб.
D13: Сметная трудоемкость _______________________________________________________________________________________________ | J13: _______________________________________________________________________________________________7,96 | L13: чел.час
D14: Материалы ___________________________________________________________ | J14: =J47/1000 -> 0.73 | L14: тыс.руб.
D15: Составлен(а) в базовых ценах 2001г. в редакции 2009г.
A17: № пп | B17: Обоснование | C17: Наименование | D17: Ед. изм. | E17: Кол. | F17: Стоимость единицы, руб. | J17: Общая стоимость, руб. | N17: Т/з осн. раб.на ед. | O17: Т/з осн. раб. Всего | P17: Т/з мех. на ед. | Q17: Т/з мех. Всего
F18: Всего | G18: В том числе | J18: Всего | K18: В том числе
G19: Осн.З/п | H19: Эк.Маш | I19: З/пМех | K19: Осн.З/п | L19: Эк.Маш | M19: З/пМех
A20: 1 | B20: 2 | C20: 3 | D20: 4 | E20: 5 | F20: 6 | G20: 7 | H20: 8 | I20: 9 | J20: 10 | K20: 11 | L20: 12 | M20: 13 | N20: 14 | O20: 15 | P20: 16 | Q20: 17
A21: Раздел 1. Разборка.
A22: 1 | B22: ТЕРр65-19-2 | C22: Разборка радиаторов весом до 160 кг | D22: 100 шт. | E22: 0.01 | F22: 1906.17 | G22: 1752.22 | H22: 153.95 | I22: 59.67 | J22: 19 | K22: 18 | L22: 1 | M22: 1 | N22: 158 | O22: 1.58 | P22: 3.82 | Q22: 0.04
A23: Раздел 2. Отопление.
A24: 2 | B24: ТЕР18-03-001-02 | C24: Установка радиаторов стальных | D24: 100 кВт | E24: 0.02171 | F24: 2426.28 | G24: 828.53 | H24: 270.15 | I24: 20.22 | J24: 53 | K24: 18 | L24: 6 | N24: 65.6 | O24: 1.42 | P24: 1.28 | Q24: 0.03
A25: Уд | B25: 1. 301-0559 | C25: Радиаторы стальные панельные РСВ2-1, РСВ2-6 однорядные | D25: кВт | E25: 100 2,171 | F25: 179.38 | J25: 389.43
A26: 3 | B26: Цена поставщика. | C26: Радиатор "Термал 500" (Цена: 280,00:1,18:5,56*1,02=43,53) | D26: секций | E26: 13 | F26: 43.53 | J26: 566
A27: 4 | B27: ТСЦ-301-1224 | C27: Крепления для радиаторов | D27: кг | E27: 0.3 | F27: 17.02 | J27: 5
A28: 5 | B28: Цена поставщика. | C28: Заглушка ф=20 (Цена:12,23:1,18:5,56*1,02=1,90) | D28: шт | E28: 2 | F28: 1.9 | J28: 4
A29: 6 | B29: ТЕР16-05-001-01 прим. | C29: Установка клапанов на трубопроводах диаметром до 25 мм | D29: 1 шт. | E29: 1 | F29: 84.1 | G29: 18.79 | H29: 4.23 | J29: 84 | K29: 19 | L29: 4 | N29: 1.47 | O29: 1.47
A30: 7 | B30: ТСЦ-301-1670 прим. | C30: Клапан регулирующий прямой с ручкой, никилированная латунь, муфта-штуцер, Ру 10, Т 110 С, диаметром 15 мм | D30: шт. | E30: 1 | F30: 56.72 | J30: 57
A31: 8 | B31: ТЕР20-02-002-01 прим. | C31: Установка решеток площадью в свету до 0,5 м2 | D31: 1 решетка | E31: 1 | F31: 24.67 | G31: 18.44 | H31: 2.94 | J31: 25 | K31: 18 | L31: 3 | N31: 1.46 | O31: 1.46
A32: 9 | B32: Цена поставщика. | C32: Решетки АЛН размер 150х200 мм (Цена:464,00:1,18:5,56*1,02=72,14) | D32: м2 | E32: 0.03 | F32: 72.14 | J32: 2
A33: 10 | B33: ТЕР13-03-002-04 | C33: Огрунтовка металлических поверхностей за один раз грунтовкой ГФ-021 | D33: 100 м2 | E33: 0.002 | F33: 417.46 | G33: 79.65 | H33: 10.15 | I33: 0.16 | J33: 1 | N33: 5.31 | O33: 0.01 | P33: 0.01
A34: 11 | B34: ТЕР15-04-030-04 | C34: Масляная окраска металлических труб диаметром менее 50 мм и т.п., количество окрасок 2 | D34: 100 м2 | E34: 0.002 | F34: 1384.09 | G34: 886.83 | H34: 3.68 | I34: 0.16 | J34: 3 | K34: 2 | N34: 71.06 | O34: 0.14 | P34: 0.01
A35: Итого прямые затраты по смете в ценах 2001г. | J35: 819 | K35: 75 | L35: 14 | M35: 1 | O35: 6.08 | Q35: 0.07
A36: Итого прямые затраты по смете с учетом коэффициентов к итогам | J36: 853 | K36: 103 | L36: 20 | M36: 1 | O36: 7.96 | Q36: 0.09
A37: В том числе, справочно:
A38: Районный к-т 4,3% (Поз. 1-3, 5-9) | J38: 3 | K38: 3
A39: При ремонте и реконструкции зданий и сооружений работы, аналогичные технологическим процессам в новом строительстве ОЗП=1,15; ЭМ=1,25; ЗПМ=1,25; ТЗ=1,15; ТЗМ=1,25 (Поз. 2-3, 5-9) | J39: 12 | K39: 9 | L39: 3 | O39: 0.6525 | Q39: 0.0075
A40: Испытание систем отопления. (п. 1.18.16 Тех.часть) ОЗП=1,03; ЭМ=1,03; ЗПМ=1,03; ТЗ=1,03; ТЗМ=1,03 (Поз. 2-3, 5-9) | J40: 2 | K40: 2 | O40: 0.15 | Q40: 0.0012
A41: Условия производства работ ОЗП=1,2; ЭМ=1,2; ЗПМ=1,2; ТЗ=1,2; ТЗМ=1,2 (Поз. 2-3, 5-9) | J41: 17 | K41: 14 | L41: 3 | O41: 1.03 | Q41: 0.008
A42: Накладные расходы | J42: 122
A43: Сметная прибыль | J43: 69
A44: Итоги по смете:
A45: Итого | J45: 1044 | O45: 7.96 | Q45: 0.09
A46: В том числе:
A47: Материалы | J47: 730
A48: Машины и механизмы | J48: =20-1 -> 19
A49: ФОТ | J49: 104
A50: Накладные расходы | J50: 122
A51: Сметная прибыль | J51: 69
A52: ВСЕГО по смете | J52: 1044 | O52: 7.96 | Q52: 0.09
B54: Примечание: материал от разборки, пригодный для дальнейшего использования, передается балансодержателю по акту.
B57: Составил ______________________ | I57: Проверил _____________________

Sheet 24709
A1: СОГЛАСОВАНО: | E1: ФГУП "Комбинат "Электрохимприбор" | M1: УТВЕРЖДАЮ:
G2: (наименование стройки) | M2: Зам. генерального директора
A3: _____________________________ | M3: Е.В.Гордеев
A4: " _____ " ________________ 201_г. | G4: ЛОКАЛЬНЫЙ СМЕТНЫЙ РАСЧЕТ № 24709
G5: (локальная смета) | M5: "______ " __________201_ г.
C7: на | D7: Реконструкцию водопровода и канализации. Гостиница "Лесная" Комната переговоров. (инв.№ 8712564)
H8: (наименование работ и затрат, наименование объекта)
D11: Основание: проект № 24488-12-ВК
D12: Сметная стоимость строительных работ _______________________________________________________________________________________________ | J12: ___________________________2,324 | L12: тыс. руб.
D13: Средства на оплату труда _______________________________________________________________________________________________ | J13: ___________________________0,418 | L13: тыс. руб.
D14: Сметная трудоемкость _______________________________________________________________________________________________ | J14: _______________________________________________________________________________________________30,41 | L14: чел.час
D15: Материалы ___________________________________________________________ | J15: =J53/1000 -> 1.08 | L15: тыс.руб.
D16: Составлен(а) в базовых ценах 2001г. в редакции 2009г.
A18: № пп | B18: Обоснование | C18: Наименование | D18: Ед. изм. | E18: Кол. | F18: Стоимость единицы, руб. | J18: Общая стоимость, руб. | N18: Т/з осн. раб.на ед. | O18: Т/з осн. раб. Всего | P18: Т/з мех. на ед. | Q18: Т/з мех. Всего
F19: Всего | G19: В том числе | J19: Всего | K19: В том числе
G20: Осн.З/п | H20: Эк.Маш | I20: З/пМех | K20: Осн.З/п | L20: Эк.Маш | M20: З/пМех
A21: 1 | B21: 2 | C21: 3 | D21: 4 | E21: 5 | F21: 6 | G21: 7 | H21: 8 | I21: 9 | J21: 10 | K21: 11 | L21: 12 | M21: 13 | N21: 14 | O21: 15 | P21: 16 | Q21: 17
A22: Раздел 1. Разборка.
A23: 1 | B23: ТЕРр65-1-1 | C23: Разборка трубопроводов из водогазопроводных труб диаметром до 32 мм | D23: 100 м | E23: 0.015 | F23: 483.12 | G23: 405.87 | H23: 8.12 | I23: 1.56 | J23: 7 | K23: 6 | N23: 34.66 | O23: 0.52 | P23: 0.1
A24: 2 | B24: ТЕРр65-2-1 | C24: Разборка трубопроводов из чугунных канализационных труб диаметром 50 мм | D24: 100 м | E24: 0.01 | F24: 825.86 | G24: 819.41 | H24: 6.45 | I24: 2.5 | J24: 8 | K24: 8 | N24: 68.8 | O24: 0.69 | P24: 0.16
A25: 3 | B25: ТЕРр65-4-3 | C25: Демонтаж моек | D25: 100 приборов | E25: 0.01 | F25: 1264.07 | G25: 1232.23 | H25: 31.84 | I25: 12.34 | J25: 13 | K25: 13 | N25: 102.6 | O25: 1.03 | P25: 0.79 | Q25: 0.01
A26: Раздел 2. Водопровод.
A27: 4 | B27: ТЕР16-03-002-01 | C27: Прокладка трубопроводов водоснабжения из многослойных металл-полимерных труб диаметром 15 мм | D27: 100 м | E27: 0.015 | F27: 6136.29 | G27: 1541.12 | H27: 66.7 | I27: 1.27 | J27: 92 | K27: 23 | L27: 1 | N27: 112 | O27: 1.68 | P27: 0.07
A28: 5 | B28: ТСЦ-302-1480 прим. | C28: Фитинги для металлопластиковых труб. | D28: шт. | E28: 8 | F28: 40.66 | J28: 325
A29: 6 | B29: ТСЦ-301-1224 | C29: Крепления для трубопроводов: кронштейны, планки, хомуты | D29: кг | E29: 0.15 | F29: 17.02 | J29: 3
A30: 7 | B30: ТСЦ-302-1483 | C30: Кран шаровой размером 1/2" | D30: шт. | E30: 2 | F30: 57.79 | J30: 116
A31: 8 | B31: ТЕР16-07-003-01 | C31: Врезка в действующие внутренние сети трубопроводов отопления и водоснабжения диаметром 15 мм | D31: 1 врезка | E31: 2 | F31: 104.6 | G31: 62.31 | H31: 5.56 | J31: 209 | K31: 125 | L31: 11 | N31: 4.46 | O31: 8.92
A32: 9 | B32: ТЕР16-07-005-01 | C32: Гидравлическое испытание трубопроводов систем отопления, водопровода и горячего водоснабжения диаметром до 50 мм | D32: 100 м | E32: 0.015 | F32: 104.4 | G32: 82.16 | H32: 15.29 | J32: 2 | K32: 1 | N32: 5.01 | O32: 0.08
A33: Раздел 3. Канализация.
A34: 10 | B34: ТЕР16-04-001-01 | C34: Прокладка трубопроводов канализации из полиэтиленовых труб высокой плотности диаметром 50 мм | D34: 100 м | E34: 0.003 | F34: 5197.98 | G34: 897.43 | H34: 15.84 | I34: 0.36 | J34: 16 | K34: 3 | N34: 64.24 | O34: 0.19 | P34: 0.02
A35: 11 | B35: ТСЦ-301-1224 | C35: Крепления для трубопроводов: кронштейны, планки, хомуты | D35: кг | E35: 0.03 | F35: 17.02 | J35: 1
A36: 12 | B36: ТЕР17-01-005-01 | C36: Установка моек на одно отделение (стоимость мойки в строительной части) | D36: 10 компл. | E36: 0.1 | F36: 357.98 | G36: 234.69 | H36: 21.09 | I36: 2.03 | J36: 36 | K36: 23 | L36: 2 | N36: 17.32 | O36: 1.73 | P36: 0.13 | Q36: 0.01
A37: Уд | B37: 1. 301-0494 | C37: Мойки стальные эмалированные на одно отделение с одной чашей с креплениями МСК размером 500х500х198 | D37: компл. | E37: 10 1 | F37: 210.39 | J37: 210.39
A38: 13 | B38: ТСЦ-301-0627 прим. | C38: Смесители для мойки настольный | D38: компл. | E38: 1 | F38: 338.35 | J38: 338
A39: 14 | B39: Цена поставщика. | C39: Сифон бутылочный пласмас.с вертикальным отводом для умывальника. (Цена:90,30:1,18:5,56*1,02=14,04) | D39: компл. | E39: 1 | F39: 14.04 | J39: 14
A40: 15 | B40: ТЕРр65-6-10 | C40: Установка гибких подводок | D40: 100 приборов | E40: 0.02 | F40: 4008.14 | G40: 669.67 | H40: 7.47 | I40: 0.78 | J40: 80 | K40: 13 | N40: 52.4 | O40: 1.05 | P40: 0.05
A41: 16 | B41: ТЕР16-07-004-01 | C41: Врезка в действующие внутренние сети трубопроводов канализации диаметром 50 мм | D41: 1 врезка | E41: 1 | F41: 135.06 | G41: 84.67 | H41: 1.09 | J41: 135 | K41: 85 | L41: 1 | N41: 7.05 | O41: 7.05
A42: Итого прямые затраты по смете в ценах 2001г. | J42: 1395 | K42: 300 | L42: 15 | O42: 22.94 | Q42: 0.02
A43: Итого прямые затраты по смете с учетом коэффициентов к итогам | J43: 1521 | K43: 418 | L43: 23 | O43: 30.41 | Q43: 0.02
A44: В том числе, справочно:
A45: Районный к-т 4,5% (Поз. 1-12, 16, 15) | J45: 14 | K45: 14
A46: При ремонте и реконструкции зданий и сооружений работы, аналогичные технологическим процессам в новом строительстве ОЗП=1,15; ЭМ=1,25; ЗПМ=1,25; ТЗ=1,15; ТЗМ=1,25 (Поз. 4-12, 16) | J46: 45 | K46: 41 | L46: 4 | O46: 2.9475 | Q46: 0.0025
A47: Условия производства работ ОЗП=1,2; ЭМ=1,2; ЗПМ=1,2; ТЗ=1,2; ТЗМ=1,2 (Поз. 4-12, 16) | J47: 67 | K47: 63 | L47: 4 | O47: 4.52 | Q47: 0.002
A48: Накладные расходы | J48: 516
A49: Сметная прибыль | J49: 287
A50: Итоги по смете:
A51: Итого | J51: 2324 | O51: 30.41 | Q51: 0.02
A52: В том числе:
A53: Материалы | J53: 1080
A54: Машины и механизмы | J54: 23
A55: ФОТ | J55: 418
A56: Накладные расходы | J56: 516
A57: Сметная прибыль | J57: 287
A58: ВСЕГО по смете | J58: 2324 | O58: 30.41 | Q58: 0.02
B60: Примечание: материал от разборки, пригодный для дальнейшего использования, передается балансодержателю по акту.
B63: Составил ______________________ | I63: Проверил _____________________

Sheet 24710
A1: СОГЛАСОВАНО: | E1: ФГУП "Комбинат "Электрохимприбор" | M1: УТВЕРЖДАЮ:
G2: (наименование стройки) | M2: Зам. генерального директора
M3: Е.В.Гордеев
A4: _________________ | M4: _________________
A5: " _____ " ________________ 201_ г. | M5: "______ " __________201_ г.
G6: ЛОКАЛЬНЫЙ СМЕТНЫЙ РАСЧЕТ № 24710
G7: (локальная смета)
C9: на | D9: Реконструкцию силовых и осветительных сетей. г. Лесной, ул. Кирова, 1А.
E10: Гостиница "Лесная". Комната переговоров. Инв.№ 8712564.
H11: (наименование работ и затрат, наименование объекта)
D13: Основание: проект №24494-12-ЭМ
D14: Сметная стоимость _______________________________________________________________________________________________ | J14: ___________________________28,811 | L14: тыс. руб.
D15: строительных работ _______________________________________________________________________________________________ | J15: _______________________________________________________________________________________________1,614 | L15: тыс. руб.
D16: монтажных работ _______________________________________________________________________________________________ | J16: _______________________________________________________________________________________________27,197 | L16: тыс. руб.
D17: Средства на оплату труда _______________________________________________________________________________________________ | J17: ___________________________5,901 | L17: тыс. руб.
D18: Сметная трудоемкость _______________________________________________________________________________________________ | J18: _______________________________________________________________________________________________355,3 | L18: чел.час
D19: Составлен(а) в базовых ценах 2001г. в редакции 2009г.
A21: № пп | B21: Обоснование | C21: Наименование | D21: Ед. изм. | E21: Кол. | F21: Стоимость единицы, руб. | J21: Общая стоимость, руб. | N21: Т/з осн. раб.на ед. | O21: Т/з осн. раб. Всего | P21: Т/з мех. на ед. | Q21: Т/з мех. Всего
F22: Всего | G22: В том числе | J22: Всего | K22: В том числе
G23: Осн.З/п | H23: Эк.Маш | I23: З/пМех | K23: Осн.З/п | L23: Эк.Маш | M23: З/пМех
A24: 1 | B24: 2 | C24: 3 | D24: 4 | E24: 5 | F24: 6 | G24: 7 | H24: 8 | I24: 9 | J24: 10 | K24: 11 | L24: 12 | M24: 13 | N24: 14 | O24: 15 | P24: 16 | Q24: 17
A25: Раздел 1. Демонтажные работы
A26: 1 | B26: ТЕРр67-4-3 | C26: Демонтаж светильников с лампами накаливания | D26: 100 шт. | E26: 0.02 | F26: 70.67 | G26: 69.46 | H26: 1.21 | I26: 0.47 | J26: 1 | K26: 1 | N26: 6.32 | O26: 0.13 | P26: 0.03
A27: 2 | B27: ТЕРр67-4-1 | C27: Демонтаж выключателей, розеток | D27: 100 шт. | E27: 0.05 | F27: 64.18 | G27: 64.18 | J27: 3 | K27: 3 | N27: 5.84 | O27: 0.29
A28: 3 | B28: ТЕРм08-03-545-01 | C28: Демонтаж: ответвительная коробка скрытой проводки КОЭФ. К ПОЗИЦИИ: демонтаж ОЗП=0,3; ЭМ=0,3 к расх.; ЗПМ=0,3; МАТ=0 к расх.; ТЗ=0,3; ТЗМ=0,3 | D28: 1 шт. | E28: 3 | F28: 13.87 | G28: 13.16 | H28: 0.71 | J28: 42 | K28: 40 | L28: 2 | N28: 0.99 | O28: 2.97
A29: 4 | B29: ТЕРм08-03-526-01 | C29: Демонтаж: автомат одно-, двух-, трехполюсный, установленный в шкафу, на ток до 25 А КОЭФ. К ПОЗИЦИИ: демонтаж ОЗП=0,3; ЭМ=0,3 к расх.; ЗПМ=0,3; МАТ=0 к расх.; ТЗ=0,3; ТЗМ=0,3 | D29: 1 шт. | E29: 3 | F29: 6.65 | G29: 6.27 | H29: 0.38 | J29: 20 | K29: 19 | L29: 1 | N29: 0.47 | O29: 1.41
A30: Раздел 2. Монтажные работы
A31: 5 | B31: ТЕРм08-03-526-01 | C31: Автомат одно-, двух-, трехполюсный, устанавливаемый в шкафу, на ток до 25 А | D31: 1 шт. | E31: 3 | F31: 174.77 | G31: 20.9 | H31: 1.28 | J31: 524 | K31: 63 | L31: 4 | N31: 1.56 | O31: 4.68
A32: 6 | B32: ТСЦ-509-0298 | C32: Выключатели автоматические АЕ2046-100-00 У3 I-63А | D32: шт. | E32: 1 | F32: 97.31 | J32: 97
A33: 7 | B33: ТСЦ-509-0294 | C33: Выключатели автоматические АЕ1031-1УХЛ,2УХЛ I-25А | D33: шт. | E33: 2 | F33: 26.6 | J33: 53
A34: 8 | B34: ТЕРм08-03-591-09 | C34: Розетка штепсельная утопленного типа при скрытой проводке | D34: 100 шт. | E34: 0.05 | F34: 696.25 | G34: 532.26 | H34: 11.69 | I34: 0.73 | J34: 35 | K34: 27 | L34: 1 | N34: 38.1 | O34: 1.91 | P34: 0.04
A35: 9 | B35: Цена поставщика | C35: Розетка одноместная с з/к скрытой установки (в сборе) "UNICA" цвет: белый (Ц:95руб:1,18:5,56) | D35: шт. | E35: 5 | F35: 14.48 | J35: 72
A36: 10 | B36: Цена поставщика | C36: Рамка горизонтальная, 4 места "UNICA" цвет: белый (Ц:218руб:1,18:5,56) | D36: шт. | E36: 1 | F36: 33.23 | J36: 33
A37: 11 | B37: Цена поставщика | C37: Рамка горизонтальная, 2 места "UNICA" цвет: белый (Ц:114руб:1,18:5,56) | D37: шт. | E37: 1 | F37: 17.38 | J37: 17
A38: 12 | B38: ТЕРм08-03-591-05 | C38: Выключатель двухклавишный утопленного типа при скрытой проводке | D38: 100 шт. | E38: 0.01 | F38: 511.12 | G38: 458.22 | H38: 11.69 | I38: 0.73 | J38: 5 | K38: 5 | N38: 32.8 | O38: 0.33 | P38: 0.04
A39: 13 | B39: Цена поставщика | C39: Выключатель двухклавишный (в сборе) "UNICA" цвет: белый (Ц:237руб:1,18:5,56) | D39: шт. | E39: 1 | F39: 36.12 | J39: 36
A40: 14 | B40: Цена поставщика | C40: Коробка КМ41004 распаячная для тв.стен d80x40мм (с крышкой) UKT01-080-040-000 (Ц:11,87руб:1,18:5,56) | D40: шт. | E40: 1 | F40: 1.81 | J40: 2
A41: 15 | B41: Цена поставщика | C41: Коробка КМ40002 установочная для тв.стен d65x40мм (с саморезами) UKT10-065-040-000 (Ц:5,10руб:1,18:5,56) | D41: шт. | E41: 7 | F41: 0.78 | J41: 5
A42: 16 | B42: ТЕРм08-03-594-13 | C42: Светильник в подвесных потолках, устанавливаемый на профиле, количество ламп в светильнике до 2 | D42: 100 шт. | E42: 0.06 | F42: 17168.33 | G42: 3087.37 | H42: 2915.37 | I42: 1188.75 | J42: 1030 | K42: 185 | L42: 175 | M42: 71 | N42: 221 | O42: 13.26 | P42: 75.91 | Q42: 4.55
A43: 17 | B43: Цена поставщика | C43: Светильник ВАТ 136 25113660 (Ц:2538руб:1,18:5,56) | D43: шт. | E43: 6 | F43: 386.84 | J43: 2321
A44: 18 | B44: ТСЦ-509-0696 | C44: Лампы люминесцентные ртутные низкого давления | D44: 10 шт. | E44: 1.2 | F44: 113.9 | J44: 137
A45: 19 | B45: ТЕРм08-03-593-11 | C45: Люстры и подвесы с количеством ламп до 5 | D45: 1 шт. | E45: 2 | F45: 121.27 | G45: 16.9 | H45: 36.84 | I45: 15.65 | J45: 243 | K45: 34 | L45: 74 | M45: 31 | N45: 1.21 | O45: 2.42 | P45: 1 | Q45: 2
A46: 20 | B46: Цена поставщика | C46: Светильник (люстра) LUSSOLE LSX-0603 (Ц:5483руб:1,18:5,56) | D46: шт. | E46: 2 | F46: 835.72 | J46: 1671
A47: 21 | B47: ТСЦ-509-0742 прим. | C47: Лампы галогенные | D47: 10 шт. | E47: 0.8 | F47: 172.23 | J47: 138
A48: 22 | B48: ФЕРм08-02-390-01 | C48: Короба пластмассовые: шириной до 40 мм КОЭФ. К ПОЗИЦИИ: Приведение расценок ФЕР к территориальному уровню (Письмо УРЦЦС Ц-297 от 12.04.2011) ОЗП=1,41; ЭМ=1,242; ЗПМ=1,41; МАТ=1,052 | D48: 100 м | E48: 0.08 | F48: 311.4 | G48: 218.44 | H48: 38.75 | I48: 0.17 | J48: 25 | K48: 17 | L48: 3 | N48: 16.29 | O48: 1.3 | P48: 0.01
A49: 23 | B49: Цена поставщика | C49: Кабель-канал 40х25 "ЭЛЕКОР" CKK10-040-025-1-K01-018 (Ц:43,43руб:1,18:5,56) | D49: м | E49: 4 | F49: 6.62 | J49: 26
A50: 24 | B50: Цена поставщика | C50: Соединитель на стык КМС 40х25 "ЭЛЕКОР" CKK10D-S-040-025-K01 (Ц:14,91руб:1,18:5,56) | D50: шт | E50: 1 | F50: 2.27 | J50: 2
A51: 25 | B51: Цена поставщика | C51: Кабель-канал 15х10 "ЭЛЕКОР" CKK10-015-010-1-K01 Ц:12,32руб:1,18:5,56) | D51: м | E51: 4 | F51: 1.88 | J51: 8
A52: 26 | B52: Цена поставщика | C52: Соединитель на стык КМС 15х10 "ЭЛЕКОР" CKK10D-S-015-010-K01 (Ц:4,54руб:1,18:5,56) | D52: м | E52: 1 | F52: 0.69 | J52: 1
A53: 27 | B53: ТЕРм08-02-401-01 | C53: Кабель двух-четырехжильный сечением жилы до 16 мм2 с креплением накладными скобами, полосками с установкой ответвительных коробок КОЭФ. К ПОЗИЦИИ: 1.8.3.ОП При производстве работ на высоте свыше расстояний, указанных в вводных указаниях к разделам сборника: при высоте свыше 2 до 8 м ОЗП=1,05; ТЗ=1,05 | D53: 100 м | E53: 0.26 | F53: 4067.05 | G53: 717.89 | H53: 957.86 | I53: 390.47 | J53: 1057 | K53: 187 | L53: 249 | M53: 102 | N53: 54.18 | O53: 14.09 | P53: 24.95 | Q53: 6.49
A54: 28 | B54: ТЕРм08-02-402-01 | C54: Кабель двух-четырехжильный по установленным конструкциям и лоткам с установкой ответвительных коробок в помещениях с нормальной средой сечением жилы до 10 мм2 КОЭФ. К ПОЗИЦИИ: 1.8.3.ОП При производстве работ на высоте свыше расстояний, указанных в вводных указаниях к разделам сборника: при высоте свыше 2 до 8 м ОЗП=1,05; ТЗ=1,05 | D54: 100 м | E54: 0.09 | F54: 1141.75 | G54: 212.87 | H54: 704.04 | I54: 87.33 | J54: 103 | K54: 19 | L54: 63 | M54: 8 | N54: 16.07 | O54: 1.45 | P54: 5.28 | Q54: 0.48
A55: 29 | B55: ТЕРм08-02-409-04 | C55: Труба винипластовая по установленным конструкциям, по потолкам, диаметр до 50 мм КОЭФ. К ПОЗИЦИИ: 1.8.3.ОП При производстве работ на высоте свыше расстояний, указанных в вводных указаниях к разделам сборника: при высоте свыше 2 до 8 м ОЗП=1,05; ТЗ=1,05 | D55: 100 м | E55: 1 | F55: 2427.1 | G55: 379.82 | H55: 530.78 | I55: 185.61 | J55: 2427 | K55: 380 | L55: 531 | M55: 186 | N55: 28.67 | O55: 28.67 | P55: 11.83 | Q55: 11.83
A56: 30 | B56: ТСЦ-301-1380 | C56: Трубки защитные гофрированные | D56: м | E56: 100 | F56: 10.01 | J56: 1001
A57: 31 | B57: ТЕРм08-02-412-01 | C57: Затягивание провода в проложенные трубы и металлические рукава первого одножильного или многожильного в общей оплетке, суммарное сечение до 2,5 мм2 КОЭФ. К ПОЗИЦИИ: 1.8.3.ОП При производстве работ на высоте свыше расстояний, указанных в вводных указаниях к разделам сборника: при высоте свыше 2 до 8 м ОЗП=1,05; ТЗ=1,05 | D57: 100 м | E57: 1 | F57: 661.77 | G57: 78.05 | H57: 2.92 | I57: 0.18 | J57: 662 | K57: 78 | L57: 3 | N57: 5.89 | O57: 5.89 | P57: 0.01 | Q57: 0.01
A58: 32 | B58: ТСЦ-501-8190 | C58: Кабель силовой с медными жилами с поливинилхлоридной изоляцией в поливинилхлоридной оболочке без защитного покрова ВВГ, напряжением 0,66 Кв, число жил 3 и сечением 1,5 мм2 | D58: 1000 м | E58: 0.051 | F58: 6962.8 | J58: 355
A59: 33 | B59: ТСЦ-501-8191 | C59: Кабель силовой с медными жилами с поливинилхлоридной изоляцией в поливинилхлоридной оболочке без защитного покрова ВВГ, напряжением 0,66 Кв, число жил 3 и сечением 2,5 мм2 | D59: 1000 м | E59: 0.0612 | F59: 10382 | J59: 635
A60: 34 | B60: Цена поставщика | C60: Кабель антенный SAT-703 (Цена:30000руб:1,18:5.56) | D60: 1000 м | E60: 0.0255 | F60: 4572.61 | J60: 117
A61: 35 | B61: Цена поставщика | C61: Коробка КМ41237 распаячная для о/п d75х40мм IP44 (RAL7035, 4 гермоввода) UKO11-075-040-000-K41-44 (Ц:21руб:1,18:5.56) | D61: шт. | E61: 1 | F61: 3.2 | J61: 3
A62: 36 | B62: ТЕРм08-03-591-09 | C62: Розетка штепсельная утопленного типа при скрытой проводке | D62: 100 шт. | E62: 0.01 | F62: 696.25 | G62: 532.26 | H62: 11.69 | I62: 0.73 | J62: 7 | K62: 5 | N62: 38.1 | O62: 0.38 | P62: 0.04
A63: 37 | B63: Цена поставщика | C63: Розетка TV (в сборе) "UNICA" цвет: белый (Ц:685руб:1,18:5,56) | D63: шт. | E63: 1 | F63: 104.41 | J63: 104
A64: 38 | B64: ТЕРм08-02-374-01 | C64: Устройство ввода в здание в стальной трубе, провод сечением до 16 мм2, количество проводов в линии 2 КОЭФ. К ПОЗИЦИИ: 1.8.3.ОП При производстве работ на высоте свыше расстояний, указанных в вводных указаниях к разделам сборника: при высоте свыше 2 до 8 м ОЗП=1,05; ТЗ=1,05 | D64: 1 шт. | E64: 2 | F64: 502.03 | G64: 49.85 | H64: 437.69 | I64: 50.96 | J64: 1004 | K64: 100 | L64: 875 | M64: 102 | N64: 3.37 | O64: 6.74 | P64: 2.8 | Q64: 5.6
A65: 39 | B65: ТЕР46-03-009-08 | C65: Пробивка в кирпичных стенах отверстий круглых диаметром до 50 мм при толщине стен до 51 см | D65: 100 шт. | E65: 0.02 | F65: 5264.08 | G65: 1256.86 | H65: 4007.22 | I65: 443.92 | J65: 105 | K65: 25 | L65: 80 | M65: 9 | N65: 97.13 | O65: 1.94 | P65: 28.42 | Q65: 0.57
A66: 40 | B66: ТЕР46-03-009-07 | C66: Пробивка в кирпичных стенах отверстий круглых диаметром до 50 мм при толщине стен до 38 см | D66: 100 шт. | E66: 0.02 | F66: 3944.42 | G66: 967.91 | H66: 2976.51 | I66: 329.74 | J66: 79 | K66: 19 | L66: 60 | M66: 7 | N66: 74.8 | O66: 1.5 | P66: 21.11 | Q66: 0.42
A67: 41 | B67: ТЕР46-03-009-01 | C67: Пробивка в кирпичных стенах гнезд размером до 130х130 мм | D67: 100 шт. | E67: 0.07 | F67: 2386.22 | G67: 468.56 | H67: 1917.66 | I67: 177.6 | J67: 167 | K67: 33 | L67: 134 | M67: 12 | N67: 36.21 | O67: 2.53 | P67: 11.37 | Q67: 0.8
A68: 42 | B68: ТЕР46-03-011-02 | C68: Пробивка в кирпичных стенах борозд площадью сечения до 50 см2 | D68: 100 м борозд | E68: 0.15 | F68: 1311.62 | G68: 313.15 | H68: 998.47 | I68: 92.47 | J68: 197 | K68: 47 | L68: 150 | M68: 14 | N68: 24.2 | O68: 3.63 | P68: 5.92 | Q68: 0.89
A69: 43 | B69: ТЕР46-03-017-05 | C69: Заделка отверстий, гнезд и борозд в стенах и перегородках бетонных площадью до 0,1 м2 | D69: 1 м3 заделки | E69: 0.2 | F69: 2078.32 | G69: 857.51 | H69: 44.07 | J69: 416 | K69: 172 | L69: 9 | N69: 75.22 | O69: 15.04
A70: 44 | B70: ТЕРм11-04-026-03 | C70: Разъемы штепсельные с разделкой и включением кабеля, диаметр оболочки до 6 мм | D70: 1 шт. | E70: 2 | F70: 18.1 | G70: 16.09 | J70: 36 | K70: 32 | N70: 1.03 | O70: 2.06
A71: 45 | B71: ТЕРм11-04-028-01 | C71: Включение в аппаратуру разъемов штепсельных, количество контактов в разъеме до 14 шт. | D71: 1 разъем | E71: 2 | F71: 2.98 | G71: 2.92 | J71: 6 | K71: 6 | N71: 0.22 | O71: 0.44
A72: 46 | B72: Цена поставщика | C72: Делитель VTF-014 (Цена:125руб:1,18:5,56) | D72: шт | E72: 1 | F72: 19.05 | J72: 19
A73: 47 | B73: Цена поставщика | C73: Антенный разъем FAS-7 (Цена:125руб:1,18:5,56) | D73: шт | E73: 2 | F73: 19.05 | J73: 38
A74: 48 | B74: Цена поставщика | C74: Штекер под разъем (Цена:50руб:1,18:5,56) | D74: шт | E74: 2 | F74: 7.62 | J74: 15
A75: 49 | B75: ТЕРм10-05-001-14 | C75: Подключение домовой распределительной сети к магистральной линии с комплексом измерений для одного канала | D75: 1 подключение | E75: 1 | F75: 212.81 | G75: 208.64 | J75: 213 | K75: 209 | N75: 14.3 | O75: 14.3
A76: 50 | B76: ТЕРм10-05-001-15 | C76: Подключение домовой распределительной сети к магистральной линии с комплексом измерений для каждого последующего канала | D76: 1 подключение | E76: 13 | F76: 197.93 | G76: 194.05 | J76: 2573 | K76: 2523 | N76: 13.3 | O76: 172.9
A77: Итого прямые затраты по смете в ценах 2001г. | J77: 17886 | K77: 4229 | L77: 2414 | M77: 542 | O77: 300.26 | Q77: 33.64
A78: Итого прямые затраты по смете с учетом коэффициентов к итогам | J78: 19403 | K78: 5231 | L78: 2839 | M78: 670 | O78: 355.3 | Q78: 39.83
A79: В том числе, справочно:
A80: Районный к-т 4,3% (Поз. 39-43, 3-5, 8, 12, 16, 19, 22, 27-29, 31, 36, 38, 44-45, 49-50) | J80: 206 | K80: 182 | L80: 23 | M80: 23
A81: Заготовительно-складские расходы на материалы - согласно п.4.64 из МДС 81-35.2004 МАТ=1,02 (Поз. 9-11, 13-15, 17, 20, 23-26, 34-35, 37, 46-48) | J81: 90
A82: Условия производства работ ОЗП=1,2; ЭМ=1,2; ЗПМ=1,2; ТЗ=1,2; ТЗМ=1,2 (Поз. 3-5, 8, 12, 16, 19, 22, 27-29, 31, 36, 38, 44-45, 49-50) | J82: 1221 | K82: 820 | L82: 401 | M82: 104 | O82: 55.04 | Q82: 6.192
A83: Накладные расходы | J83: 5554
A84: В том числе, справочно:
A85: 85% ФОТ (от 4) (Поз. 1-2) | J85: 3
A86: 92% ФОТ (от 3467) (Поз. 44-45, 49-50) | J86: 3190
A87: 95% ФОТ (от 2077) (Поз. 3-5, 8, 12, 16, 19, 22, 27-29, 31, 36, 38) | J87: 1973
A88: 110% ФОТ (от 353) (Поз. 39-43) | J88: 388
A89: Сметная прибыль | J89: 3854
A90: В том числе, справочно:
A91: 65% ФОТ (от 5548) (Поз. 1-5, 8, 12, 16, 19, 22, 27-29, 31, 36, 38, 44-45, 49-50) | J91: 3607
A92: 70% ФОТ (от 353) (Поз. 39-43) | J92: 247
A93: Итоги по смете:
A94: Итого Строительные работы | J94: 1614 | O94: 24.64 | Q94: 2.68
A95: Итого Монтажные работы | J95: 27197 | O95: 330.66 | Q95: 37.15
A96: Итого | J96: 28811 | O96: 355.3 | Q96: 39.83
A97: В том числе:
A98: Материалы | J98: 11333
A99: Машины и механизмы | J99: 2839
A100: ФОТ | J100: 5901
A101: Накладные расходы | J101: 5554
A102: Сметная прибыль | J102: 3854
A103: ВСЕГО по смете | J103: 28811 | O103: 355.3 | Q103: 39.83
...

Sheet 24711
A1: СОГЛАСОВАНО: | E1: ФГУП "Комбинат "Электрохимприбор" | M1: УТВЕРЖДАЮ:
G2: (наименование стройки) | M2: Зам. генерального директора
M3: Е.В.Гордеев
A4: _________________ | M4: _________________
A5: " _____ " ________________ 201_ г. | M5: "______ " __________201_ г.
G6: ЛОКАЛЬНЫЙ СМЕТНЫЙ РАСЧЕТ № 24711
G7: (локальная смета)
C9: на | D9: Реконструкцию автоматической пожарной сигнализации. г. Лесной, ул. Кирова, 1А.
E10: Гостиница "Лесная". Комната переговоров. Инв.№ 8712564.
H11: (наименование работ и затрат, наименование объекта)
D13: Основание: проект № 24497-12-ПС
D14: Сметная стоимость монтажных работ _______________________________________________________________________________________________ | J14: ___________________________0,747 | L14: тыс. руб.
D15: Средства на оплату труда _______________________________________________________________________________________________ | J15: ___________________________0,135 | L15: тыс. руб.
D16: Сметная трудоемкость _______________________________________________________________________________________________ | J16: _______________________________________________________________________________________________9,5 | L16: чел.час
D17: Составлен(а) в базовых ценах 2001г. в редакции 2009г.
A19: № пп | B19: Обоснование | C19: Наименование | D19: Ед. изм. | E19: Кол. | F19: Стоимость единицы, руб. | J19: Общая стоимость, руб. | N19: Т/з осн. раб.на ед. | O19: Т/з осн. раб. Всего | P19: Т/з мех. на ед. | Q19: Т/з мех. Всего
F20: Всего | G20: В том числе | J20: Всего | K20: В том числе
G21: Осн.З/п | H21: Эк.Маш | I21: З/пМех | K21: Осн.З/п | L21: Эк.Маш | M21: З/пМех
A22: 1 | B22: 2 | C22: 3 | D22: 4 | E22: 5 | F22: 6 | G22: 7 | H22: 8 | I22: 9 | J22: 10 | K22: 11 | L22: 12 | M22: 13 | N22: 14 | O22: 15 | P22: 16 | Q22: 17
A23: 1 | B23: Цена поставщика | C23: ИП 212 - 45 Серия "Марко" для подвесного потолка (Ц:255,31руб :1,18:5,56) | D23: шт | E23: 3 | F23: 38.91 | J23: 117
A24: 2 | B24: ТЕРм10-08-002-02 | C24: Извещатель ПС автоматический дымовой, фотоэлектрический, радиоизотопный, световой в нормальном исполнении | D24: 1 шт. | E24: 2 | F24: 28.38 | G24: 22.76 | H24: 0.46 | J24: 57 | K24: 46 | L24: 1 | N24: 1.68 | O24: 3.36
A25: 3 | B25: ТЕРм08-02-413-01 | C25: Провод (кабель), количество проводов в резинобитумной трубке до 2, сечение провода до 6 мм2 | D25: 100 м трубок | E25: 0.1 | F25: 1497.34 | G25: 267.65 | H25: 64.3 | I25: 4 | J25: 150 | K25: 27 | L25: 6 | N25: 20.2 | O25: 2.02 | P25: 0.22 | Q25: 0.02
A26: 4 | B26: Цена поставщика | C26: Кабель КПСЭнг-FRLS 1x2x0,5 (Ц:43490руб :1,18:5,56) | D26: 1000м | E26: 0.011 | F26: 6628.76 | J26: 73
A27: 5 | B27: ТСЦ-301-1380 | C27: Трубки защитные гофрированные | D27: м | E27: 5 | F27: 10.01 | J27: 50
A28: 6 | B28: Цена поставщика | C28: Коробка распределительная DKC скрытой установки 92x92x45 для твердых стен, 59361 (Ц:49руб:1,18:5.56) | D28: шт | E28: 1 | F28: 7.47 | J28: 7
A29: 7 | B29: ТЕРм10-08-019-01 | C29: Коробка ответвительная на стене | D29: 1 шт. | E29: 1 | F29: 7.32 | G29: 6.88 | J29: 7 | K29: 7 | N29: 0.5 | O29: 0.5
A30: 8 | B30: ТСЦ-509-0584 | C30: Резисторы | D30: шт. | E30: 3 | F30: 1.19 | J30: 4
A31: 9 | B31: ТЕРм11-03-001-01 | C31: Монтаж: резисторы | D31: 1 шт. | E31: 2 | F31: 8.41 | G31: 7.26 | J31: 17 | K31: 15 | N31: 0.52 | O31: 1.04
A32: 10 | B32: Цена поставщика | C32: Клеммная колодка 43412NY DKC (Цена:47,65руб :1,18:5,56) | D32: шт | E32: 1 | F32: 7.26 | J32: 7
A33: 11 | B33: ТЕРм10-04-030-04 | C33: Дополнительная установка на пультах и панелях колодки клеммной на 20 клемм | D33: 1 шт. | E33: 1 | F33: 27.06 | G33: 11.51 | J33: 27 | K33: 12 | N33: 1 | O33: 1
A34: Итого прямые затраты по смете в ценах 2001г. | J34: 516 | K34: 107 | L34: 7 | O34: 7.92 | Q34: 0.02
A35: Итого прямые затраты по смете с учетом коэффициентов к итогам | J35: 549 | K35: 135 | L35: 8 | O35: 9.5 | Q35: 0.02
A36: В том числе, справочно:
A37: Районный к-т 4,3% (Поз. 2, 7, 9, 3, 11) | J37: 5 | K37: 5
A38: Заготовительно-складские расходы на материалы - согласно п.4.64 из МДС 81-35.2004 МАТ=1,02 (Поз. 1, 4, 6, 10) | J38: 4
A39: Условия производства работ ОЗП=1,2; ЭМ=1,2; ЗПМ=1,2; ТЗ=1,2; ТЗМ=1,2 (Поз. 2, 7, 9, 3, 11) | J39: 24 | K39: 22 | L39: 1 | O39: 1.584 | Q39: 0.004
A40: Накладные расходы | J40: 115
A41: В том числе, справочно:
A42: 80% ФОТ (от 85) (Поз. 2, 7, 9) | J42: 68
A43: 92% ФОТ (от 16) (Поз. 11) | J43: 15
A44: 95% ФОТ (от 34) (Поз. 3) | J44: 32
A45: Сметная прибыль | J45: 83
A46: В том числе, справочно:
A47: 60% ФОТ (от 85) (Поз. 2, 7, 9) | J47: 51
A48: 65% ФОТ (от 50) (Поз. 3, 11) | J48: 32
A49: Итоги по смете:
A50: Итого | J50: 747 | O50: 9.5 | Q50: 0.02
A51: В том числе:
A52: Материалы | J52: 406
A53: Машины и механизмы | J53: 8
A54: ФОТ | J54: 135
A55: Накладные расходы | J55: 115
A56: Сметная прибыль | J56: 83
A57: ВСЕГО по смете | J57: 747 | O57: 9.5 | Q57: 0.02
B61: Составил ______________________ | I61: Проверил _____________________

Sheet НМЦ
A1: г. Лесной ФГУП "Комбинат "Электрохимприбор"
A3: Расчет начальной (максимальной) цены
A5: Выполнение строительно-монтажных работ по реконструкции гостиницы «Лесная»
A6: ФГУП «Комбинат «Электрохимприбор»
A9: Составлен в ценах по состоянию на 01.01.2000 г. с переводом в текущие | D9: руб.
A10: Наименование глав ССР, объектных сметных расчетов, локальных сметных расчетов, видов работ | B10: Сметная стоимость в базисных ценах на 01.01.2000 | C10: Текущая стоимость на момент определения начальной (максимальной) цены | D10: № обосновывающего расчета
A14: 1 | B14: 2 | C14: 3 | D14: 4
A15: Бильярдная
A16: Архитектурно-строительные решения | B16: ='Сводка затрат'!H15 -> 54067 | C16: =ROUND('Сводка затрат'!D15*5.56,0)+ROUND('Сводка затрат'!E15*5.56,0)+ROUND('Сводка затрат'!F15*4.19,0)+ROUND('Сводка затрат'!G15*9.32,0) -> 300613 | D16: 24657
A17: Реконструкция отопления | B17: ='Сводка затрат'!H16 -> 3272 | C17: =ROUND('Сводка затрат'!D16*5.56,0)+ROUND('Сводка затрат'!E16*5.56,0)+ROUND('Сводка затрат'!F16*4.19,0)+ROUND('Сводка затрат'!G16*9.32,0) -> 18192 | D17: 24690
A18: Реконструкция силовых и осветительных сетей | B18: ='Сводка затрат'!H17 -> 27417 | C18: =ROUND('Сводка затрат'!D17*5.56,0)+ROUND('Сводка затрат'!E17*5.56,0)+ROUND('Сводка затрат'!F17*4.19,0)+ROUND('Сводка затрат'!G17*9.32,0) -> 152439 | D18: 24733
A19: Реконструкция пожарной сигнализации | B19: ='Сводка затрат'!H18 -> 1476 | C19: =ROUND('Сводка затрат'!D18*5.56,0)+ROUND('Сводка затрат'!E18*5.56,0)+ROUND('Сводка затрат'!F18*4.19,0)+ROUND('Сводка затрат'!G18*9.32,0) -> 8207 | D19: 24734
A20: Гостиничный номер 4 этажа
A21: Реконструкция водопровода и канализации | B21: ='Сводка затрат'!H20 -> 18381 | C21: =ROUND('Сводка затрат'!D20*5.56,0)+ROUND('Сводка затрат'!E20*5.56,0)+ROUND('Сводка затрат'!F20*4.19,0)+ROUND('Сводка затрат'!G20*9.32,0) -> 102198 | D21: 24727
A22: Реконструкция отопления | B22: ='Сводка затрат'!H21 -> 15147 | C22: =ROUND('Сводка затрат'!D21*5.56,0)+ROUND('Сводка затрат'!E21*5.56,0)+ROUND('Сводка затрат'!F21*4.19,0)+ROUND('Сводка затрат'!G21*9.32,0) -> 84217 | D22: 24729
A23: Реконструкция вентиляции | B23: ='Сводка затрат'!H22 -> 4191 | C23: =ROUND('Сводка затрат'!D22*5.56,0)+ROUND('Сводка затрат'!E22*5.56,0)+ROUND('Сводка затрат'!F22*4.19,0)+ROUND('Сводка затрат'!G22*9.32,0) -> 23302 | D23: 24730
A24: Архитектурно-строительные решения | B24: ='Сводка затрат'!H23 -> 163505 | C24: =ROUND('Сводка затрат'!D23*5.56,0)+ROUND('Сводка затрат'!E23*5.56,0)+ROUND('Сводка затрат'!F23*4.19,0)+ROUND('Сводка затрат'!G23*9.32,0) -> 909088 | D24: 24732
A25: Реконструкция силовых и осветительных сетей | B25: ='Сводка затрат'!H24 -> 49502 | C25: =ROUND('Сводка затрат'!D24*5.56,0)+ROUND('Сводка затрат'!E24*5.56,0)+ROUND('Сводка затрат'!F24*4.19,0)+ROUND('Сводка затрат'!G24*9.32,0) -> 274537 | D25: 24736
A26: Реконструкция пожарной сигнализации | B26: ='Сводка затрат'!H25 -> 19458 | C26: =ROUND('Сводка затрат'!D25*5.56,0)+ROUND('Сводка затрат'!E25*5.56,0)+ROUND('Сводка затрат'!F25*4.19,0)+ROUND('Сводка затрат'!G25*9.32,0) -> 111371 | D26: 24738
A27: Комната переговоров
A28: Архитектурно-строительные решения | B28: ='Сводка затрат'!H27 -> 28285 | C28: =ROUND('Сводка затрат'!D27*5.56,0)+ROUND('Сводка затрат'!E27*5.56,0)+ROUND('Сводка затрат'!F27*4.19,0)+ROUND('Сводка затрат'!G27*9.32,0) -> 157265 | D28: 24668
A29: Реконструкция отопления | B29: ='Сводка затрат'!H28 -> 1044 | C29: =ROUND('Сводка затрат'!D28*5.56,0)+ROUND('Сводка затрат'!E28*5.56,0)+ROUND('Сводка затрат'!F28*4.19,0)+ROUND('Сводка затрат'!G28*9.32,0) -> 5805 | D29: 24692
A30: Реконструкция водопровода и канализации | B30: ='Сводка затрат'!H29 -> 2324 | C30: =ROUND('Сводка затрат'!D29*5.56,0)+ROUND('Сводка затрат'!E29*5.56,0)+ROUND('Сводка затрат'!F29*4.19,0)+ROUND('Сводка затрат'!G29*9.32,0) -> 12921 | D30: 24709
A31: Реконструкция силовых и осветительных сетей | B31: ='Сводка затрат'!H30 -> 28811 | C31: =ROUND('Сводка затрат'!D30*5.56,0)+ROUND('Сводка затрат'!E30*5.56,0)+ROUND('Сводка затрат'!F30*4.19,0)+ROUND('Сводка затрат'!G30*9.32,0) -> 160189 | D31: 24710
A32: Реконструкция автоматической пожарной сигнализации | B32: ='Сводка затрат'!H31 -> 747 | C32: =ROUND('Сводка затрат'!D31*5.56,0)+ROUND('Сводка затрат'!E31*5.56,0)+ROUND('Сводка затрат'!F31*4.19,0)+ROUND('Сводка затрат'!G31*9.32,0) -> 4153 | D32: 24711
A33: Итого | B33: =SUM(B16:B32) -> 417627 | C33: =SUM(C16:C32) -> 2324497
A35: НДС 18% | C35: =ROUND(C33*18%,2) -> 418409.46
A37: Всего | C37: =SUM(C33:C36) -> 2742906.5
A40: Начальник отдела
A41: капитального строительства | C41: Л.В. Грибанова
A43: Инженер по проектно-сметной работе | C43: Т.Ш. Ковязина
A46: Согласовано | C46: отдел 028

Sheet Сводка затрат
A1: Приложение №__ к договору от "__"______2013 №_______
A3: г. Лесной. ФГУП "Комбинат "Электрохимприбор"
A5: Сводка затрат
A7: Выполнение строительно-монтажных работ по реконструкции гостиницы «Лесная»
A8: ФГУП «Комбинат «Электрохимприбор»
A10: Составлен в ценах по состоянию на 01.01.2000 г.
A11: № п/п | B11: Номера сметных расчетов и смет | C11: Наименование работ и затрат | D11: Сметная стоимость | H11: Общая сметная стоимость, руб.
D12: строительных работ | E12: монтажных работ | F12: оборудования, мебели, инвентаря | G12: прочих затрат
A13: 1 | B13: 2 | C13: 3 | D13: 4 | E13: 5 | F13: 6 | G13: 7 | H13: 8
C14: Гостиница "Лесная", бильярдная
A15: 1 | B15: 24657 | C15: Архитектурно-строительные решения | D15: ='24657'!J129 -> 54067 | E15: 0 | F15: 0 | G15: 0 | H15: =SUM(D15:G15) -> 54067
A16: 2 | B16: 24690 | C16: Реконструкция отопления | D16: ='24690'!J53 -> 3272 | E16: 0 | F16: 0 | G16: 0 | H16: =SUM(D16:G16) -> 3272
A17: 3 | B17: 24733 | C17: Реконструкция силовых и осветительных сетей | D17: ='24733'!J92 -> 1405 | E17: ='24733'!J93 -> 26012 | F17: 0 | G17: 0 | H17: =SUM(D17:G17) -> 27417
A18: 4 | B18: 24734 | C18: Реконструкция пожарной сигнализации | D18: =0 -> 0 | E18: ='24734'!J54 -> 1476 | F18: 0 | G18: 0 | H18: =SUM(D18:G18) -> 1476
C19: Гостиница "Лесная", гостиничный номер 4 этажа
A20: 5 | B20: 24727 | C20: Реконструкция водопровода и канализации | D20: ='24727'!J89 -> 18381 | E20: 0 | F20: 0 | G20: 0 | H20: =SUM(D20:G20) -> 18381
A21: 6 | B21: 24729 | C21: Реконструкция отопления | D21: ='24729'!J63 -> 15147 | E21: 0 | F21: 0 | G21: 0 | H21: =SUM(D21:G21) -> 15147
A22: 7 | B22: 24730 | C22: Реконструкция вентиляции | D22: ='24730'!J56 -> 4191 | E22: 0 | F22: 0 | G22: 0 | H22: =SUM(D22:G22) -> 4191
A23: 8 | B23: 24732 | C23: Архитектурно-строительные решения | D23: ='24732'!J207 -> 163505 | E23: 0 | F23: 0 | G23: 0 | H23: =SUM(D23:G23) -> 163505
A24: 9 | B24: 24736 | C24: Реконструкция силовых и осветительных сетей | D24: ='24736'!K113 -> 2726 | E24: ='24736'!K114 -> 46269 | F24: ='24736'!K115 -> 507 | G24: 0 | H24: =SUM(D24:G24) -> 49502
A25: 10 | B25: 24738 | C25: Реконструкция пожарной сигнализации | D25: 0 | E25: ='24738'!K70 -> 6606 | F25: ='24738'!K71 -> 8799 | G25: ='24738'!K72 -> 4053 | H25: =SUM(D25:G25) -> 19458
C26: Гостиница "Лесная", комната переговоров
A27: 11 | B27: 24668 | C27: Архитектурно-строительные решения | D27: ='24668'!J128 -> 28285 | E27: 0 | F27: 0 | G27: 0 | H27: =SUM(D27:G27) -> 28285
A28: 12 | B28: 24692 | C28: Реконструкция отопления | D28: ='24692'!J52 -> 1044 | E28: 0 | F28: 0 | G28: 0 | H28: =SUM(D28:G28) -> 1044
A29: 13 | B29: 24709 | C29: Реконструкция водопровода и канализации | D29: ='24709'!J58 -> 2324 | E29: 0 | F29: 0 | G29: 0 | H29: =SUM(D29:G29) -> 2324
A30: 14 | B30: 24710 | C30: Реконструкция силовых и осветительных сетей | D30: ='24710'!J94 -> 1614 | E30: ='24710'!J95 -> 27197 | F30: 0 | G30: 0 | H30: =SUM(D30:G30) -> 28811
A31: 15 | B31: 24711 | C31: Реконструкция автоматической пожарной сигнализации | D31: 0 | E31: ='24711'!J57 -> 747 | F31: 0 | G31: 0 | H31: =SUM(D31:G31) -> 747
C32: Итого в базисных ценах 2000 г. | D32: =SUM(D15:D31) -> 295961 | E32: =SUM(E15:E31) -> 108307 | F32: =SUM(F15:F31) -> 9306 | G32: =SUM(G15:G31) -> 4053 | H32: =SUM(D32:G32) -> 417627
C33: Всего в ценах 2012 (Ксмр=5,56, Коб.=4,19, Кпнр=9,32) | D33: =ROUND(D32*5.56,0)+1 -> 1645544 | E33: =ROUND(E32*5.56,0) -> 602187 | F33: =ROUND(F32*4.19,0) -> 38992 | G33: =ROUND(G32*9.32,0) -> 37774 | H33: =SUM(D33:G33) -> 2324497
C34: НДС 18% | D34: =ROUND(D33*18%,2) -> 296197.92 | E34: =ROUND(E33*18%,2) -> 108393.66 | F34: =ROUND(F33*18%,2) -> 7018.56 | G34: =ROUND(G33*18%,2) -> 6799.32 | H34: =SUM(D34:G34) -> 418409.46
C35: Всего в ценах 2012 с НДС | D35: =SUM(D33:D34) -> 1941741.9 | E35: =SUM(E33:E34) -> 710580.66 | F35: =SUM(F33:F34) -> 46010.56 | G35: =SUM(G33:G34) -> 44573.32 | H35: =SUM(D35:G35) -> 2742906.5
C39: ЗАКАЗЧИК: | H39: ПОДРЯДЧИК:
C40: Генеральный директор
C41: ФГУП "Комбинат "Электрохимприбор"
C43: __________________ А.В. Новиков
